Workbook

Sheet FY2026-FY2015
C1: General Fund
E2: Final Budget | I2: Audited | J2: Final Budget
C3: Description | D3: % of Total Rev | E3: 2026 | G3: % 2025 Audit v Bud | H3: $ 2025 Audit v Bud | I3: 2025 | J3: 2025 | L3: % 2024 v 2023 | M3: $ 2024 v 2023 | N3: 2024 | O3: =N3-1 -> 2023 | P3: =O3-1 -> 2022 | Q3: =P3-1 -> 2021 | R3: =Q3-1 -> 2020 | S3: =R3-1 -> 2019 | T3: =S3-1 -> 2018 | U3: =T3-1 -> 2017 | V3: =U3-1 -> 2016 | W3: =V3-1 -> 2015 | X3: % of Total Rev | Y3: % Change from 2015 - 2026
C4: Revenue
C5: Local Sources | D5: =+E5/E$9 -> 0.0096802561 | E5: 579000 | G5: =IFERROR(+H5/J5,0) -> -0.033924242 | H5: =+J5-I5 -> -20151 | I5: 614151 | J5: 594000 | L5: =IFERROR(+M5/O5,0) -> 0.031902819 | M5: =+O5-N5 -> 24117 | N5: 731835 | O5: 755952 | P5: 582494 | Q5: 46991384 | R5: 41543182 | S5: 41248262 | T5: =39206004 -> 39206004 | U5: 37219831 | V5: 37355817 | W5: 36219518 | X5: =+W5/W$9 -> 0.71863652
C6: State Sources | D6: =+E6/E$9 -> 0.99031974 | E6: =+E10 -> 59233467 | G6: =IFERROR(+H6/J6,0) -> 0.039285228 | H6: =+J6-I6 -> 2390274 | I6: 58453818 | J6: 60844092 | L6: =IFERROR(+M6/O6,0) -> -0.05867967 | M6: =+O6-N6 -> -3197619 | N6: 57690410 | O6: 54492791 | P6: 58888252 | Q6: 7930203 | R6: 11721372 | S6: 12798551 | T6: 13802093 | U6: 13456581 | V6: 13518543 | W6: 14118603 | X6: =+W6/W$9 -> 0.28012918
C7: Federal Sources | D7: =+E7/E$9 -> 0 | G7: =IFERROR(+H7/J7,0) -> 0 | H7: =+J7-I7 -> 0 | L7: =IFERROR(+M7/O7,0) -> 0 | M7: =+O7-N7 -> 0 | R7: 20416 | S7: 0 | T7: 0 | U7: 29015 | V7: 43384 | W7: 52644 | X7: =+W7/W$9 -> 0.001044517
C8: Other Sources | D8: =+E8/E$9 -> 0 | I8: =18515+1089 -> 19604 | L8: =IFERROR(+M8/O8,0) -> 1.4794084 | M8: =+O8-N8 -> 56219 | N8: =-21657+3439 -> -18218 | O8: =18915+19086 -> 38001 | P8: =-9089+32870 -> 23781 | Q8: =30916+59646 -> 90562 | R8: =-9402+25210 -> 15808 | S8: =6012+5391 -> 11403 | T8: =1767+16502 -> 18269 | U8: 23475 | V8: =-9663+9004 -> -659 | W8: 9565 | X8: =+W8/W$9 -> 0.0001897805
C9: Total Revenue | D9: =+E9/E$9 -> 1 | E9: =SUM(E4:E8) -> 59812467 | G9: =IFERROR(+H9/J9,0) -> 0.038258333 | H9: =+J9-I9 -> 2350519 | I9: =SUM(I4:I8) -> 59087573 | J9: =SUM(J4:J8) -> 61438092 | L9: =IFERROR(+M9/O9,0) -> -0.056383914 | M9: =+O9-N9 -> -3117283 | N9: =SUM(N4:N8) -> 58404027 | O9: =SUM(O4:O8) -> 55286744 | P9: =SUM(P4:P8) -> 59494527 | Q9: =SUM(Q4:Q8) -> 55012149 | R9: =SUM(R4:R8) -> 53300778 | S9: =SUM(S4:S8) -> 54058216 | T9: =SUM(T4:T8) -> 53026366 | U9: =SUM(U4:U8) -> 50728902 | ... W9: =SUM(W4:W8) -> 50400330 | X9: =+W9/W$9 -> 1 | Y9: =IFERROR(+E9/W9-1,0) -> 0.18674753
C10: =+E9-I9 -> 724894 | D10: =+C10/I9 -> 0.01226813 | E10: =3977265+5428400+49827802 -> 59233467 | G10: =+E9-E10 -> 579000 | H10: =+I9/N9-1 -> 0.011703748
C11: Expenditures
A12: 100 | B12: 1000 | C12: Regular Programs | D12: =+E12/E$9 -> 0.43050505 | E12: 25749569 | G12: =IFERROR(+H12/J12,0) -> -0.025072591 | H12: =+J12-I12 -> -638180 | I12: 26091473 | J12: 25453293 | L12: =IFERROR(+M12/O12,0) -> -0.11106352 | M12: =+O12-N12 -> -2635709 | N12: 26367255 | O12: 23731546 | P12: 24043897 | Q12: 23770863 | R12: 23940497 | S12: 23181589 | T12: 23223660 | U12: 22003433 | V12: 22298368 | W12: 21832519 | X12: =+W12/W$9 -> 0.43318206 | Y12: =IFERROR(+E12/W12-1,0) -> 0.17941356
A13: 200 | B13: 1000 | C13: Special Programs | D13: =+E13/E$9 -> 0 | G13: =IFERROR(+H13/J13,0) -> 0 | H13: =+J13-I13 -> 0 | I13: 0 | J13: 0 | L13: =IFERROR(+M13/O13,0) -> 0 | M13: =+O13-N13 -> 0 | N13: 0 | O13: 0 | P13: 3610338 | Q13: 0 | R13: 0 | S13: 0 | T13: 0 | U13: 0 | V13: 0 | X13: =+W13/W$9 -> 0
A14: 300 | B14: 1000 | C14: Vocational | D14: =+E14/E$9 -> 0.015018591 | E14: 898299 | G14: =IFERROR(+H14/J14,0) -> -0.038390421 | H14: =+J14-I14 -> -31330 | I14: 847419 | J14: 816089 | L14: =IFERROR(+M14/O14,0) -> -0.18857922 | M14: =+O14-N14 -> -125570 | N14: 791444 | O14: 665874 | P14: 680474 | Q14: 848351 | R14: 813805 | S14: 817917 | T14: 843819 | U14: 843983 | V14: 890201 | W14: 697563 | X14: =+W14/W$9 -> 0.013840445 | Y14: =IFERROR(+E14/W14-1,0) -> 0.28776756
A15: 600 | B15: 1000 | C15: Adult Education | D15: =+E15/E$9 -> 0 | G15: =IFERROR(+H15/J15,0) -> 0 | H15: =+J15-I15 -> 0 | I15: 0 | J15: 0 | L15: =IFERROR(+M15/O15,0) -> 0 | M15: =+O15-N15 -> 0 | O15: 0 | P15: 0 | Q15: 0 | R15: 0 | S15: 0 | T15: 0 | U15: 0 | V15: 0 | X15: =+W15/W$9 -> 0
A16: 900 | B16: 1000 | C16: Extra and Cocurricular | D16: =+E16/E$9 -> 0.010902627 | E16: =194902+457211 -> 652113 | G16: =IFERROR(+H16/J16,0) -> -0.076749512 | H16: =+J16-I16 -> -49764 | I16: 698159 | J16: =202152+446243 -> 648395 | L16: =IFERROR(+M16/O16,0) -> -0.10935509 | M16: =+O16-N16 -> -63845 | N16: 647677 | O16: 583832 | P16: 540868 | Q16: 433684 | R16: 528054 | S16: =153393+350139 -> 503532 | T16: 529309 | U16: 504412 | V16: 499105 | W16: 494989 | X16: =+W16/W$9 -> 0.009821146 | Y16: =IFERROR(+E16/W16-1,0) -> 0.31742928
A17: 400 | B17: 1000 | C17: Other Instructional | D17: =+E17/E$9 -> 0.025017811 | E17: =1381162+115215 -> 1496377 | G17: =IFERROR(+H17/J17,0) -> -0.12815908 | H17: =+J17-I17 -> -176427 | I17: 1553052 | J17: =1241910+134715 -> 1376625 | L17: =IFERROR(+M17/O17,0) -> 0.22161205 | M17: =+O17-N17 -> 366018 | N17: 1285598 | O17: 1651616 | P17: 1559521 | Q17: 1796188 | R17: 1740005 | S17: 1678720 | T17: 1639952 | U17: 1621300 | V17: 1614534 | W17: 1555271 | X17: =+W17/W$9 -> 0.03085835 | Y17: =IFERROR(+E17/W17-1,0) -> -0.037867356
B18: 3000 | C18: Community Services | D18: =+E18/E$9 -> 0 | G18: =IFERROR(+H18/J18,0) -> 0 | H18: =+J18-I18 -> 0 | I18: 0 | L18: =IFERROR(+M18/O18,0) -> 0 | M18: =+O18-N18 -> 0 | X18: =+W18/W$9 -> 0
B19: 2100 | C19: Student Support | D19: =+E19/E$9 -> 0.068232832 | E19: 4081174 | G19: =IFERROR(+H19/J19,0) -> -0.091241063 | H19: =+J19-I19 -> -358698 | I19: 4290020 | J19: 3931322 | L19: =IFERROR(+M19/O19,0) -> -0.25419582 | M19: =+O19-N19 -> -824566 | N19: 4068388 | O19: 3243822 | P19: 2938044 | Q19: 2713693 | R19: 2650416 | S19: 2552319 | T19: 2515678 | U19: 2425889 | V19: 2411128 | W19: 2353463 | X19: =+W19/W$9 -> 0.046695389 | Y19: =IFERROR(+E19/W19-1,0) -> 0.73411437
B20: 2200 | C20: Instructional Staff Support | D20: =+E20/E$9 -> 0.024620269 | E20: 1472599 | G20: =IFERROR(+H20/J20,0) -> 0.0026037176 | H20: =+J20-I20 -> 3639 | I20: 1393978 | J20: 1397617 | L20: =IFERROR(+M20/O20,0) -> -0.082196042 | M20: =+O20-N20 -> -103574 | N20: 1363659 | O20: 1260085 | P20: 1151545 | Q20: 1218660 | R20: 1195312 | S20: 1222032 | T20: 1186674 | U20: 1110507 | V20: 1083057 | W20: 1170410 | X20: =+W20/W$9 -> 0.023222269 | Y20: =IFERROR(+E20/W20-1,0) -> 0.25819072
B21: 2300 | C21: General Admin | D21: =+E21/E$9 -> 0.018462004 | E21: 1104258 | G21: =IFERROR(+H21/J21,0) -> 0.035871781 | H21: =+J21-I21 -> 43446 | I21: 1167701 | J21: 1211147 | L21: =IFERROR(+M21/O21,0) -> -0.42210577 | M21: =+O21-N21 -> -354484 | N21: 1194283 | O21: 839799 | P21: 559549 | Q21: 520113 | R21: 540943 | S21: 494028 | T21: 620788 | U21: 508548 | V21: 564339 | W21: 601407 | X21: =+W21/W$9 -> 0.0119326 | Y21: =IFERROR(+E21/W21-1,0) -> 0.83612429
B22: 2400 | C22: School Admin | D22: =+E22/E$9 -> 0.096674795 | E22: 5782358 | G22: =IFERROR(+H22/J22,0) -> -0.026282903 | H22: =+J22-I22 -> -146317 | I22: 5713320 | J22: 5567003 | L22: =IFERROR(+M22/O22,0) -> -0.18149644 | M22: =+O22-N22 -> -850611 | N22: 5537265 | O22: 4686654 | P22: 4702143 | Q22: 4571372 | R22: 4640348 | S22: 4629819 | T22: 4532689 | U22: 4460265 | V22: 4390233 | W22: 4224923 | X22: =+W22/W$9 -> 0.083827288 | Y22: =IFERROR(+E22/W22-1,0) -> 0.36863039
B23: 2500 | C23: Central Services | D23: =+E23/E$9 -> 0.044313036 | E23: 2650472 | G23: =IFERROR(+H23/J23,0) -> 0.052935076 | H23: =+J23-I23 -> 146997 | I23: 2629933 | J23: 2776930 | L23: =IFERROR(+M23/O23,0) -> -0.10445765 | M23: =+O23-N23 -> -220747 | N23: 2334015 | O23: 2113268 | P23: 2219839 | Q23: 1957897 | R23: 1908362 | S23: 1959263 | T23: 1858376 | U23: 2037145 | V23: 2000349 | W23: 1842395 | X23: =+W23/W$9 -> 0.036555217 | Y23: =IFERROR(+E23/W23-1,0) -> 0.43860139
B24: 2600 | C24: Operations and Maintenance | D24: =+E24/E$9 -> 0.15414768 | E24: 9219953 | G24: =IFERROR(+H24/J24,0) -> 0.051037799 | H24: =+J24-I24 -> 461362 | I24: 8578252 | J24: 9039614 | L24: =IFERROR(+M24/O24,0) -> -0.13297967 | M24: =+O24-N24 -> -1055009 | N24: 8988620 | O24: 7933611 | P24: 7404702 | Q24: 7096878 | R24: 7277101 | S24: 6967627 | T24: 6903401 | U24: 6514568 | V24: 6913432 | W24: 6591666 | X24: =+W24/W$9 -> 0.13078617 | Y24: =IFERROR(+E24/W24-1,0) -> 0.39872879
B25: 2700 | C25: Student Transportation | D25: =+E25/E$9 -> 0.074825705 | E25: 4475510 | G25: =IFERROR(+H25/J25,0) -> 0.12295565 | H25: =+J25-I25 -> 572814 | I25: 4085890 | J25: 4658704 | L25: =IFERROR(+M25/O25,0) -> -0.4057579 | M25: =+O25-N25 -> -1317687 | N25: 4565158 | O25: 3247471 | P25: 3835158 | Q25: 3557877 | R25: 3465564 | S25: 3454141 | T25: 3298899 | U25: 3147481 | V25: 3217340 | W25: 3301776 | X25: =+W25/W$9 -> 0.065511 | Y25: =IFERROR(+E25/W25-1,0) -> 0.35548565
B26: 2900 | C26: Other Support | D26: =+E26/E$9 -> 0.0048752378 | E26: 291600 | G26: =IFERROR(+H26/J26,0) -> 0.52753656 | H26: =+J26-I26 -> 201261 | I26: 180250 | J26: 381511 | L26: =IFERROR(+M26/O26,0) -> -0.021049055 | M26: =+O26-N26 -> -5204 | N26: 252436 | O26: 247232 | P26: 913250 | Q26: 112329 | R26: 147378 | S26: 167651 | T26: 152659 | U26: 141343 | V26: 83439 | W26: 51960 | X26: =+W26/W$9 -> 0.0010309456 | Y26: =IFERROR(+E26/W26-1,0) -> 4.6120092
B27: 4000 | C27: Facilities Capital | D27: =+E27/E$9 -> 0.0077241422 | E27: =122000+340000 -> 462000 | G27: =IFERROR(+H27/J27,0) -> 0.20466245 | H27: =+J27-I27 -> 97010 | I27: 376990 | J27: =119000+355000 -> 474000 | L27: =IFERROR(+M27/O27,0) -> -0.45386077 | M27: =+O27-N27 -> -135708 | N27: =159731+274985 -> 434716 | O27: 299008 | P27: 321344 | Q27: 509250 | R27: 903301 | S27: 603 | T27: 110649 | U27: 1064 | X27: =+W27/W$9 -> 0
B28: 8000 | C28: Debt | D28: =+E28/E$9 -> 0 | G28: =IFERROR(+H28/J28,0) -> 0 | H28: =+J28-I28 -> 0 | L28: =IFERROR(+M28/O28,0) -> 0.38290005 | M28: =+O28-N28 -> 200161 | N28: 322589 | O28: =507000+15750 -> 522750 | P28: =496000+26966 -> 522966 | Q28: =485000+37946 -> 522946 | R28: =474000+48668 -> 522668 | S28: =418000+58388 -> 476388 | T28: =446000+68265 -> 514265 | U28: =422000+77895 -> 499895 | V28: =399000+87006 -> 486006 | W28: =380000+95660 -> 475660 | X28: =+W28/W$9 -> 0.0094376366 | Y28: =IFERROR(+E28/W28-1,0) -> -1
B29: 9000 | C29: Transfers to Other Funds | D29: =+E29/E$9 -> 0.11034489 | E29: 6600000 | G29: =IFERROR(+H29/J29,0) -> 0.014925373 | H29: =+J29-I29 -> 100000 | I29: 6600000 | J29: 6700000 | L29: =IFERROR(+M29/O29,0) -> -0.28846154 | M29: =+O29-N29 -> -1500000 | N29: 6700000 | O29: 5200000 | P29: 1395956 | Q29: 4000000 | R29: 3800000 | S29: 4200000 | T29: 4300000 | U29: 4261000 | V29: 4920000 | W29: 5200000 | X29: =+W29/W$9 -> 0.10317393 | Y29: =IFERROR(+E29/W29-1,0) -> 0.26923077
C32: Total Expenditures (exc. EFB & Cont) | D32: =+E32/E$9 -> 1.0856647 | E32: =SUM(E11:E31) -> 64936282 | G32: =IFERROR(+H32/J32,0) -> 0.003504658 | H32: =+J32-I32 -> 225813 | I32: =SUM(I11:I31) -> 64206437 | J32: =SUM(J11:J31) -> 64432250 | L32: =IFERROR(+M32/O32,0) -> -0.15342453 | M32: =+O32-N32 -> -8626535 | N32: =SUM(N11:N31) -> 64853103 | O32: =SUM(O11:O31) -> 56226568 | P32: =SUM(P11:P31) -> 56399594 | Q32: =SUM(Q11:Q31) -> 53630101 | R32: =SUM(R11:R31) -> 54073754 | S32: =SUM(S11:S31) -> 52305629 | T32: =SUM(T11:T31) -> 52230818 | U32: =SUM(U11:U31) -> 50080833 | ... W32: =SUM(W11:W31) -> 50394002 | X32: =+W32/W$9 -> 0.99987445 | Y32: =IFERROR(+E32/W32-1,0) -> 0.28857164
C34: Net Change in Fund Balance | D34: =+E34/E$9 -> -0.085664666 | E34: =E9-E32 -> -5123815 | G34: =IFERROR(+H34/J34,0) -> -0.70961719 | H34: =H9-H32 -> 2124706 | I34: =I9-I32 -> -5118864 | J34: =J9-J32 -> -2994158 | L34: =IFERROR(+M34/O34,0) -> -5.8620039 | M34: =+O34-N34 -> 5509252 | N34: =N9-N32 -> -6449076 | O34: =O9-O32 -> -939824 | P34: =P9-P32 -> 3094933 | Q34: =Q9-Q32 -> 1382048 | R34: =R9-R32 -> -772976 | S34: =S9-S32 -> 1752587 | T34: =T9-T32 -> 795548 | U34: =U9-U32 -> 648069 | ... W34: =W9-W32 -> 6328 | X34: =+W34/W$9 -> 0.00012555473 | Y34: =IFERROR(+E34/W34-1,0) -> -810.70528
C36: Ending Fund Balance | D36: =+E36/E$9 -> -0.10152944 | E36: =+I36+E34 -> -6072726 | G36: =H36+G34 -> 1175794.3 | H36: =I36+H34 -> 1175795 | I36: =I34+N36 -> -948911 | J36: =N36+J34 -> 1175795 | L36: =IFERROR(+M36/O36,0) -> 0.60731315 | M36: =+O36-N36 -> 6449076 | N36: =O36+N34 -> 4169953 | O36: =P36+O34 -> 10619029 | P36: =Q36+P34 -> 11558853 | Q36: =R36+Q34 -> 8463920 | R36: =S36+R34 -> 7081872 | S36: =T36+S34 -> 7854848 | T36: =U36+T34 -> 6102261 | U36: =V36+U34 -> 5306713 | V36: =W36+V34 -> 4658644 | W36: 5113090 | X36: =+W36/W$9 -> 0.10144953 | Y36: =IFERROR(+E36/W36-1,0) -> -2.1876822
C38: Total Exp. Increase/-Decrease Fm Prior Year | E38: =E32-J32 -> 504032 | I38: =I32-J32 -> -225813 | J38: =J32-N32 -> -420853 | N38: =N32-O32 -> 8626535 | O38: =O32-P32 -> -173026 | P38: =P32-Q32 -> 2769493 | Q38: =Q32-R32 -> -443653 | R38: =R32-S32 -> 1768125 | S38: =S32-T32 -> 74811 | T38: =T32-U32 -> 2149985 | U38: =U32-V32 -> -1290698 | V38: =V32-W32 -> 977529
C39: EFB Increase/-Decrease Fm Base Year | E39: =E36-$W$36 -> -11185816 | I39: =I36-$W$36 -> -6062001 | J39: =J36-$W$36 -> -3937295 | N39: =N36-$W$36 -> -943137 | O39: =O36-$W$36 -> 5505939 | P39: =P36-$W$36 -> 6445763 | Q39: =Q36-$W$36 -> 3350830 | R39: =R36-$W$36 -> 1968782 | S39: =S36-$W$36 -> 2741758 | T39: =T36-$W$36 -> 989171 | U39: =U36-$W$36 -> 193623 | V39: =V36-$W$36 -> -454446 | W39: 0
C41: % Change Revenue fm PY | E41: =+E9/J9-1 -> -0.026459562 | I41: =+I9/N9-1 -> 0.011703748 | J41: =+J9/N9-1 -> 0.051949586 | N41: =+N9/O9-1 -> 0.056383914 | O41: =+O9/P9-1 -> -0.070725548 | P41: =+P9/Q9-1 -> 0.081479784 | Q41: =+Q9/R9-1 -> 0.032107805 | R41: =+R9/S9-1 -> -0.014011524 | S41: =+S9/T9-1 -> 0.019459188 | T41: =+T9/U9-1 -> 0.045289054 | U41: =+U9/V9-1 -> -0.0036958714 | V41: =+V9/W9-1 -> 0.010253008
C42: % Change Revenue fm Base (2018) | E42: =+E9/$T9-1 -> 0.12797598 | I42: =+I9/$T9-1 -> 0.11430553 | J42: =+J9/$T9-1 -> 0.1586329 | N42: =+N9/$T9-1 -> 0.10141485 | O42: =+O9/$T9-1 -> 0.042627436 | P42: =+P9/$T9-1 -> 0.12198009 | Q42: =+Q9/$T9-1 -> 0.037448974 | R42: =+R9/$T9-1 -> 0.0051750105 | S42: =+S9/$T9-1 -> 0.019459188
E43: =+E32*-0.03 -> -1948088.5 | J43: =+E39/E32 -> -0.17225834
C44: % Rev/Exp Applied to Total | E44: =(+Y32-Y9)*E32 -> 6612079.6 | J44: =+E39/E32 -> -0.17225834
I45: =+I9-P9 -> -406954 | N45: =+I32-P32 -> 7806843
E46: Est | J46: Est
B47: Enrollment | E47: 2026 | J47: 2025 | N47: 2024 | O47: =N47-1 -> 2023 | P47: =O47-1 -> 2022 | Q47: =P47-1 -> 2021 | R47: =Q47-1 -> 2020 | S47: =R47-1 -> 2019 | T47: =S47-1 -> 2018 | U47: =T47-1 -> 2017 | V47: =U47-1 -> 2016 | W47: =V47-1 -> 2015
C48: Full Enrollment | E48: 4727 | I48: 5024 | J48: 4880 | N48: 5024 | O48: 5264 | P48: =5281-32 -> 5249 | Q48: =5303.7-33 -> 5270.7 | R48: =5655+36 -> 5691 | S48: =5698+1 -> 5699 | T48: =5770.1-26 -> 5744.1 | Y48: =IFERROR(+E48/T48-1,0) -> -0.17706864 | Z48: =AVERAGE(N48:T48) -> 5420.2571 | AA48: =+Z49/Z48 -> 0.99334243
C49: Average Weighted Enrollment | E49: 4691 | I49: 4980.4 | J49: 4849 | N49: 4980.4 | O49: 5172.4 | P49: 5221 | Q49: 5249.5 | R49: =5665.5 -> 5665.5 | S49: 5676.2 | T49: =5724.2 -> 5724.2 | Y49: =IFERROR(+E49/T49-1,0) -> -0.18049684 | Z49: =AVERAGE(N49:T49) -> 5384.1714
A51: $$ Per Weighted Student | E51: 2026 | J51: 2025 | N51: 2024 | O51: =N51-1 -> 2023 | P51: =O51-1 -> 2022 | Q51: =P51-1 -> 2021 | R51: =Q51-1 -> 2020 | S51: =R51-1 -> 2019 | T51: =S51-1 -> 2018 | U51: =T51-1 -> 2017 | V51: =U51-1 -> 2016 | W51: =V51-1 -> 2015
C53: Local Sources | E53: =E5/E$49 -> 123.42784 | I53: =I5/I$49 -> 123.31359 | J53: =J5/J$49 -> 122.49948 | N53: =N5/N$49 -> 146.94302 | O53: =O5/O$49 -> 146.15111 | P53: =P5/P$49 -> 111.56752 | Q53: =Q5/Q$49 -> 8951.5923 | R53: =R5/R$49 -> 7332.6594 | S53: =S5/S$49 -> 7266.8796 | T53: =T5/T$49 -> 6849.1674 | U53: =IFERROR(U5/U$49," ") | V53: =IFERROR(V5/V$49," ") | W53: =IFERROR(W5/W$49," ")
C54: State Sources | E54: =E6/E$49 -> 12627.045 | I54: =I6/I$49 -> 11736.772 | J54: =J6/J$49 -> 12547.761 | N54: =N6/N$49 -> 11583.489 | O54: =O6/O$49 -> 10535.301 | P54: =P6/P$49 -> 11279.114 | Q54: =Q6/Q$49 -> 1510.6587 | R54: =R6/R$49 -> 2068.9034 | S54: =S6/S$49 -> 2254.7745 | T54: =T6/T$49 -> 2411.1829
C55: Federal Sources | E55: =E7/E$49 -> 0 | I55: =I7/I$49 -> 0 | J55: =J7/J$49 -> 0 | N55: =N7/N$49 -> 0 | O55: =O7/O$49 -> 0 | P55: =P7/P$49 -> 0 | Q55: =Q7/Q$49 -> 0 | R55: =R7/R$49 -> 3.6035654 | S55: =S7/S$49 -> 0 | T55: =T7/T$49 -> 0
C56: Other Sources | E56: =E8/E$49 -> 0 | I56: =I8/I$49 -> 3.93623 | J56: =J8/J$49 -> 0 | N56: =N8/N$49 -> -3.6579391 | O56: =O8/O$49 -> 7.3468796 | P56: =P8/P$49 -> 4.5548745 | Q56: =Q8/Q$49 -> 17.251548 | R56: =R8/R$49 -> 2.7902215 | S56: =S8/S$49 -> 2.0089144 | T56: =T8/T$49 -> 3.1915377
C57: Total Revenue | E57: =E9/E$49 -> 12750.473 | I57: =I9/I$49 -> 11864.022 | J57: =J9/J$49 -> 12670.26 | N57: =N9/N$49 -> 11726.774 | O57: =O9/O$49 -> 10688.799 | P57: =P9/P$49 -> 11395.236 | Q57: =Q9/Q$49 -> 10479.503 | R57: =R9/R$49 -> 9407.9566 | S57: =S9/S$49 -> 9523.663 | T57: =T9/T$49 -> 9263.5418 | Y57: =IFERROR(+E57/T57-1,0) -> 0.37641443
C58: Minimum Inflation | E58: =T$57*(1+'BLS Inflation Index'!I38)*(1+'BLS Inflation Index'!H38)*(1+'BLS Inflation Index'!G38)*(1+'BLS Inflation Index'!F38)*(1+'BLS Inflation Index'!E38)*(1+'BLS Inflation Index'!D38)*(1+'BLS Inflation Index'!C38)*(1.03) -> 11426.204 | I58: =X$57*(1+'BLS Inflation Index'!M38)*(1+'BLS Inflation Index'!L38)*(1+'BLS Inflation Index'!K38)*(1+'BLS Inflation Index'!J38)*(1+'BLS Inflation Index'!I38)*(1+'BLS Inflation Index'!H38)*(1+'BLS Inflation Index'!G38)*(1.03) -> 0 | J58: =T$57*(1+'BLS Inflation Index'!I38)*(1+'BLS Inflation Index'!H38)*(1+'BLS Inflation Index'!G38)*(1+'BLS Inflation Index'!F38)*(1+'BLS Inflation Index'!E38)*(1+'BLS Inflation Index'!D38)*(1+'BLS Inflation Index'!C38) -> 11093.402 | N58: =T$57*(1+'BLS Inflation Index'!I38)*(1+'BLS Inflation Index'!H38)*(1+'BLS Inflation Index'!G38)*(1+'BLS Inflation Index'!F38)*(1+'BLS Inflation Index'!E38)*(1+'BLS Inflation Index'!D38) -> 10862.24 | O58: =T$57*(1+'BLS Inflation Index'!I38)*(1+'BLS Inflation Index'!H38)*(1+'BLS Inflation Index'!G38)*(1+'BLS Inflation Index'!F38)*(1+'BLS Inflation Index'!E38) -> 10642.113 | P58: =T$57*(1+'BLS Inflation Index'!I38)*(1+'BLS Inflation Index'!H38)*(1+'BLS Inflation Index'!G38)*(1+'BLS Inflation Index'!F38) -> 10304.087 | Q58: =T$57*(1+'BLS Inflation Index'!I38)*(1+'BLS Inflation Index'!H38)*(1+'BLS Inflation Index'!G38) -> 9698.2532 | R58: =T$57*(1+'BLS Inflation Index'!I38)*(1+'BLS Inflation Index'!H38) -> 9561.8946 | S58: =$T$57*(1+'BLS Inflation Index'!I38) -> 9485.4868
C59: Maxiumum Inflation | E59: =T$57*(1+'BLS Inflation Index'!I39)*(1+'BLS Inflation Index'!H39)*(1+'BLS Inflation Index'!G39)*(1+'BLS Inflation Index'!F39)*(1+'BLS Inflation Index'!E39)*(1+'BLS Inflation Index'!D39)*(1+'BLS Inflation Index'!C39)*(1.03) -> 13376.596 | I59: =X$57*(1+'BLS Inflation Index'!M39)*(1+'BLS Inflation Index'!L39)*(1+'BLS Inflation Index'!K39)*(1+'BLS Inflation Index'!J39)*(1+'BLS Inflation Index'!I39)*(1+'BLS Inflation Index'!H39)*(1+'BLS Inflation Index'!G39)*(1.03) -> 0 | J59: =T$57*(1+'BLS Inflation Index'!I39)*(1+'BLS Inflation Index'!H39)*(1+'BLS Inflation Index'!G39)*(1+'BLS Inflation Index'!F39)*(1+'BLS Inflation Index'!E39)*(1+'BLS Inflation Index'!D39)*(1+'BLS Inflation Index'!C39) -> 12986.987 | N59: =T$57*(1+'BLS Inflation Index'!I39)*(1+'BLS Inflation Index'!H39)*(1+'BLS Inflation Index'!G39)*(1+'BLS Inflation Index'!F39)*(1+'BLS Inflation Index'!E39)*(1+'BLS Inflation Index'!D39) -> 12606.345 | O59: =T$57*(1+'BLS Inflation Index'!I39)*(1+'BLS Inflation Index'!H39)*(1+'BLS Inflation Index'!G39)*(1+'BLS Inflation Index'!F39)*(1+'BLS Inflation Index'!E39) -> 12158.661 | P59: =T$57*(1+'BLS Inflation Index'!I39)*(1+'BLS Inflation Index'!H39)*(1+'BLS Inflation Index'!G39)*(1+'BLS Inflation Index'!F39) -> 11439.735 | Q59: =T$57*(1+'BLS Inflation Index'!I39)*(1+'BLS Inflation Index'!H39)*(1+'BLS Inflation Index'!G39) -> 10518.961 | R59: =T$57*(1+'BLS Inflation Index'!I39)*(1+'BLS Inflation Index'!H39) -> 9825.9082 | S59: =$T$57*(1+'BLS Inflation Index'!I39) -> 9532.3971
E60: =E57/$T$57 -> 1.3764144 | J60: =J57/$T$57 -> 1.3677555 | N60: =N57/$T$57 -> 1.2659061 | O60: =O57/$T$57 -> 1.1538566 | P60: =P57/$T$57 -> 1.2301165 | Q60: =Q57/$T$57 -> 1.1312631 | R60: =R57/$T$57 -> 1.0155896 | S60: =S57/$T$57 -> 1.0280801 | T60: =T57/$T$57 -> 1 | Y60: =IFERROR(+E60/T60-1,0) -> 0.37641443
C61: Expenditures
A62: 100 | B62: 1000 | C62: Regular Programs | E62: =E12/E$49 -> 5489.1428 | I62: =I12/I$49 -> 5238.8308 | J62: =J12/J$49 -> 5249.184 | N62: =N12/N$49 -> 5294.2043 | O62: =O12/O$49 -> 4588.1111 | P62: =P12/P$49 -> 4605.2283 | Q62: =Q12/Q$49 -> 4528.2147 | R62: =R12/R$49 -> 4225.6636 | S62: =S12/S$49 -> 4083.9979 | T62: =T12/T$49 -> 4057.1014 | Y62: =IFERROR(+E62/T62-1,0) -> 0.35297155
A63: 200 | B63: 1000 | C63: Special Programs | E63: =E13/E$49 -> 0 | I63: =I13/I$49 -> 0 | J63: =J13/J$49 -> 0 | N63: =N13/N$49 -> 0 | O63: =O13/O$49 -> 0 | P63: =P13/P$49 -> 691.50316 | Q63: =Q13/Q$49 -> 0 | R63: =R13/R$49 -> 0 | S63: =S13/S$49 -> 0 | T63: =T13/T$49 -> 0 | Y63: =IFERROR(+E63/T63-1,0) -> 0
A64: 300 | B64: 1000 | C64: Vocational | E64: =E14/E$49 -> 191.49414 | I64: =I14/I$49 -> 170.15079 | J64: =J14/J$49 -> 168.30047 | N64: =N14/N$49 -> 158.91173 | O64: =O14/O$49 -> 128.73598 | P64: =P14/P$49 -> 130.33404 | Q64: =Q14/Q$49 -> 161.60606 | R64: =R14/R$49 -> 143.64222 | S64: =S14/S$49 -> 144.09587 | T64: =T14/T$49 -> 147.41256 | Y64: =IFERROR(+E64/T64-1,0) -> 0.29903539
A65: 600 | B65: 1000 | C65: Adult Education | E65: =E15/E$49 -> 0 | I65: =I15/I$49 -> 0 | J65: =J15/J$49 -> 0 | N65: =N15/N$49 -> 0 | O65: =O15/O$49 -> 0 | P65: =P15/P$49 -> 0 | Q65: =Q15/Q$49 -> 0 | R65: =R15/R$49 -> 0 | S65: =S15/S$49 -> 0 | T65: =T15/T$49 -> 0 | Y65: =IFERROR(+E65/T65-1,0) -> 0
A66: 900 | B66: 1000 | C66: Extra and Cocurricular | E66: =E16/E$49 -> 139.01364 | I66: =I16/I$49 -> 140.18131 | J66: =J16/J$49 -> 133.71726 | N66: =N16/N$49 -> 130.04518 | O66: =O16/O$49 -> 112.87449 | P66: =P16/P$49 -> 103.59471 | Q66: =Q16/Q$49 -> 82.614344 | R66: =R16/R$49 -> 93.205189 | S66: =S16/S$49 -> 88.709348 | T66: =T16/T$49 -> 92.468642 | Y66: =IFERROR(+E66/T66-1,0) -> 0.50335984
A67: 400 | B67: 1000 | C67: Other Instructional | E67: =E17/E$49 -> 318.98891 | I67: =I17/I$49 -> 311.83278 | J67: =J17/J$49 -> 283.89874 | N67: =N17/N$49 -> 258.13148 | O67: =O17/O$49 -> 319.31328 | P67: =P17/P$49 -> 298.70159 | Q67: =Q17/Q$49 -> 342.16363 | R67: =R17/R$49 -> 307.12294 | S67: =S17/S$49 -> 295.74715 | T67: =T17/T$49 -> 286.49453 | Y67: =IFERROR(+E67/T67-1,0) -> 0.1134206
B68: 2100 | C68: Student Support | E68: =E19/E$49 -> 870.00085 | I68: =I19/I$49 -> 861.38061 | J68: =J19/J$49 -> 810.74902 | N68: =N19/N$49 -> 816.87977 | O68: =O19/O$49 -> 627.14059 | P68: =P19/P$49 -> 562.73587 | Q68: =Q19/Q$49 -> 516.94314 | R68: =R19/R$49 -> 467.81679 | S68: =S19/S$49 -> 449.65276 | T68: =T19/T$49 -> 439.48115 | Y68: =IFERROR(+E68/T68-1,0) -> 0.97960903
B69: 2200 | C69: Instructional Staff Support | E69: =E20/E$49 -> 313.92006 | I69: =I20/I$49 -> 279.89278 | J69: =J20/J$49 -> 288.22788 | N69: =N20/N$49 -> 273.80512 | O69: =O20/O$49 -> 243.61708 | P69: =P20/P$49 -> 220.56024 | Q69: =Q20/Q$49 -> 232.14782 | R69: =R20/R$49 -> 210.98085 | S69: =S20/S$49 -> 215.29051 | T69: =T20/T$49 -> 207.30827 | Y69: =IFERROR(+E69/T69-1,0) -> 0.51426694
B70: 2300 | C70: General Admin | E70: =E21/E$49 -> 235.39928 | I70: =I21/I$49 -> 234.45928 | J70: =J21/J$49 -> 249.77253 | N70: =N21/N$49 -> 239.7966 | O70: =O21/O$49 -> 162.36157 | P70: =P21/P$49 -> 107.17276 | Q70: =Q21/Q$49 -> 99.078579 | R70: =R21/R$49 -> 95.480187 | S70: =S21/S$49 -> 87.034988 | T70: =T21/T$49 -> 108.44974 | Y70: =IFERROR(+E70/T70-1,0) -> 1.170584
B71: 2400 | C71: School Admin | E71: =E22/E$49 -> 1232.6493 | I71: =I22/I$49 -> 1147.1609 | J71: =J22/J$49 -> 1148.0724 | N71: =N22/N$49 -> 1111.8113 | O71: =O22/O$49 -> 906.08886 | P71: =P22/P$49 -> 900.62115 | Q71: =Q22/Q$49 -> 870.82046 | R71: =R22/R$49 -> 819.05357 | S71: =S22/S$49 -> 815.65466 | T71: =T22/T$49 -> 791.84672 | Y71: =IFERROR(+E71/T71-1,0) -> 0.55667668
B72: 2500 | C72: Central Services | E72: =E23/E$49 -> 565.01215 | I72: =I23/I$49 -> 528.05658 | J72: =J23/J$49 -> 572.68097 | N72: =N23/N$49 -> 468.64007 | O72: =O23/O$49 -> 408.56624 | P72: =P23/P$49 -> 425.17506 | Q72: =Q23/Q$49 -> 372.96828 | R72: =R23/R$49 -> 336.83911 | S72: =S23/S$49 -> 345.17159 | T72: =T23/T$49 -> 324.65253 | Y72: =IFERROR(+E72/T72-1,0) -> 0.74035962
B73: 2600 | C73: Operations and Maintenance | E73: =E24/E$49 -> 1965.4558 | I73: =I24/I$49 -> 1722.4022 | J73: =J24/J$49 -> 1864.2223 | N73: =N24/N$49 -> 1804.7988 | O73: =O24/O$49 -> 1533.8356 | P73: =P24/P$49 -> 1418.2536 | Q73: =Q24/Q$49 -> 1351.915 | R73: =R24/R$49 -> 1284.4587 | S73: =S24/S$49 -> 1227.5161 | T73: =T24/T$49 -> 1206.0028 | Y73: =IFERROR(+E73/T73-1,0) -> 0.62972742
B74: 2700 | C74: Student Transportation | E74: =E25/E$49 -> 954.0631 | I74: =I25/I$49 -> 820.39394 | J74: =J25/J$49 -> 960.75562 | N74: =N25/N$49 -> 916.62477 | O74: =O25/O$49 -> 627.84607 | P74: =P25/P$49 -> 734.56388 | Q74: =Q25/Q$49 -> 677.75541 | R74: =R25/R$49 -> 611.69606 | S74: =S25/S$49 -> 608.53053 | T74: =T25/T$49 -> 576.30743 | Y74: =IFERROR(+E74/T74-1,0) -> 0.65547596
B75: 2900 | C75: Other Support | E75: =E26/E$49 -> 62.161586 | I75: =I26/I$49 -> 36.191872 | J75: =J26/J$49 -> 78.678284 | N75: =N26/N$49 -> 50.685889 | O75: =O26/O$49 -> 47.798314 | P75: =P26/P$49 -> 174.9186 | Q75: =Q26/Q$49 -> 21.398038 | R75: =R26/R$49 -> 26.013238 | S75: =S26/S$49 -> 29.535781 | T75: =T26/T$49 -> 26.669054 | Y75: =IFERROR(+E75/T75-1,0) -> 1.3308508
B76: 4000 | C76: Facilities Capital | E76: =E27/E$49 -> 98.486463 | I76: =I27/I$49 -> 75.694723 | J76: =J27/J$49 -> 97.752114 | N76: =N27/N$49 -> 87.285359 | O76: =O27/O$49 -> 57.808367 | P76: =P27/P$49 -> 61.548362 | Q76: =Q27/Q$49 -> 97.009239 | R76: =R27/R$49 -> 159.43888 | S76: =S27/S$49 -> 0.10623304 | T76: =T27/T$49 -> 19.330037 | Y76: =IFERROR(+E76/T76-1,0) -> 4.094996
B77: 8000 | C77: Debt | E77: =E28/E$49 -> 0 | I77: =I28/I$49 -> 0 | J77: =J28/J$49 -> 0 | N77: =N28/N$49 -> 64.771705 | O77: =O28/O$49 -> 101.06527 | P77: =P28/P$49 -> 100.16587 | Q77: =Q28/Q$49 -> 99.618249 | R77: =R28/R$49 -> 92.254523 | S77: =S28/S$49 -> 83.927275 | T77: =T28/T$49 -> 89.840502 | Y77: =IFERROR(+E77/T77-1,0) -> -1
B78: 9000 | C78: Transfers to Other Funds | E78: =E29/E$49 -> 1406.9495 | I78: =I29/I$49 -> 1325.1948 | J78: =J29/J$49 -> 1381.7282 | N78: =N29/N$49 -> 1345.2735 | O78: =O29/O$49 -> 1005.336 | P78: =P29/P$49 -> 267.3733 | Q78: =Q29/Q$49 -> 761.97733 | R78: =R29/R$49 -> 670.72633 | S78: =S29/S$49 -> 739.93164 | T78: =T29/T$49 -> 751.19667 | Y78: =IFERROR(+E78/T78-1,0) -> 0.87294423
E79: =E30/E$49 -> 0 | I79: =I30/I$49 -> 0 | J79: =J30/J$49 -> 0 | N79: =N30/N$49 -> 0 | O79: =O30/O$49 -> 0 | P79: =P30/P$49 -> 0 | Q79: =Q30/Q$49 -> 0 | R79: =R30/R$49 -> 0 | S79: =S30/S$49 -> 0 | T79: =T30/T$49 -> 0
E80: =E31/E$49 -> 0 | I80: =I31/I$49 -> 0 | J80: =J31/J$49 -> 0 | N80: =N31/N$49 -> 0 | O80: =O31/O$49 -> 0 | P80: =P31/P$49 -> 0 | Q80: =Q31/Q$49 -> 0 | R80: =R31/R$49 -> 0 | S80: =S31/S$49 -> 0 | T80: =T31/T$49 -> 0
C81: Total Expenditures (exc. EFB & Cont) | E81: =E32/E$49 -> 13842.738 | I81: =I32/I$49 -> 12891.823 | J81: =J32/J$49 -> 13287.74 | N81: =N32/N$49 -> 13021.666 | O81: =O32/O$49 -> 10870.499 | P81: =P32/P$49 -> 10802.45 | Q81: =Q32/Q$49 -> 10216.23 | R81: =R32/R$49 -> 9544.3922 | S81: =S32/S$49 -> 9214.9024 | T81: =T32/T$49 -> 9124.562 | Y81: =IFERROR(+E81/T81-1,0) -> 0.51708515
E82: =E81/$T$81 -> 1.5170852 | I82: =I81/$T$81 -> 1.4128704 | J82: =J81/$T$81 -> 1.4562606 | N82: =N81/$T$81 -> 1.4271003 | O82: =O81/$T$81 -> 1.1913447 | P82: =P81/$T$81 -> 1.183887 | Q82: =Q81/$T$81 -> 1.1196406 | R82: =R81/$T$81 -> 1.046011 | S82: =S81/$T$81 -> 1.0099008 | T82: =T81/$T$81 -> 1
C83: Net Change in Fund Balance | E83: =E34/E$49 -> -1092.265 | I83: =I34/I$49 -> -1027.8018 | J83: =J34/J$49 -> -617.47948 | N83: =N34/N$49 -> -1294.8912 | O83: =O34/O$49 -> -181.69979 | P83: =P34/P$49 -> 592.78548 | Q83: =Q34/Q$49 -> 263.27231 | R83: =R34/R$49 -> -136.43562 | S83: =S34/S$49 -> 308.76061 | T83: =T34/T$49 -> 138.97977
C85: Eding Fund Balance | E85: =E36/E$49 -> -1294.5483 | J85: =J36/J$49 -> 242.48196 | N85: =N36/N$49 -> 837.27271 | O85: =O36/O$49 -> 2053.0177 | P85: =P36/P$49 -> 2213.9155 | Q85: =Q36/Q$49 -> 1612.3288 | R85: =R36/R$49 -> 1249.9995 | S85: =S36/S$49 -> 1383.8216 | T85: =T36/T$49 -> 1066.0461 | Y85: =IFERROR(+E85/T85-1,0) -> -2.2143455
C87: Increase/-Decrease Fm Prior Year | E87: =E38/E$49 -> 107.4466 | J87: =J38/J$49 -> -86.79171 | N87: =N38/N$49 -> 1732.0968 | O87: =O38/O$49 -> -33.451783 | P87: =P38/P$49 -> 530.4526 | Q87: =Q38/Q$49 -> -84.513382 | R87: =R38/R$49 -> 312.08631 | S87: =S38/S$49 -> 13.179768 | T87: =T38/T$49 -> 375.59572
C88: Increase/-Decrease Fm Base Year | E88: =E39/E$49 -> -2384.527 | J88: =J39/J$49 -> -811.98082 | N88: =N39/N$49 -> -189.36973 | O88: =O39/O$49 -> 1064.4844 | P88: =P39/P$49 -> 1234.584 | Q88: =Q39/Q$49 -> 638.31413 | R88: =R39/R$49 -> 347.50366 | S88: =S39/S$49 -> 483.02703 | T88: =T39/T$49 -> 172.80511
C90: 4% EFB of Total Revenue | E90: =E57*0.04 -> 510.0189
C91: Difference | E91: =E90-E85 -> 1804.5672
C92: Per Student Change to get to4% | E92: =E91-E84 -> 1804.5672
D95: Total Change
A96: Summary - Total Dollars | D96: FM 2018
C97: Instruction | D97: =+E97-T97 -> 2559618 | E97: =SUM(E12:E17) -> 28796358 | I97: =SUM(I12:I17) -> 29190103 | J97: =SUM(J12:J17) -> 28294402 | N97: =SUM(N12:N17) -> 29091974 | O97: =SUM(O12:O17) -> 26632868 | P97: =SUM(P12:P17) -> 30435098 | Q97: =SUM(Q12:Q17) -> 26849086 | R97: =SUM(R12:R17) -> 27022361 | S97: =SUM(S12:S17) -> 26181758 | T97: =SUM(T12:T17) -> 26236740 | U97: =SUM(U12:U17) -> 24973128 | V97: =SUM(V12:V17) -> 25302208
C98: Student Support | D98: =+E98-T98 -> 1565496 | E98: =+E19 -> 4081174 | I98: =+I19 -> 4290020 | J98: =+J19 -> 3931322 | N98: =+N19 -> 4068388 | O98: =+O19 -> 3243822 | P98: =+P19 -> 2938044 | Q98: =+Q19 -> 2713693 | R98: =+R19 -> 2650416 | S98: =+S19 -> 2552319 | T98: =+T19 -> 2515678 | U98: =+U19 -> 2425889 | V98: =+V19 -> 2411128
C99: Instructional Staff Support | D99: =+E99-T99 -> 285925 | E99: =+E20 -> 1472599 | I99: =+I20 -> 1393978 | J99: =+J20 -> 1397617 | N99: =+N20 -> 1363659 | O99: =+O20 -> 1260085 | P99: =+P20 -> 1151545 | Q99: =+Q20 -> 1218660 | R99: =+R20 -> 1195312 | S99: =+S20 -> 1222032 | T99: =+T20 -> 1186674 | U99: =+U20 -> 1110507 | V99: =+V20 -> 1083057
C100: General Admin | D100: =+E100-T100 -> 483470 | E100: =+E21 -> 1104258 | I100: =+I21 -> 1167701 | J100: =+J21 -> 1211147 | N100: =+N21 -> 1194283 | O100: =+O21 -> 839799 | P100: =+P21 -> 559549 | Q100: =+Q21 -> 520113 | R100: =+R21 -> 540943 | S100: =+S21 -> 494028 | T100: =+T21 -> 620788 | U100: =+U21 -> 508548 | V100: =+V21 -> 564339
C101: School Admin | D101: =+E101-T101 -> 1249669 | E101: =+E22 -> 5782358 | I101: =+I22 -> 5713320 | J101: =+J22 -> 5567003 | N101: =+N22 -> 5537265 | O101: =+O22 -> 4686654 | P101: =+P22 -> 4702143 | Q101: =+Q22 -> 4571372 | R101: =+R22 -> 4640348 | S101: =+S22 -> 4629819 | T101: =+T22 -> 4532689 | U101: =+U22 -> 4460265 | V101: =+V22 -> 4390233
C102: Central Services | D102: =+E102-T102 -> 792096 | E102: =+E23 -> 2650472 | I102: =+I23 -> 2629933 | J102: =+J23 -> 2776930 | N102: =+N23 -> 2334015 | O102: =+O23 -> 2113268 | P102: =+P23 -> 2219839 | Q102: =+Q23 -> 1957897 | R102: =+R23 -> 1908362 | S102: =+S23 -> 1959263 | T102: =+T23 -> 1858376 | U102: =+U23 -> 2037145 | V102: =+V23 -> 2000349
C103: Operations and Maintenance | D103: =+E103-T103 -> 2316552 | E103: =+E24 -> 9219953 | I103: =+I24 -> 8578252 | J103: =+J24 -> 9039614 | N103: =+N24 -> 8988620 | O103: =+O24 -> 7933611 | P103: =+P24 -> 7404702 | Q103: =+Q24 -> 7096878 | R103: =+R24 -> 7277101 | S103: =+S24 -> 6967627 | T103: =+T24 -> 6903401 | U103: =+U24 -> 6514568 | V103: =+V24 -> 6913432
C104: Student Transportation | D104: =+E104-T104 -> 1176611 | E104: =+E25 -> 4475510 | I104: =+I25 -> 4085890 | J104: =+J25 -> 4658704 | N104: =+N25 -> 4565158 | O104: =+O25 -> 3247471 | P104: =+P25 -> 3835158 | Q104: =+Q25 -> 3557877 | R104: =+R25 -> 3465564 | S104: =+S25 -> 3454141 | T104: =+T25 -> 3298899 | U104: =+U25 -> 3147481 | V104: =+V25 -> 3217340
C105: Other Support | D105: =+E105-T105 -> 138941 | E105: =+E26 -> 291600 | I105: =+I26 -> 180250 | J105: =+J26 -> 381511 | N105: =+N26 -> 252436 | O105: =+O26 -> 247232 | P105: =+P26 -> 913250 | Q105: =+Q26 -> 112329 | R105: =+R26 -> 147378 | S105: =+S26 -> 167651 | T105: =+T26 -> 152659 | U105: =+U26 -> 141343 | V105: =+V26 -> 83439
C106: Facilities Capital | D106: =+E106-T106 -> 351351 | E106: =+E27 -> 462000 | I106: =+I27 -> 376990 | J106: =+J27 -> 474000 | N106: =+N27 -> 434716 | O106: =+O27 -> 299008 | P106: =+P27 -> 321344 | Q106: =+Q27 -> 509250 | R106: =+R27 -> 903301 | S106: =+S27 -> 603 | T106: =+T27 -> 110649 | U106: =+U27 -> 1064 | V106: =+V27 -> 0
C107: Debt | D107: =+E107-T107 -> -514265 | E107: =+E28 -> 0 | I107: =+I28 -> 0 | J107: =+J28 -> 0 | N107: =+N28 -> 322589 | O107: =+O28 -> 522750 | P107: =+P28 -> 522966 | Q107: =+Q28 -> 522946 | R107: =+R28 -> 522668 | S107: =+S28 -> 476388 | T107: =+T28 -> 514265 | U107: =+U28 -> 499895 | V107: =+V28 -> 486006
C108: Transfers to Other Funds | D108: =+E108-T108 -> 2300000 | E108: =+E29 -> 6600000 | I108: =+I29 -> 6600000 | J108: =+J29 -> 6700000 | N108: =+N29 -> 6700000 | O108: =+O29 -> 5200000 | P108: =+P29 -> 1395956 | Q108: =+Q29 -> 4000000 | R108: =+R29 -> 3800000 | S108: =+S29 -> 4200000 | T108: =+T29 -> 4300000 | U108: =+U29 -> 4261000 | V108: =+V29 -> 4920000
C110: Total Expenditures | D110: =+E110-T110 -> 12705464 | E110: =SUM(E96:E109) -> 64936282 | I110: =SUM(I96:I109) -> 64206437 | J110: =SUM(J96:J109) -> 64432250 | N110: =SUM(N96:N109) -> 64853103 | O110: =SUM(O96:O109) -> 56226568 | P110: =SUM(P96:P109) -> 56399594 | Q110: =SUM(Q96:Q109) -> 53630101 | R110: =SUM(R96:R109) -> 54073754 | S110: =SUM(S96:S109) -> 52305629 | T110: =SUM(T96:T109) -> 52230818 | U110: =SUM(U96:U109) -> 50080833 | V110: =SUM(V96:V109) -> 51371531
D111: =+D110/V110 -> 0.247325
A113: Summary - % of Total Exp | W113: % Change
C114: Instruction | D114: =+D97/V97 -> 0.10116184 | E114: =+E97/E$110 -> 0.4434556 | J114: =+J97/J$110 -> 0.43913416 | N114: =+N97/N$110 -> 0.44858261 | O114: =+O97/O$110 -> 0.47367053 | P114: =+P97/P$110 -> 0.53963328 | Q114: =+Q97/Q$110 -> 0.50063463 | R114: =+R97/R$110 -> 0.49973155 | S114: =+S97/S$110 -> 0.50055335 | T114: =+T97/T$110 -> 0.50232298 | U114: =+U97/U$110 -> 0.4986564 | V114: =+V97/V$110 -> 0.49253366 | W114: =+E114-V114 -> -0.049078055
C115: Student Support | D115: =+D98/V98 -> 0.64927951 | E115: =+E98/E$110 -> 0.062848902 | J115: =+J98/J$110 -> 0.061014818 | N115: =+N98/N$110 -> 0.062732357 | O115: =+O98/O$110 -> 0.057691979 | P115: =+P98/P$110 -> 0.052093354 | Q115: =+Q98/Q$110 -> 0.050600184 | R115: =+R98/R$110 -> 0.049014833 | S115: =+S98/S$110 -> 0.048796259 | T115: =+T98/T$110 -> 0.04816463 | U115: =+U98/U$110 -> 0.04843947 | V115: =+V98/V$110 -> 0.046935101 | W115: =+E115-V115 -> 0.015913801
...

Sheet FY2023 & 24
C1: Douglas County School District
C2: General Fund Comparison
C3: Description | D3: % 2024 v 2023 | E3: $ 2024 v 2023 | F3: 2025 | G3: 2024 | H3: =G3-1 -> 2023
C4: Revenue
C5: Local Sources | D5: =IFERROR(+E5/H5,0) -> -0.031902819 | E5: =+G5-H5 -> -24117 | G5: 731835 | H5: 755952
C6: State Sources | D6: =IFERROR(+E6/H6,0) -> 0.05867967 | E6: =+G6-H6 -> 3197619 | G6: 57690410 | H6: 54492791
C7: Federal Sources | D7: =IFERROR(+E7/H7,0) -> 0 | E7: =+G7-H7 -> 0
C8: Other Sources | D8: =IFERROR(+E8/H8,0) -> -1.4794084 | E8: =+G8-H8 -> -56219 | G8: =-21657+3439 -> -18218 | H8: =18915+19086 -> 38001
C9: Total Revenue | D9: =IFERROR(+E9/H9,0) -> 0.056383914 | E9: =+G9-H9 -> 3117283 | G9: =SUM(G4:G8) -> 58404027 | H9: =SUM(H4:H8) -> 55286744
A11: Prog | B11: Func | C11: Expenditures
A12: 100 | B12: 1000 | C12: Regular Programs | D12: =IFERROR(+E12/H12,0) -> 0.11106352 | E12: =+G12-H12 -> 2635709 | G12: 26367255 | H12: 23731546
A13: 200 | B13: 1000 | C13: Special Programs | D13: =IFERROR(+E13/H13,0) -> 0 | E13: =+G13-H13 -> 0 | G13: 0 | H13: 0
A14: 300 | B14: 1000 | C14: Vocational | D14: =IFERROR(+E14/H14,0) -> 0.18857922 | E14: =+G14-H14 -> 125570 | G14: 791444 | H14: 665874
A15: 600 | B15: 1000 | C15: Adult Education | D15: =IFERROR(+E15/H15,0) -> 0 | E15: =+G15-H15 -> 0 | H15: 0
A16: 900 | B16: 1000 | C16: Extra and Cocurricular | D16: =IFERROR(+E16/H16,0) -> 0.10935509 | E16: =+G16-H16 -> 63845 | G16: 647677 | H16: 583832
A17: 400 | B17: 1000 | C17: Other Instructional | D17: =IFERROR(+E17/H17,0) -> -0.22161205 | E17: =+G17-H17 -> -366018 | G17: 1285598 | H17: 1651616
B18: 3000 | C18: Community Services | D18: =IFERROR(+E18/H18,0) -> 0 | E18: =+G18-H18 -> 0
B19: 2100 | C19: Student Support | D19: =IFERROR(+E19/H19,0) -> 0.25419582 | E19: =+G19-H19 -> 824566 | G19: 4068388 | H19: 3243822
B20: 2200 | C20: Instructional Staff Support | D20: =IFERROR(+E20/H20,0) -> 0.082196042 | E20: =+G20-H20 -> 103574 | G20: 1363659 | H20: 1260085
B21: 2300 | C21: General Admin | D21: =IFERROR(+E21/H21,0) -> 0.42210577 | E21: =+G21-H21 -> 354484 | G21: 1194283 | H21: 839799
B22: 2400 | C22: School Admin | D22: =IFERROR(+E22/H22,0) -> 0.18149644 | E22: =+G22-H22 -> 850611 | G22: 5537265 | H22: 4686654
B23: 2500 | C23: Central Services | D23: =IFERROR(+E23/H23,0) -> 0.10445765 | E23: =+G23-H23 -> 220747 | G23: 2334015 | H23: 2113268
B24: 2600 | C24: Operations and Maintenance | D24: =IFERROR(+E24/H24,0) -> 0.13297967 | E24: =+G24-H24 -> 1055009 | G24: 8988620 | H24: 7933611
B25: 2700 | C25: Student Transportation | D25: =IFERROR(+E25/H25,0) -> 0.4057579 | E25: =+G25-H25 -> 1317687 | G25: 4565158 | H25: 3247471
B26: 2900 | C26: Other Support | D26: =IFERROR(+E26/H26,0) -> 0.021049055 | E26: =+G26-H26 -> 5204 | G26: 252436 | H26: 247232
B27: 4000 | C27: Facilities Capital | D27: =IFERROR(+E27/H27,0) -> 0.45386077 | E27: =+G27-H27 -> 135708 | G27: =159731+274985 -> 434716 | H27: 299008
B28: 8000 | C28: Debt | D28: =IFERROR(+E28/H28,0) -> -0.38290005 | E28: =+G28-H28 -> -200161 | G28: 322589 | H28: =507000+15750 -> 522750
B29: 9000 | C29: Transfers to Other Funds | D29: =IFERROR(+E29/H29,0) -> 0.28846154 | E29: =+G29-H29 -> 1500000 | G29: 6700000 | H29: 5200000
C32: Total Expenditures | D32: =IFERROR(+E32/H32,0) -> 0.15342453 | E32: =+G32-H32 -> 8626535 | G32: =SUM(G11:G31) -> 64853103 | H32: =SUM(H11:H31) -> 56226568
C34: Net Change in Fund Balance | D34: =IFERROR(+E34/H34,0) -> 5.8620039 | E34: =+G34-H34 -> -5509252 | G34: =G9-G32 -> -6449076 | H34: =H9-H32 -> -939824
C36: Ending Fund Balance | D36: =IFERROR(+E36/H36,0) -> -0.60731315 | E36: =+G36-H36 -> -6449076 | G36: =H36+G34 -> 4169953 | H36: =+'FY2026-FY2015'!O36 -> 10619029
B39: Enrollment | D39: % 2024 v 2023 | E39: $ 2024 v 2023 | G39: 2024 | H39: =G39-1 -> 2023
C40: Full Enrollment | D40: =IFERROR(+E40/H40,0) -> -0.045592705 | E40: =+G40-H40 -> -240 | G40: 5024 | H40: 5264
C41: Average Weighted Enrollment | D41: =IFERROR(+E41/H41,0) -> -0.037120099 | E41: =+G41-H41 -> -192 | G41: 4980.4 | H41: 5172.4
A43: $$ Per Weighted Student | D43: % 2024 v 2023 | E43: $ 2024 v 2023 | G43: 2024 | H43: =G43-1 -> 2023
D44: =IFERROR(+E44/H44,0) -> 0 | E44: =+G44-H44 -> 0
C45: Local Sources | D45: =IFERROR(+E45/H45,0) -> 0.0054184117 | E45: =+G45-H45 -> 0.79190689 | G45: =G5/G$41 -> 146.94302 | H45: =H5/H$41 -> 146.15111
C46: State Sources | D46: =IFERROR(+E46/H46,0) -> 0.099492958 | E46: =+G46-H46 -> 1048.1883 | G46: =G6/G$41 -> 11583.489 | H46: =H6/H$41 -> 10535.301
C47: Federal Sources | D47: =IFERROR(+E47/H47,0) -> 0 | E47: =+G47-H47 -> 0 | G47: =G7/G$41 -> 0 | H47: =H7/H$41 -> 0
C48: Other Sources | D48: =IFERROR(+E48/H48,0) -> -1.4978902 | E48: =+G48-H48 -> -11.004819 | G48: =G8/G$41 -> -3.6579391 | H48: =H8/H$41 -> 7.3468796
C49: Total Revenue | D49: =IFERROR(+E49/H49,0) -> 0.097108697 | E49: =+G49-H49 -> 1037.9753 | G49: =G9/G$41 -> 11726.774 | H49: =H9/H$41 -> 10688.799
C53: Expenditures
A54: 100 | B54: 1000 | C54: Regular Programs | D54: =IFERROR(+E54/H54,0) -> 0.15389626 | E54: =+G54-H54 -> 706.09315 | G54: =G12/G$41 -> 5294.2043 | H54: =H12/H$41 -> 4588.1111
A55: 200 | B55: 1000 | C55: Special Programs | D55: =IFERROR(+E55/H55,0) -> 0 | E55: =+G55-H55 -> 0 | G55: =G13/G$41 -> 0 | H55: =H13/H$41 -> 0
A56: 300 | B56: 1000 | C56: Vocational | D56: =IFERROR(+E56/H56,0) -> 0.23440028 | E56: =+G56-H56 -> 30.175751 | G56: =G14/G$41 -> 158.91173 | H56: =H14/H$41 -> 128.73598
A57: 600 | B57: 1000 | C57: Adult Education | D57: =IFERROR(+E57/H57,0) -> 0 | E57: =+G57-H57 -> 0 | G57: =G15/G$41 -> 0 | H57: =H15/H$41 -> 0
A58: 900 | B58: 1000 | C58: Extra and Cocurricular | D58: =IFERROR(+E58/H58,0) -> 0.15212197 | E58: =+G58-H58 -> 17.170689 | G58: =G16/G$41 -> 130.04518 | H58: =H16/H$41 -> 112.87449
A59: 400 | B59: 1000 | C59: Other Instructional | D59: =IFERROR(+E59/H59,0) -> -0.19160432 | E59: =+G59-H59 -> -61.181803 | G59: =G17/G$41 -> 258.13148 | H59: =H17/H$41 -> 319.31328
B60: 2100 | C60: Student Support | D60: =IFERROR(+E60/H60,0) -> 0.30254648 | E60: =+G60-H60 -> 189.73918 | G60: =G19/G$41 -> 816.87977 | H60: =H19/H$41 -> 627.14059
B61: 2200 | C61: Instructional Staff Support | D61: =IFERROR(+E61/H61,0) -> 0.12391591 | E61: =+G61-H61 -> 30.188033 | G61: =G20/G$41 -> 273.80512 | H61: =H20/H$41 -> 243.61708
B62: 2300 | C62: General Admin | D62: =IFERROR(+E62/H62,0) -> 0.47692954 | E62: =+G62-H62 -> 77.43503 | G62: =G21/G$41 -> 239.7966 | H62: =H21/H$41 -> 162.36157
B63: 2400 | C63: School Admin | D63: =IFERROR(+E63/H63,0) -> 0.22704445 | E63: =+G63-H63 -> 205.72244 | G63: =G22/G$41 -> 1111.8113 | H63: =H22/H$41 -> 906.08886
B64: 2500 | C64: Central Services | D64: =IFERROR(+E64/H64,0) -> 0.14703573 | E64: =+G64-H64 -> 60.073833 | G64: =G23/G$41 -> 468.64007 | H64: =H23/H$41 -> 408.56624
B65: 2600 | C65: Operations and Maintenance | D65: =IFERROR(+E65/H65,0) -> 0.17665731 | E65: =+G65-H65 -> 270.96326 | G65: =G24/G$41 -> 1804.7988 | H65: =H24/H$41 -> 1533.8356
B66: 2700 | C66: Student Transportation | D66: =IFERROR(+E66/H66,0) -> 0.45995144 | E66: =+G66-H66 -> 288.7787 | G66: =G25/G$41 -> 916.62477 | H66: =H25/H$41 -> 627.84607
B67: 2900 | C67: Other Support | D67: =IFERROR(+E67/H67,0) -> 0.06041164 | E67: =+G67-H67 -> 2.8875746 | G67: =G26/G$41 -> 50.685889 | H67: =H26/H$41 -> 47.798314
B68: 4000 | C68: Facilities Capital | D68: =IFERROR(+E68/H68,0) -> 0.50990873 | E68: =+G68-H68 -> 29.476991 | G68: =G27/G$41 -> 87.285359 | H68: =H27/H$41 -> 57.808367
B69: 8000 | C69: Debt | D69: =IFERROR(+E69/H69,0) -> -0.35911015 | E69: =+G69-H69 -> -36.293564 | G69: =G28/G$41 -> 64.771705 | H69: =H28/H$41 -> 101.06527
B70: 9000 | C70: Transfers to Other Funds | D70: =IFERROR(+E70/H70,0) -> 0.33813317 | E70: =+G70-H70 -> 339.93746 | G70: =G29/G$41 -> 1345.2735 | H70: =H29/H$41 -> 1005.336
C72: Total Expenditures (exc. EFB & Cont) | G72: =G32/G$41 -> 13021.666 | H72: =H32/H$41 -> 10870.499
C74: Net Change in Fund Balance | G74: =G34/G$41 -> -1294.8912 | H74: =H34/H$41 -> -181.69979
C76: Eding Fund Balance | G76: =G36/G$41 -> 837.27271 | H76: =H36/H$41 -> 2053.0177
A80: Summary - Total Dollars
C81: Instruction | D81: =IFERROR(+E81/H81,0) -> 0.092333503 | E81: =+G81-H81 -> 2459106 | G81: =SUM(G12:G17) -> 29091974 | H81: =SUM(H12:H17) -> 26632868
C82: Student Support | D82: =IFERROR(+E82/H82,0) -> 0.25419582 | E82: =+G82-H82 -> 824566 | G82: =+G19 -> 4068388 | H82: =+H19 -> 3243822
C83: Instructional Staff Support | D83: =IFERROR(+E83/H83,0) -> 0.082196042 | E83: =+G83-H83 -> 103574 | G83: =+G20 -> 1363659 | H83: =+H20 -> 1260085
C84: General Admin | D84: =IFERROR(+E84/H84,0) -> 0.42210577 | E84: =+G84-H84 -> 354484 | G84: =+G21 -> 1194283 | H84: =+H21 -> 839799
C85: School Admin | D85: =IFERROR(+E85/H85,0) -> 0.18149644 | E85: =+G85-H85 -> 850611 | G85: =+G22 -> 5537265 | H85: =+H22 -> 4686654
C86: Central Services | D86: =IFERROR(+E86/H86,0) -> 0.10445765 | E86: =+G86-H86 -> 220747 | G86: =+G23 -> 2334015 | H86: =+H23 -> 2113268
C87: Operations and Maintenance | D87: =IFERROR(+E87/H87,0) -> 0.13297967 | E87: =+G87-H87 -> 1055009 | G87: =+G24 -> 8988620 | H87: =+H24 -> 7933611
C88: Student Transportation | D88: =IFERROR(+E88/H88,0) -> 0.4057579 | E88: =+G88-H88 -> 1317687 | G88: =+G25 -> 4565158 | H88: =+H25 -> 3247471
C89: Other Support | D89: =IFERROR(+E89/H89,0) -> 0.021049055 | E89: =+G89-H89 -> 5204 | G89: =+G26 -> 252436 | H89: =+H26 -> 247232
C90: Facilities Capital | D90: =IFERROR(+E90/H90,0) -> 0.45386077 | E90: =+G90-H90 -> 135708 | G90: =+G27 -> 434716 | H90: =+H27 -> 299008
C91: Debt | D91: =IFERROR(+E91/H91,0) -> -0.38290005 | E91: =+G91-H91 -> -200161 | G91: =+G28 -> 322589 | H91: =+H28 -> 522750
C92: Transfers to Other Funds | D92: =IFERROR(+E92/H92,0) -> 0.28846154 | E92: =+G92-H92 -> 1500000 | G92: =+G29 -> 6700000 | H92: =+H29 -> 5200000
C94: Total Expenditures | D94: =IFERROR(+E94/H94,0) -> 0.15342453 | E94: =+G94-H94 -> 8626535 | G94: =SUM(G80:G93) -> 64853103 | H94: =SUM(H80:H93) -> 56226568
A97: Summary - % of Total Exp
C98: Instruction | D98: =IFERROR(+E98/H98,0) -> -0.052964914 | E98: =+G98-H98 -> -0.025087919 | G98: =+G81/G$94 -> 0.44858261 | H98: =+H81/H$94 -> 0.47367053
C99: Student Support | D99: =IFERROR(+E99/H99,0) -> 0.08736704 | E99: =+G99-H99 -> 0.0050403775 | G99: =+G82/G$94 -> 0.062732357 | H99: =+H82/H$94 -> 0.057691979
C100: Instructional Staff Support | D100: =IFERROR(+E100/H100,0) -> -0.061753925 | E100: =+G100-H100 -> -0.0013839577 | G100: =+G83/G$94 -> 0.021026889 | H100: =+H83/H$94 -> 0.022410847
C101: General Admin | D101: =IFERROR(+E101/H101,0) -> 0.23294219 | E101: =+G101-H101 -> 0.0034792203 | G101: =+G84/G$94 -> 0.018415202 | H101: =+H84/H$94 -> 0.014935982
C102: School Admin | D102: =IFERROR(+E102/H102,0) -> 0.024337875 | E102: =+G102-H102 -> 0.0020286353 | G102: =+G85/G$94 -> 0.085381651 | H102: =+H85/H$94 -> 0.083353016
C103: Central Services | D103: =IFERROR(+E103/H103,0) -> -0.042453483 | E103: =+G103-H103 -> -0.0015956084 | G103: =+G86/G$94 -> 0.035989257 | H103: =+H86/H$94 -> 0.037584866
C104: Operations and Maintenance | D104: =IFERROR(+E104/H104,0) -> -0.017725356 | E104: =+G104-H104 -> -0.0025010611 | G104: =+G87/G$94 -> 0.13859969 | H104: =+H87/H$94 -> 0.14110075
C105: Student Transportation | D105: =IFERROR(+E105/H105,0) -> 0.21876885 | E105: =+G105-H105 -> 0.012635406 | G105: =+G88/G$94 -> 0.070392283 | H105: =+H88/H$94 -> 0.057756877
C106: Other Support | D106: =IFERROR(+E106/H106,0) -> -0.11476735 | E106: =+G106-H106 -> -0.00050463976 | G106: =+G89/G$94 -> 0.0038924275 | H106: =+H89/H$94 -> 0.0043970672
C107: Facilities Capital | D107: =IFERROR(+E107/H107,0) -> 0.26047325 | E107: =+G107-H107 -> 0.0013851741 | G107: =+G90/G$94 -> 0.0067030871 | H107: =+H90/H$94 -> 0.0053179131
C108: Debt | D108: =IFERROR(+E108/H108,0) -> -0.46498454 | E108: =+G108-H108 -> -0.0043230572 | G108: =+G91/G$94 -> 0.004974149 | H108: =+H91/H$94 -> 0.0092972063
C109: Transfers to Other Funds | D109: =IFERROR(+E109/H109,0) -> 0.11707485 | E109: =+G109-H109 -> 0.01082743 | G109: =+G92/G$94 -> 0.1033104 | H109: =+H92/H$94 -> 0.09248297
C111: Total Expenditures | D111: =IFERROR(+E111/H111,0) -> 0 | E111: =+G111-H111 -> 0 | G111: =+G94/G$94 -> 1 | H111: =+H94/H$94 -> 1
C113: Summary - Per Pupil $ | G113: 2024 | H113: =G113-1 -> 2023
C114: Instruction | D114: =IFERROR(+E114/H114,0) -> 0.13444418 | E114: =+G114-H114 -> 692.25779 | G114: =SUM(G54:G59) -> 5841.2927 | H114: =SUM(H54:H59) -> 5149.0349
C115: Student Support | D115: =IFERROR(+E115/H115,0) -> 0.30254648 | E115: =+G115-H115 -> 189.73918 | G115: =+G60 -> 816.87977 | H115: =+H60 -> 627.14059
C116: Instructional Staff Support | D116: =IFERROR(+E116/H116,0) -> 0.12391591 | E116: =+G116-H116 -> 30.188033 | G116: =+G61 -> 273.80512 | H116: =+H61 -> 243.61708
C117: General Admin | D117: =IFERROR(+E117/H117,0) -> 0.47692954 | E117: =+G117-H117 -> 77.43503 | G117: =+G62 -> 239.7966 | H117: =+H62 -> 162.36157
C118: School Admin | D118: =IFERROR(+E118/H118,0) -> 0.22704445 | E118: =+G118-H118 -> 205.72244 | G118: =+G63 -> 1111.8113 | H118: =+H63 -> 906.08886
C119: Central Services | D119: =IFERROR(+E119/H119,0) -> 0.14703573 | E119: =+G119-H119 -> 60.073833 | G119: =+G64 -> 468.64007 | H119: =+H64 -> 408.56624
C120: Operations and Maintenance | D120: =IFERROR(+E120/H120,0) -> 0.17665731 | E120: =+G120-H120 -> 270.96326 | G120: =+G65 -> 1804.7988 | H120: =+H65 -> 1533.8356
C121: Student Transportation | D121: =IFERROR(+E121/H121,0) -> 0.45995144 | E121: =+G121-H121 -> 288.7787 | G121: =+G66 -> 916.62477 | H121: =+H66 -> 627.84607
C122: Other Support | D122: =IFERROR(+E122/H122,0) -> 0.06041164 | E122: =+G122-H122 -> 2.8875746 | G122: =+G67 -> 50.685889 | H122: =+H67 -> 47.798314
...

Sheet PCFP Calcs
B2: Projected
A3: Tier 1
A4: Food Services | B4: 0
A5: Transportation | B5: 3977265
A6: Tier 2
A7: Local SpEd | B7: 5428400
A8: Tier 3 | D8: Based on Q1 actual
A9: Adjusted Base | B9: =10622*'[1]Staff & Student Ratios'!D9 -> 49827802 | D9: =10622*4637.42 -> 49258675
A10: Tier 4
A11: EL | C11: 682193
A12: At-Risk | C12: 474569
A13: GATE | C13: 133331
A14: Total | B14: =SUM(B3:B13) -> 59233467 | C14: =SUM(C11:C13) -> 1290093
A18: State SpEd Allocation
A19: Base | C19: 4299132
A20: 13% Supplemental | C20: 21884.374
A21: Total | C21: =C20+C19 -> 4321016.4
B24: Final Budget | C24: Corrected | D24: PCFP Pmt Sheet (Inputs) | E24: PCFP Pmt Sheet (2.2 Certified ADE)
A25: Adjusted Base Per Pupil Funding | B25: 10691 | C25: 10691 | D25: 10622 | E25: 10622
A27: Estimated Weighted Enrollment | B27: 4933.445 | C27: 4819.01 | D27: 4790.59 | E27: 4745
A29: Total Adjusted Base funding | B29: =+B25*B27 -> 52743460 | C29: =+C25*C27 -> 51520036 | D29: =+D25*D27 -> 50885647 | E29: =+E25*E27 -> 50401390
A31: Difference Compared with Final Budget | C31: =+C29-$B$29 -> -1223424.1 | D31: =+D29-$B$29 -> -1857813 | E31: =+E29-$B$29 -> -2342070
B32: Incorrect enrollment used to calculate Adj. Base | C32: Correct amount on final budget to calculate the Adj. Base | D32: PCFP Legislative Allocated Input enrollment | E32: Q1 audited ADE

Sheet DCSD  Budget Info.
A1: 2025-2026 AMENDED BUDGET - DEC, 2025
A2: EXPENDITURE: | B2: 2025-26 | C2: 2025-26 | D2: INCREASE
B3: FINAL | C3: DEC | D3: OR | F3: EXPLANATION
B4: BUDGET | C4: BUDGET | D4: (DECREASE)
A5: SALARIES & BENEFITS | B5: 48527481 | C5: 49583843 | D5: =SUM(C5-B5) -> 1056362 | E5: - | F5: Includes:
E6: - | F6: Increase in insurance premiums beginning 1-1-26 - Decreased transfer
E7: - | F7: Salary schedule adjustment
A13: REGULAR PROGRAMS:
A14: Contracted Professional Svcs | B14: 0 | C14: 0 | D14: =SUM(C14-B14) -> 0
A15: DW Nurse Acct | B15: 20850 | C15: 20850 | D15: 0
A16: Tuition-out-of state | B16: 0 | C16: 0 | D16: =SUM(C16-B16) -> 0
A17: Staff travel-shared employees | B17: 10000 | C17: 10000 | D17: =SUM(C17-B17) -> 0
A18: ESL Program budget | B18: 12000 | C18: 12000 | D18: =SUM(C18-B18) -> 0
A19: Cops in School - Grant Match | B19: 240000 | C19: 240000 | D19: =SUM(C19-B19) -> 0
A20: Student Asst. Program | B20: 5800 | C20: 5800 | D20: =SUM(C20-B20) -> 0
A21: Professional Svcs - Principals | B21: 0 | C21: 0 | D21: =SUM(C21-B21) -> 0
A22: DW Total Occ. Ed. | B22: 11003 | C22: 10503 | D22: =SUM(C22-B22) -> -500
A23: Textbooks-Adoptions | B23: 700000 | C23: 500000 | D23: =SUM(C23-B23) -> -200000
A24: DW Instructional Software (98) | B24: 55000 | C24: 55000 | D24: =SUM(C24-B24) -> 0
A25: Instructional Supplies - SRC | B25: 16310 | C25: =B25 -> 16310 | D25: =SUM(C25-B25) -> 0
A26: Instructional Supplies - Alt. Ed. | B26: 4525 | C26: 4525 | D26: =SUM(C26-B26) -> 0
A27: Summer School | B27: 2700 | C27: 2700 | D27: =SUM(C27-B27) -> 0
A28: GRANTS & PROJECTS | B28: 10950 | C28: 10950 | D28: =SUM(C28-B28) -> 0
A29: TESTS & MEASUREMENTS | B29: 34879 | C29: 34879 | D29: =SUM(C29-B29) -> 0
A30: BIF Funds - Discretionary | B30: 24320 | C30: 24320 | D30: 0
A31: CURRICULUM COORDINATOR | B31: 18289 | C31: 18289 | D31: =SUM(C31-B31) -> 0
A32: PDC OPERATING BUDGET | B32: 15000 | C32: 15000 | D32: =SUM(C32-B32) -> 0
A33: INST. SVCS. DEPT. | B33: 30233 | C33: 30233 | D33: =SUM(C33-B33) -> 0
A34: PERSONNEL ADMIN. | B34: 70000 | C34: 70000 | D34: =SUM(C34-B34) -> 0
A35: GENERAL ADMIN. | B35: 140750 | C35: 140750 | D35: =SUM(C35-B35) -> 0
A36: Legal Fees | B36: 280000 | C36: 280000 | D36: =SUM(C36-B36) -> 0
A37: Marketing Discretionary | B37: 10200 | C37: 10200 | D37: =SUM(C37-B37) -> 0
A38: PERS purchase | B38: 0 | C38: 0 | D38: =SUM(C38-B38) -> 0
A39: BUSINESS ADMIN. | B39: 138130 | C39: 138130 | D39: =SUM(C39-B39) -> 0
A40: WAREHOUSE | B40: 7900 | C40: 7900 | D40: =SUM(C40-B40) -> 0
A41: GT Restructure | B41: 2900 | C41: 2900 | D41: =SUM(C41-B41) -> 0
A42: Education Technology | B42: 3800 | C42: 3800 | D42: =SUM(C42-B42) -> 0
... A46: ASPIRE Lease | B46: 120000 | C46: 120000 | D46: =SUM(C46-B46) -> 0
A49: 2025-2026 AMENDED BUDGET - DEC, 2025
A50: EXPENDITURE: | B50: 2025-26 | C50: 2025-26 | D50: INCREASE
B51: FINAL | C51: DEC | D51: OR | F51: EXPLANATION
B52: BUDGET | C52: BUDGET | D52: (DECREASE)
A53: SCHOOL FUNDS:
A54: Discretionary funds | B54: 1106164 | C54: 1099459 | D54: =SUM(C54-B54) -> -6705
A55: Jacobsen & Tahoe Det. Facility | B55: 14621 | C55: 14621 | D55: =SUM(C55-B55) -> 0
A56: OPER. & MAINT. of PLANT
A57: Utilities | B57: 1936547 | C57: 1936547 | D57: =SUM(C57-B57) -> 0
A58: Maintenance - Operating | B58: 397381 | C58: 397381 | D58: =SUM(C58-B58) -> 0
A59: Maintenance - Equipment | B59: 0 | C59: 0 | D59: =SUM(C59-B59) -> 0
A60: Grounds - Operating | B60: 75000 | C60: 75000 | D60: =SUM(C60-B60) -> 0
A61: Grounds - Equipment | B61: 0 | C61: 0 | D61: =SUM(C61-B61) -> 0
A62: DW Maint - "99" Funds | B62: 130600 | C62: 130600 | D62: =SUM(C62-B62) -> 0
A63: Computer Services - IT | B63: 47900 | C63: 47900 | D63: =SUM(C63-B63) -> 0
A64: District software (98) | B64: 518000 | C64: 518000 | D64: =SUM(C64-B64) -> 0
A65: Custodial - operating | B65: 146570 | C65: 146570 | D65: =SUM(C65-B65) -> 0
A66: Cust - Disp required by legislature | B66: 10000 | C66: 10000 | D66: =SUM(C66-B66) -> 0
A67: Major maint. projects (88) | B67: 600000 | C67: 600000 | D67: =SUM(C67-B67) -> 0
A68: Prop & Casualty Specific Claims | B68: 40000 | C68: 40000 | D68: =SUM(C68-B68) -> 0
A69: Liability Insurance | B69: 950635 | C69: 950635 | D69: =SUM(C69-B69) -> 0
A70: STUDENT TRANSPORTATION:
A71: Bus Drivers | B71: 29400 | C71: 19584 | D71: =SUM(C71-B71) -> -9816
A72: Transportation Office | B72: 14629 | C72: 24445 | D72: =SUM(C72-B72) -> 9816
A73: VEHICLE MAINTENANCE
A74: Operating-Maint(fuel,repairs,veh) | B74: 122925 | C74: 122925 | D74: =SUM(C74-B74) -> 0
A75: Operating-VM | B75: 810965 | C75: 810965 | D75: =SUM(C75-B75) -> 0
A76: Vehicles - Buses | B76: 660000 | C76: 0 | D76: =SUM(C76-B76) -> -660000
A77: Property Insurance | B77: 83000 | C77: 83000 | D77: =SUM(C77-B77) -> 0
A78: Vehicles - District Non-Student | B78: 64325 | C78: 64325 | D78: =SUM(C78-B78) -> 0
A79: O & M - M & V - ESCO | B79: 0 | C79: 0 | D79: =SUM(C79-B79) -> 0
A80: PRIS Funding offset | B80: 40000 | C80: 40000 | D80: =SUM(C80-B80) -> 0
A81: VANCO fees | B81: 14600 | C81: 14600 | D81: =SUM(C81-B81) -> 0
A82: FUND TRANSFERS: | B82: `
A83: Special Ed. Fund | B83: 5600000 | C83: 5600000 | D83: =SUM(C83-B83) -> 0
A84: Insurance Fund | B84: 1000000 | C84: 0 | D84: =SUM(C84-B84) -> -1000000
A85: Food Service Fund | B85: 0 | C85: 0 | D85: =SUM(C85-B85) -> 0
A86: WAREHOUSED SUPPLIES | B86: 10000 | C86: 10000 | D86: =SUM(C86-B86) -> 0
A87: SUB-TOTAL | B87: =SUM(B5:B86) -> 64936282 | C87: =SUM(C5:C86) -> 64125439 | D87: =SUM(D5:D86) -> -810843
A89: Contingency | B89: 0 | C89: 0 | D89: =SUM(C89-B89) -> 0 | E89: - Contingency is 1.0% of general fund expenditures net of transfers - Board regulations | F89: Reduction of contingency to allow for expenditures over projected revenue
E90: suggest at least 1% and Nevada Administrative Code allows up to 3.0% | F90: The Board suggests 1% and Nevada Administrative code allows up to 8.3%
A91: Reserved Ending Balance (1) | B91: 120709 | C91: 121797 | D91: =SUM(C91-B91) -> 1088
A92: Unreserved Ending Balance | B92: 1024843 | C92: -4663300 | D92: =SUM(C92-B92) -> -5688143 | E92: - Ending fund balance represents 1.6% of general fund budgeted expenditures less capital outlay
A93: Remaining Funds | E93: Board regulations suggest 4.0% and Nevada Administrative Code allows up to 8.3%
A94: ** GRAND TOTAL ** | B94: =SUM(B87:B93) -> 66081834 | C94: =SUM(C87:C93) -> 59583936 | D94: =SUM(D87:D92) -> -6497898
A95: (1) Represents supplies inventory at cost.
B97: =+'PCFP Calcs'!B14 -> 59233467 | C97: =+'PCFP Calcs'!B14 -> 59233467
B99: =+B87-B97 -> 5702815 | C99: =+C87-C97 -> 4891972
B101: =+'FY2026-FY2015'!I36+SpEd!E35 -> -1425250
B103: =-B99+B101 -> -7128065

Sheet Staff & Student Ratios
A1: Douglas County School District
A2: General Fund - Staffing
D3: From DCSD | M3: From Budgets
D4: (PLJ)
D5: Est
A6: Prog | B6: Func | C6: Description | D6: 2026 | E6: 2025 | F6: 2024 | G6: =F6-1 -> 2023 | H6: =G6-1 -> 2022 | I6: =H6-1 -> 2021 | J6: =I6-1 -> 2020 | K6: =J6-1 -> 2019 | L6: =K6-1 -> 2018 | M6: =L6-1 -> 2017 | N6: 2016
D7: =+D8/E9-1 -> -0.02327044
C8: Full Enrollment | D8: 4659 | E8: 4797 | F8: 5024 | G8: 5264 | H8: =5281-32 -> 5249 | I8: =5303.7-33 -> 5270.7 | J8: =5655+36 -> 5691 | K8: =5698+1 -> 5699 | L8: =5770.1-26 -> 5744.1 | M8: =5858.2-31.2+52 -> 5879 | N8: =5777-45-219+75+365 -> 5953
C9: Weighted Enrollment | D9: 4637 | E9: 4770 | F9: 4980.4 | G9: 5172.4 | H9: 5221 | I9: 5249.5 | J9: =5665.5 -> 5665.5 | K9: 5676.2 | L9: =5724.2 -> 5724.2 | M9: 5858.2 | N9: 5777
C10: Difference | D10: =+D8-D9 -> 22 | E10: =+E8-E9 -> 27 | F10: =+F8-F9 -> 43.6 | G10: =+G8-G9 -> 91.6 | H10: =+H8-H9 -> 28 | I10: =+I8-I9 -> 21.2 | J10: =+J8-J9 -> 25.5 | K10: =+K8-K9 -> 22.8 | ... N10: =+N8-N9 -> 176
B11: Full Enrollment
C12: Prior Year Comparison | D12: =D8-E8 -> -138 | E12: =E8-F8 -> -227 | F12: =F8-G8 -> -240 | G12: =G8-H8 -> 15 | H12: =H8-I8 -> -21.7 | I12: =I8-J8 -> -420.3 | J12: =J8-K8 -> -8 | K12: =K8-L8 -> -45.1 | ... M12: =M8-N8 -> -74
C13: Base-year Comparison | D13: =D8-$N$8 -> -1294 | E13: =E8-$N$8 -> -1156 | F13: =F8-$N$8 -> -929 | G13: =G8-$N$8 -> -689 | H13: =H8-$N$8 -> -704 | I13: =I8-$N$8 -> -682.3 | J13: =J8-$N$8 -> -262 | K13: =K8-$N$8 -> -254 | ... M13: =M8-$N$8 -> -74
B14: Weighted Enrollment
C15: Prior Year Comparison | D15: =D9-E9 -> -133 | E15: =E9-F9 -> -210.4 | F15: =F9-G9 -> -192 | G15: =G9-H9 -> -48.6 | H15: =H9-I9 -> -28.5 | I15: =I9-J9 -> -416 | J15: =J9-K9 -> -10.7 | K15: =K9-L9 -> -48 | ... M15: =M9-N9 -> 81.2 | N15: 0
C16: Base-year Comparison | D16: =D9-$N$9 -> -1140 | E16: =E9-$N$9 -> -1007 | F16: =F9-$N$9 -> -796.6 | G16: =G9-$N$9 -> -604.6 | H16: =H9-$N$9 -> -556 | I16: =I9-$N$9 -> -527.5 | J16: =J9-$N$9 -> -111.5 | K16: =K9-$N$9 -> -100.8 | ... M16: =M9-$N$9 -> 81.2 | N16: 0
D17: =+D8/L8-1 -> -0.18890688 | E17: =+E16/N9 -> -0.17431193
A19: Prog | B19: Func. | C19: Staff | D19: Est | E19: 2025 | F19: Est | L19: 2018 | O19: # Change | P19: % Change | Z19: =+(4770-5777)/5777 -> -0.17431193
A20: 100 | B20: 1000 | C20: Licensed | D20: 204 | E20: 222 | F20: 233.6 | G20: 234.4 | H20: 230.4 | I20: 240.27 | J20: 238 | K20: 239.17 | L20: 237.93 | O20: =+E20-L20 -> -15.93 | P20: =+O20/L20 -> -0.066952465
A21: 100 | B21: 1000 | C21: Non-Licensed | D21: 30 | E21: 44 | F21: 28.97 | G21: 24.63 | H21: =25.5 -> 25.5 | I21: 28.09 | J21: 26.03 | K21: 26.13 | L21: 24.16 | O21: =+E21-L21 -> 19.84 | P21: =+O21/L21 -> 0.82119205
A22: 200 | B22: 1000 | C22: Licensed | D22: 0 | E22: 0 | F22: 0 | G22: =1.4+1.5 -> 2.9 | H22: =6.4+5.5 -> 11.9 | O22: =+E22-L22 -> 0 | P22: =+O22/L22 -> #DIV/0!
B23: 1000 | C23: Non-Licensed | D23: 0 | E23: 0 | F23: 0 | G23: 0 | H23: =5+1 -> 6 | O23: =+E23-L23 -> 0 | P23: =+O23/L23 -> #DIV/0!
A24: 300 | B24: 1000 | C24: Licensed | D24: 8 | E24: 7 | F24: 7 | G24: 6 | H24: 7 | I24: 10 | J24: 9.7 | K24: 9.54 | L24: 9.5 | O24: =+E24-L24 -> -2.5 | P24: =+O24/L24 -> -0.26315789
B25: 1000 | C25: Non-Licensed | D25: 0 | E25: 0 | F25: 0 | G25: 0 | H25: 0 | O25: =+E25-L25 -> 0 | P25: =+O25/L25 -> #DIV/0!
A26: 400 | B26: 1000 | C26: Licensed | D26: 7 | E26: 8 | F26: 2 | G26: 2 | H26: 2 | I26: 14.5 | J26: 15 | K26: 15.5 | L26: 14.5 | O26: =+E26-L26 -> -6.5 | P26: =+O26/L26 -> -0.44827586
B27: 1000 | C27: Non-Licensed | D27: 7 | E27: 7 | F27: 5 | G27: 5 | H27: 5 | I27: 6 | J27: 6.88 | K27: 7.75 | L27: 8.1 | O27: =+E27-L27 -> -1.1 | P27: =+O27/L27 -> -0.13580247
A28: 600 | B28: 1000 | C28: Licensed | O28: =+E28-L28 -> 0 | P28: =+O28/L28 -> #DIV/0!
B29: 1000 | C29: Non-Licensed | O29: =+E29-L29 -> 0 | P29: =+O29/L29 -> #DIV/0!
A30: 900 | B30: 1000 | C30: Licensed | O30: =+E30-L30 -> 0 | P30: =+O30/L30 -> #DIV/0!
B31: 1000 | C31: Non-Licensed | O31: =+E31-L31 -> 0 | P31: =+O31/L31 -> #DIV/0!
B32: 2100 | C32: Licensed | D32: 26 | E32: 31 | F32: 22 | G32: 22 | H32: 20.5 | I32: 18 | J32: 16 | K32: 16.5 | L32: 17 | O32: =+E32-L32 -> 14 | P32: =+O32/L32 -> 0.82352941
B33: 2100 | C33: Non-Licensed | D33: 8 | E33: 12 | F33: 13.08 | G33: 13.08 | H33: 12.7 | I33: 14.8 | J33: 14.08 | K33: 14.08 | L33: 14.1 | O33: =+E33-L33 -> -2.1 | P33: =+O33/L33 -> -0.14893617
B34: 2200 | C34: Licensed | D34: 8 | E34: 8 | F34: 6.3 | G34: 6.3 | H34: 6.3 | I34: 6.6 | J34: 9 | K34: 6 | L34: 6 | O34: =+E34-L34 -> 2 | P34: =+O34/L34 -> 0.33333333
B35: 2200 | C35: Non-Licensed | D35: 8 | E35: 8 | F35: 8.13 | G35: 8.13 | H35: 8.1 | I35: 8.13 | J35: 8.13 | K35: 7.63 | L35: 8.1 | O35: =+E35-L35 -> -0.1 | P35: =+O35/L35 -> -0.012345679
B36: 2300 | C36: Licensed | D36: 1 | E36: 1 | F36: 1 | G36: 1 | H36: 1 | I36: 1 | J36: 1 | K36: 1 | L36: 1 | O36: =+E36-L36 -> 0 | P36: =+O36/L36 -> 0
B37: 2300 | C37: Non-Licensed | D37: 3 | E37: 3 | F37: 3 | G37: 3 | H37: 1 | I37: 1 | J37: 1 | K37: 1 | L37: 1 | O37: =+E37-L37 -> 2 | P37: =+O37/L37 -> 2
B38: 2400 | C38: Licensed | D38: 22 | E38: 23 | F38: 22.5 | G38: 22.5 | H38: 23 | I38: 23 | J38: 21 | K38: 21 | L38: 21 | O38: =+E38-L38 -> 2 | P38: =+O38/L38 -> 0.095238095
B39: 2400 | C39: Non-Licensed | D39: 28 | E39: 29 | F39: 28.3 | G39: 28.3 | H39: 27 | I39: 32.2 | J39: 31.9 | K39: 33.72 | L39: 33 | O39: =+E39-L39 -> -4 | P39: =+O39/L39 -> -0.12121212
B40: 2500 | C40: Licensed | D40: 1 | E40: 1 | F40: 1 | G40: 1 | H40: 1 | I40: 1 | J40: 1 | K40: 1 | L40: 1 | O40: =+E40-L40 -> 0 | P40: =+O40/L40 -> 0
B41: 2500 | C41: Non-Licensed | D41: 15 | E41: 15 | F41: 15 | G41: 15 | H41: 15.8 | I41: 15.9 | J41: 17 | K41: 17.88 | L41: 16.9 | O41: =+E41-L41 -> -1.9 | P41: =+O41/L41 -> -0.11242604
B42: 2600 | C42: Licensed | D42: 0 | E42: 0 | F42: 0 | G42: 0 | H42: 0 | I42: 0 | L42: 0 | O42: =+E42-L42 -> 0 | P42: =+O42/L42 -> #DIV/0!
B43: 2600 | C43: Non-Licensed | D43: 60 | E43: 64 | F43: 61.13 | G43: 61.13 | H43: 60.3 | I43: 65 | J43: 61 | K43: 60.8 | L43: 61.3 | O43: =+E43-L43 -> 2.7 | P43: =+O43/L43 -> 0.044045677
B44: 2700 | C44: Licensed | D44: 0 | E44: 0 | F44: 0 | G44: 0 | H44: 0 | O44: =+E44-L44 -> 0 | P44: =+O44/L44 -> #DIV/0!
B45: 2700 | C45: Non-Licensed | D45: 47 | E45: 47 | F45: 42.88 | G45: 43.38 | H45: 41.6 | I45: 45.6 | J45: 46.8 | K45: 46.25 | L45: 47.5 | O45: =+E45-L45 -> -0.5 | P45: =+O45/L45 -> -0.010526316
B46: 2900 | C46: Licensed
B47: 2900 | C47: Non-Licensed
B48: 3100 | C48: Licensed
B49: 3100 | C49: Non-Licensed
B50: 3300 | C50: Licensed
B51: 3300 | C51: Non-Licensed
C53: Total All GF Employees | D53: =SUM(D20:D51) -> 483 | E53: =SUM(E20:E51) -> 530 | F53: =SUM(F20:F51) -> 500.89 | G53: =SUM(G20:G51) -> 499.75 | H53: =SUM(H20:H51) -> 506.1 | I53: =SUM(I20:I51) -> 531.09 | J53: =SUM(J20:J51) -> 523.52 | K53: =SUM(K20:K51) -> 524.95 | ... M53: =SUM(M20:M51) -> 0 | O53: =SUM(O20:O51) -> 7.91 | P53: =+O53/L53 -> 0.015150645
C55: Licensed | D55: =SUMIF($C$19:$C$53,+$C55,D$19:D$53) -> 277 | E55: =SUMIF($C$19:$C$53,+$C55,E$19:E$53) -> 301 | F55: =SUMIF($C$19:$C$53,+$C55,F$19:F$53) -> 295.4 | G55: =SUMIF($C$19:$C$53,+$C55,G$19:G$53) -> 298.1 | H55: =SUMIF($C$19:$C$53,+$C55,H$19:H$53) -> 303.1 | I55: =SUMIF($C$19:$C$53,+$C55,I$19:I$53) -> 314.37 | J55: =SUMIF($C$19:$C$53,+$C55,J$19:J$53) -> 310.7 | K55: =SUMIF($C$19:$C$53,+$C55,K$19:K$53) -> 309.71 | ... M55: =SUMIF($C$19:$C$53,+$C55,M$19:M$53) -> 0 | O55: =SUMIF($C$19:$C$53,+$C55,O$19:O$53) -> -6.93 | P55: =+O55/L55 -> -0.022505115
C56: Non-Licensed | D56: =SUMIF($C$19:$C$53,+$C56,D$19:D$53) -> 206 | E56: =SUMIF($C$19:$C$53,+$C56,E$19:E$53) -> 229 | F56: =SUMIF($C$19:$C$53,+$C56,F$19:F$53) -> 205.49 | G56: =SUMIF($C$19:$C$53,+$C56,G$19:G$53) -> 201.65 | H56: =SUMIF($C$19:$C$53,+$C56,H$19:H$53) -> 203 | I56: =SUMIF($C$19:$C$53,+$C56,I$19:I$53) -> 216.72 | J56: =SUMIF($C$19:$C$53,+$C56,J$19:J$53) -> 212.82 | K56: =SUMIF($C$19:$C$53,+$C56,K$19:K$53) -> 215.24 | ... M56: =SUMIF($C$19:$C$53,+$C56,M$19:M$53) -> 0 | O56: =SUMIF($C$19:$C$53,+$C56,O$19:O$53) -> 14.84 | P56: =+O56/L56 -> 0.069293986
C58: Total | D58: =SUM(D55:D57) -> 483 | E58: =SUM(E55:E57) -> 530 | F58: =SUM(F55:F57) -> 500.89 | G58: =SUM(G55:G57) -> 499.75 | H58: =SUM(H55:H57) -> 506.1 | I58: =SUM(I55:I57) -> 531.09 | J58: =SUM(J55:J57) -> 523.52 | K58: =SUM(K55:K57) -> 524.95 | ... M58: =SUM(M55:M57) -> 0 | O58: =SUM(O55:O57) -> 7.91 | P58: =+O58/L58 -> 0.015150645
C62: Other Instructional Programs | D62: =SUM(D22:D27) -> 22 | E62: =SUM(E22:E27) -> 22 | F62: =SUM(F22:F27) -> 14 | G62: =SUM(G22:G27) -> 15.9 | H62: =SUM(H22:H27) -> 31.9 | I62: =SUM(I22:I27) -> 30.5 | J62: =SUM(J22:J27) -> 31.58 | K62: =SUM(K22:K27) -> 32.79 | L62: =SUM(L22:L27) -> 32.1
C64: Est Per Pupil Amount | D64: =885.17*12 -> 10622.04
D65: =+D64*D9 -> 49254399
B68: FTE Summary by Function | D68: 2026 | E68: 2025 | F68: 2024 | G68: =F68-1 -> 2023 | H68: =G68-1 -> 2022 | I68: =H68-1 -> 2021 | J68: =I68-1 -> 2020 | K68: =J68-1 -> 2019 | L68: =K68-1 -> 2018
B69: 1000 | C69: Instruction | D69: =SUMIF($B$20:$B$51,"1000",D$20:D$51) -> 256 | E69: =SUMIF($B$20:$B$51,"1000",E$20:E$51) -> 288 | F69: =SUMIF($B$20:$B$51,"1000",F$20:F$51) -> 276.57 | G69: =SUMIF($B$20:$B$51,"1000",G$20:G$51) -> 274.93 | H69: =SUMIF($B$20:$B$51,"1000",H$20:H$51) -> 287.8 | I69: =SUMIF($B$20:$B$51,"1000",I$20:I$51) -> 298.86 | J69: =SUMIF($B$20:$B$51,"1000",J$20:J$51) -> 295.61 | K69: =SUMIF($B$20:$B$51,"1000",K$20:K$51) -> 298.09 | L69: =SUMIF($B$20:$B$51,"1000",L$20:L$51) -> 294.19
B70: 2100 | C70: Student Support | D70: =SUMIF($B$20:$B$51,"2100",D$20:D$51) -> 34 | E70: =SUMIF($B$20:$B$51,"2100",E$20:E$51) -> 43 | F70: =SUMIF($B$20:$B$51,"2100",F$20:F$51) -> 35.08 | G70: =SUMIF($B$20:$B$51,"2100",G$20:G$51) -> 35.08 | H70: =SUMIF($B$20:$B$51,"2100",H$20:H$51) -> 33.2 | I70: =SUMIF($B$20:$B$51,"2100",I$20:I$51) -> 32.8 | J70: =SUMIF($B$20:$B$51,"2100",J$20:J$51) -> 30.08 | K70: =SUMIF($B$20:$B$51,"2100",K$20:K$51) -> 30.58 | L70: =SUMIF($B$20:$B$51,"2100",L$20:L$51) -> 31.1
B71: 2200 | C71: Staff Support | D71: =SUMIF($B$20:$B$51,"2200",D$20:D$51) -> 16 | E71: =SUMIF($B$20:$B$51,"2200",E$20:E$51) -> 16 | F71: =SUMIF($B$20:$B$51,"2200",F$20:F$51) -> 14.43 | G71: =SUMIF($B$20:$B$51,"2200",G$20:G$51) -> 14.43 | H71: =SUMIF($B$20:$B$51,"2200",H$20:H$51) -> 14.4 | I71: =SUMIF($B$20:$B$51,"2200",I$20:I$51) -> 14.73 | J71: =SUMIF($B$20:$B$51,"2200",J$20:J$51) -> 17.13 | K71: =SUMIF($B$20:$B$51,"2200",K$20:K$51) -> 13.63 | L71: =SUMIF($B$20:$B$51,"2200",L$20:L$51) -> 14.1
B72: 2300 | C72: General Admin | D72: =SUMIF($B$20:$B$51,"2300",D$20:D$51) -> 4 | E72: =SUMIF($B$20:$B$51,"2300",E$20:E$51) -> 4 | F72: =SUMIF($B$20:$B$51,"2300",F$20:F$51) -> 4 | G72: =SUMIF($B$20:$B$51,"2300",G$20:G$51) -> 4 | H72: =SUMIF($B$20:$B$51,"2300",H$20:H$51) -> 2 | I72: =SUMIF($B$20:$B$51,"2300",I$20:I$51) -> 2 | J72: =SUMIF($B$20:$B$51,"2300",J$20:J$51) -> 2 | K72: =SUMIF($B$20:$B$51,"2300",K$20:K$51) -> 2 | L72: =SUMIF($B$20:$B$51,"2300",L$20:L$51) -> 2
B73: 2400 | C73: School Admin. | D73: =SUMIF($B$20:$B$51,"2400",D$20:D$51) -> 50 | E73: =SUMIF($B$20:$B$51,"2400",E$20:E$51) -> 52 | F73: =SUMIF($B$20:$B$51,"2400",F$20:F$51) -> 50.8 | G73: =SUMIF($B$20:$B$51,"2400",G$20:G$51) -> 50.8 | H73: =SUMIF($B$20:$B$51,"2400",H$20:H$51) -> 50 | I73: =SUMIF($B$20:$B$51,"2400",I$20:I$51) -> 55.2 | J73: =SUMIF($B$20:$B$51,"2400",J$20:J$51) -> 52.9 | K73: =SUMIF($B$20:$B$51,"2400",K$20:K$51) -> 54.72 | L73: =SUMIF($B$20:$B$51,"2400",L$20:L$51) -> 54
B74: 2500 | C74: Central Support | D74: =SUMIF($B$20:$B$51,"2500",D$20:D$51) -> 16 | E74: =SUMIF($B$20:$B$51,"2500",E$20:E$51) -> 16 | F74: =SUMIF($B$20:$B$51,"2500",F$20:F$51) -> 16 | G74: =SUMIF($B$20:$B$51,"2500",G$20:G$51) -> 16 | H74: =SUMIF($B$20:$B$51,"2500",H$20:H$51) -> 16.8 | I74: =SUMIF($B$20:$B$51,"2500",I$20:I$51) -> 16.9 | J74: =SUMIF($B$20:$B$51,"2500",J$20:J$51) -> 18 | K74: =SUMIF($B$20:$B$51,"2500",K$20:K$51) -> 18.88 | L74: =SUMIF($B$20:$B$51,"2500",L$20:L$51) -> 17.9
B75: 2600 | C75: Operations & Maintenance | D75: =SUMIF($B$20:$B$51,"2600",D$20:D$51) -> 60 | E75: =SUMIF($B$20:$B$51,"2600",E$20:E$51) -> 64 | F75: =SUMIF($B$20:$B$51,"2600",F$20:F$51) -> 61.13 | G75: =SUMIF($B$20:$B$51,"2600",G$20:G$51) -> 61.13 | H75: =SUMIF($B$20:$B$51,"2600",H$20:H$51) -> 60.3 | I75: =SUMIF($B$20:$B$51,"2600",I$20:I$51) -> 65 | J75: =SUMIF($B$20:$B$51,"2600",J$20:J$51) -> 61 | K75: =SUMIF($B$20:$B$51,"2600",K$20:K$51) -> 60.8 | L75: =SUMIF($B$20:$B$51,"2600",L$20:L$51) -> 61.3
B76: 2700 | C76: Transportation | D76: =SUMIF($B$20:$B$51,"2700",D$20:D$51) -> 47 | E76: =SUMIF($B$20:$B$51,"2700",E$20:E$51) -> 47 | F76: =SUMIF($B$20:$B$51,"2700",F$20:F$51) -> 42.88 | G76: =SUMIF($B$20:$B$51,"2700",G$20:G$51) -> 43.38 | H76: =SUMIF($B$20:$B$51,"2700",H$20:H$51) -> 41.6 | I76: =SUMIF($B$20:$B$51,"2700",I$20:I$51) -> 45.6 | J76: =SUMIF($B$20:$B$51,"2700",J$20:J$51) -> 46.8 | K76: =SUMIF($B$20:$B$51,"2700",K$20:K$51) -> 46.25 | L76: =SUMIF($B$20:$B$51,"2700",L$20:L$51) -> 47.5
B77: 2900 | C77: Other Support | D77: =SUMIF($B$20:$B$51,"2900",D$20:D$51) -> 0 | E77: =SUMIF($B$20:$B$51,"2900",E$20:E$51) -> 0 | F77: =SUMIF($B$20:$B$51,"2900",F$20:F$51) -> 0 | G77: =SUMIF($B$20:$B$51,"2900",G$20:G$51) -> 0 | H77: =SUMIF($B$20:$B$51,"2900",H$20:H$51) -> 0 | I77: =SUMIF($B$20:$B$51,"2900",I$20:I$51) -> 0 | J77: =SUMIF($B$20:$B$51,"2900",J$20:J$51) -> 0 | K77: =SUMIF($B$20:$B$51,"2900",K$20:K$51) -> 0 | L77: =SUMIF($B$20:$B$51,"2900",L$20:L$51) -> 0
B78: 3000 | C78: Community Services | D78: =SUMIF($B$20:$B$51,"3000",D$20:D$51) -> 0 | E78: =SUMIF($B$20:$B$51,"3000",E$20:E$51) -> 0 | F78: =SUMIF($B$20:$B$51,"3000",F$20:F$51) -> 0 | G78: =SUMIF($B$20:$B$51,"3000",G$20:G$51) -> 0 | H78: =SUMIF($B$20:$B$51,"3000",H$20:H$51) -> 0 | I78: =SUMIF($B$20:$B$51,"3000",I$20:I$51) -> 0 | J78: =SUMIF($B$20:$B$51,"3000",J$20:J$51) -> 0 | K78: =SUMIF($B$20:$B$51,"3000",K$20:K$51) -> 0 | L78: =SUMIF($B$20:$B$51,"3000",L$20:L$51) -> 0
C80: Total | D80: =SUM(D69:D79) -> 483 | E80: =SUM(E69:E79) -> 530 | F80: =SUM(F69:F79) -> 500.89 | G80: =SUM(G69:G79) -> 499.75 | H80: =SUM(H69:H79) -> 506.1 | I80: =SUM(I69:I79) -> 531.09 | J80: =SUM(J69:J79) -> 523.52 | K80: =SUM(K69:K79) -> 524.95 | L80: =SUM(L69:L79) -> 522.09
B82: % Change from Prior year
B83: FTE Summary by Function | D83: 2026 | E83: 2025 | F83: 2024 | G83: =F83-1 -> 2023 | H83: =G83-1 -> 2022 | I83: =H83-1 -> 2021 | J83: =I83-1 -> 2020 | K83: =J83-1 -> 2019 | L83: =K83-1 -> 2018
B84: 1000 | C84: Instruction | D84: =+D69/E69-1 -> -0.11111111 | E84: =+E69/F69-1 -> 0.041327693 | F84: =+F69/G69-1 -> 0.0059651548 | G84: =+G69/H69-1 -> -0.044718555 | H84: =+H69/I69-1 -> -0.037007294 | I84: =+I69/J69-1 -> 0.010994215 | J84: =+J69/K69-1 -> -0.008319635 | K84: =+K69/L69-1 -> 0.013256739
B85: 2100 | C85: Student Support | D85: =+D70/E70-1 -> -0.20930233 | E85: =+E70/F70-1 -> 0.22576967 | F85: =+F70/G70-1 -> 0 | G85: =+G70/H70-1 -> 0.056626506 | H85: =+H70/I70-1 -> 0.012195122 | I85: =+I70/J70-1 -> 0.090425532 | J85: =+J70/K70-1 -> -0.016350556 | K85: =+K70/L70-1 -> -0.016720257
B86: 2200 | C86: Staff Support | D86: =+D71/E71-1 -> 0 | E86: =+E71/F71-1 -> 0.10880111 | F86: =+F71/G71-1 -> 0 | G86: =+G71/H71-1 -> 0.0020833333 | H86: =+H71/I71-1 -> -0.022403259 | I86: =+I71/J71-1 -> -0.14010508 | J86: =+J71/K71-1 -> 0.2567865 | K86: =+K71/L71-1 -> -0.033333333
B87: 2300 | C87: General Admin | D87: =+D72/E72-1 -> 0 | E87: =+E72/F72-1 -> 0 | F87: =+F72/G72-1 -> 0 | G87: =+G72/H72-1 -> 1 | H87: =+H72/I72-1 -> 0 | I87: =+I72/J72-1 -> 0 | J87: =+J72/K72-1 -> 0 | K87: =+K72/L72-1 -> 0
B88: 2400 | C88: School Admin. | D88: =+D73/E73-1 -> -0.038461538 | E88: =+E73/F73-1 -> 0.023622047 | F88: =+F73/G73-1 -> 0 | G88: =+G73/H73-1 -> 0.016 | H88: =+H73/I73-1 -> -0.094202899 | I88: =+I73/J73-1 -> 0.043478261 | J88: =+J73/K73-1 -> -0.033260234 | K88: =+K73/L73-1 -> 0.013333333
B89: 2500 | C89: Central Support | D89: =+D74/E74-1 -> 0 | E89: =+E74/F74-1 -> 0 | F89: =+F74/G74-1 -> 0 | G89: =+G74/H74-1 -> -0.047619048 | H89: =+H74/I74-1 -> -0.0059171598 | I89: =+I74/J74-1 -> -0.061111111 | J89: =+J74/K74-1 -> -0.046610169 | K89: =+K74/L74-1 -> 0.054748603
B90: 2600 | C90: Operations & Maintenance | D90: =+D75/E75-1 -> -0.0625 | E90: =+E75/F75-1 -> 0.046949125 | F90: =+F75/G75-1 -> 0 | G90: =+G75/H75-1 -> 0.013764511 | H90: =+H75/I75-1 -> -0.072307692 | I90: =+I75/J75-1 -> 0.06557377 | J90: =+J75/K75-1 -> 0.0032894737 | K90: =+K75/L75-1 -> -0.0081566069
B91: 2700 | C91: Transportation | D91: =+D76/E76-1 -> 0 | E91: =+E76/F76-1 -> 0.09608209 | F91: =+F76/G76-1 -> -0.011526049 | G91: =+G76/H76-1 -> 0.042788462 | H91: =+H76/I76-1 -> -0.087719298 | I91: =+I76/J76-1 -> -0.025641026 | J91: =+J76/K76-1 -> 0.011891892 | K91: =+K76/L76-1 -> -0.026315789
B92: 2900 | C92: Other Support
B93: 3000 | C93: Community Services
C95: Total | D95: =+D80/E80-1 -> -0.088679245 | E95: =+E80/F80-1 -> 0.058116553 | F95: =+F80/G80-1 -> 0.0022811406 | G95: =+G80/H80-1 -> -0.012546927 | H95: =+H80/I80-1 -> -0.047054172 | I95: =+I80/J80-1 -> 0.014459811 | J95: =+J80/K80-1 -> -0.002724069 | K95: =+K80/L80-1 -> 0.0054779827 | L95: =SUM(L84:L94) -> 0
B97: % Change Cumulative from Base Year (2018) | O97: % Change Cumulative from Base Year (2022)
B98: FTE Summary by Function | D98: 2026 | E98: 2025 | F98: 2024 | G98: =F98-1 -> 2023 | H98: =G98-1 -> 2022 | I98: =H98-1 -> 2021 | J98: =I98-1 -> 2020 | K98: =J98-1 -> 2019 | L98: =K98-1 -> 2018 | O98: FTE Summary by Function | R98: 2026 | S98: 2025 | T98: 2024 | U98: =T98-1 -> 2023 | V98: =U98-1 -> 2022 | W98: =V98-1 -> 2021 | X98: =W98-1 -> 2020 | Y98: =X98-1 -> 2019 | Z98: =Y98-1 -> 2018
B99: 1000 | C99: Instruction | D99: =+D69/$L69-1 -> -0.12981407 | E99: =+E69/$L69-1 -> -0.021040824 | F99: =+F69/$L69-1 -> -0.059893266 | G99: =+G69/$L69-1 -> -0.065467895 | H99: =+H69/$L69-1 -> -0.021720657 | I99: =+I69/$L69-1 -> 0.015874095 | J99: =+J69/$L69-1 -> 0.0048268126 | K99: =+K69/$L69-1 -> 0.013256739 | O99: 1000 | P99: Instruction | R99: =+D69/$H69-1 -> -0.1104934 | S99: =+E69/$H69-1 -> 0.00069492703 | T99: =+F69/$H69-1 -> -0.039020153 | U99: =+G69/$H69-1 -> -0.044718555
B100: 2100 | C100: Student Support | D100: =+D70/$L70-1 -> 0.093247588 | E100: =+E70/$L70-1 -> 0.38263666 | F100: =+F70/$L70-1 -> 0.12797428 | G100: =+G70/$L70-1 -> 0.12797428 | H100: =+H70/$L70-1 -> 0.067524116 | I100: =+I70/$L70-1 -> 0.054662379 | J100: =+J70/$L70-1 -> -0.032797428 | K100: =+K70/$L70-1 -> -0.016720257 | O100: 2100 | P100: Student Support | R100: =+D70/$H70-1 -> 0.024096386 | S100: =+E70/$H70-1 -> 0.29518072 | T100: =+F70/$H70-1 -> 0.056626506 | U100: =+G70/$H70-1 -> 0.056626506
B101: 2200 | C101: Staff Support | D101: =+D71/$L71-1 -> 0.13475177 | E101: =+E71/$L71-1 -> 0.13475177 | F101: =+F71/$L71-1 -> 0.023404255 | G101: =+G71/$L71-1 -> 0.023404255 | H101: =+H71/$L71-1 -> 0.021276596 | I101: =+I71/$L71-1 -> 0.044680851 | J101: =+J71/$L71-1 -> 0.21489362 | K101: =+K71/$L71-1 -> -0.033333333 | O101: 2200 | P101: Staff Support | R101: =+D71/$H71-1 -> 0.11111111 | S101: =+E71/$H71-1 -> 0.11111111 | T101: =+F71/$H71-1 -> 0.0020833333 | U101: =+G71/$H71-1 -> 0.0020833333
B102: 2300 | C102: General Admin | D102: =+D72/$L72-1 -> 1 | E102: =+E72/$L72-1 -> 1 | F102: =+F72/$L72-1 -> 1 | G102: =+G72/$L72-1 -> 1 | H102: =+H72/$L72-1 -> 0 | I102: =+I72/$L72-1 -> 0 | J102: =+J72/$L72-1 -> 0 | K102: =+K72/$L72-1 -> 0 | O102: 2300 | P102: General Admin | R102: =+D72/$H72-1 -> 1 | S102: =+E72/$H72-1 -> 1 | T102: =+F72/$H72-1 -> 1 | U102: =+G72/$H72-1 -> 1
B103: 2400 | C103: School Admin. | D103: =+D73/$L73-1 -> -0.074074074 | E103: =+E73/$L73-1 -> -0.037037037 | F103: =+F73/$L73-1 -> -0.059259259 | G103: =+G73/$L73-1 -> -0.059259259 | H103: =+H73/$L73-1 -> -0.074074074 | I103: =+I73/$L73-1 -> 0.022222222 | J103: =+J73/$L73-1 -> -0.02037037 | K103: =+K73/$L73-1 -> 0.013333333 | O103: 2400 | P103: School Admin. | R103: =+D73/$H73-1 -> 0 | S103: =+E73/$H73-1 -> 0.04 | T103: =+F73/$H73-1 -> 0.016 | U103: =+G73/$H73-1 -> 0.016
B104: 2500 | C104: Central Support | D104: =+D74/$L74-1 -> -0.10614525 | E104: =+E74/$L74-1 -> -0.10614525 | F104: =+F74/$L74-1 -> -0.10614525 | G104: =+G74/$L74-1 -> -0.10614525 | H104: =+H74/$L74-1 -> -0.061452514 | I104: =+I74/$L74-1 -> -0.055865922 | J104: =+J74/$L74-1 -> 0.0055865922 | K104: =+K74/$L74-1 -> 0.054748603 | O104: 2500 | P104: Central Support | R104: =+D74/$H74-1 -> -0.047619048 | S104: =+E74/$H74-1 -> -0.047619048 | T104: =+F74/$H74-1 -> -0.047619048 | U104: =+G74/$H74-1 -> -0.047619048
B105: 2600 | C105: Operations & Maintenance | D105: =+D75/$L75-1 -> -0.021207178 | E105: =+E75/$L75-1 -> 0.044045677 | F105: =+F75/$L75-1 -> -0.0027732463 | G105: =+G75/$L75-1 -> -0.0027732463 | H105: =+H75/$L75-1 -> -0.016313214 | I105: =+I75/$L75-1 -> 0.060358891 | J105: =+J75/$L75-1 -> -0.0048939641 | K105: =+K75/$L75-1 -> -0.0081566069 | O105: 2600 | P105: Operations & Maintenance | R105: =+D75/$H75-1 -> -0.0049751244 | S105: =+E75/$H75-1 -> 0.061359867 | T105: =+F75/$H75-1 -> 0.013764511 | U105: =+G75/$H75-1 -> 0.013764511
B106: 2700 | C106: Transportation | D106: =+D76/$L76-1 -> -0.010526316 | E106: =+E76/$L76-1 -> -0.010526316 | F106: =+F76/$L76-1 -> -0.097263158 | G106: =+G76/$L76-1 -> -0.086736842 | H106: =+H76/$L76-1 -> -0.12421053 | I106: =+I76/$L76-1 -> -0.04 | J106: =+J76/$L76-1 -> -0.014736842 | K106: =+K76/$L76-1 -> -0.026315789 | O106: 2700 | P106: Transportation | R106: =+D76/$H76-1 -> 0.12980769 | S106: =+E76/$H76-1 -> 0.12980769 | T106: =+F76/$H76-1 -> 0.030769231 | U106: =+G76/$H76-1 -> 0.042788462
B107: 2900 | C107: Other Support | O107: 2900 | P107: Other Support
B108: 3000 | C108: Community Services | O108: 3000 | P108: Community Services
C110: Total | D110: =+D80/$L80-1 -> -0.074872148 | E110: =+E80/$L80-1 -> 0.015150645 | F110: =+F80/$L80-1 -> -0.040606026 | G110: =+G80/$L80-1 -> -0.042789557 | H110: =+H80/$L80-1 -> -0.030626903 | I110: =+I80/$L80-1 -> 0.017238407 | J110: =+J80/$L80-1 -> 0.0027389914 | K110: =+K80/$L80-1 -> 0.0054779827 | L110: =SUM(L99:L109) -> 0 | P110: ``` | R110: =+D80/$H80-1 -> -0.045643154 | S110: =+E80/$H80-1 -> 0.047223869 | T110: =+F80/$H80-1 -> -0.010294408 | U110: =+G80/$H80-1 -> -0.012546927 | V110: =+U80/$L80-1 -> -1 | W110: =+V80/$L80-1 -> -1 | X110: =+W80/$L80-1 -> -1 | Y110: =+X80/$L80-1 -> -1 | Z110: =SUM(Z99:Z109) -> 0
A113: Pupil/Staff Ratio - Full Enrollment
B114: 1000 | C114: Instruction | D114: =IFERROR(+D$8/D69," ") -> 18.199219 | E114: =IFERROR(+E$8/E69," ") -> 16.65625 | F114: =IFERROR(+F$8/F69," ") -> 18.165383 | G114: =IFERROR(+G$8/G69," ") -> 19.146692 | H114: =IFERROR(+H$8/H69," ") -> 18.23836 | I114: =IFERROR(+I$8/I69," ") -> 17.636017 | J114: =IFERROR(+J$8/J69," ") -> 19.251717 | K114: =IFERROR(+K$8/K69," ") -> 19.118387 | L114: =IFERROR(+L$8/L69," ") -> 19.525137
B115: 2100 | C115: Student Support | D115: =IFERROR(+D$8/D70," ") -> 137.02941 | E115: =IFERROR(+E$8/E70," ") -> 111.55814 | F115: =IFERROR(+F$8/F70," ") -> 143.21551 | G115: =IFERROR(+G$8/G70," ") -> 150.05701 | H115: =IFERROR(+H$8/H70," ") -> 158.10241 | I115: =IFERROR(+I$8/I70," ") -> 160.69207 | J115: =IFERROR(+J$8/J70," ") -> 189.19548 | K115: =IFERROR(+K$8/K70," ") -> 186.36364 | L115: =IFERROR(+L$8/L70," ") -> 184.69775
B116: 2200 | C116: Staff Support | D116: =IFERROR(+D$8/D71," ") -> 291.1875 | E116: =IFERROR(+E$8/E71," ") -> 299.8125 | F116: =IFERROR(+F$8/F71," ") -> 348.16355 | G116: =IFERROR(+G$8/G71," ") -> 364.79556 | H116: =IFERROR(+H$8/H71," ") -> 364.51389 | I116: =IFERROR(+I$8/I71," ") -> 357.82077 | J116: =IFERROR(+J$8/J71," ") -> 332.22417 | K116: =IFERROR(+K$8/K71," ") -> 418.12179 | L116: =IFERROR(+L$8/L71," ") -> 407.38298
B117: 2300 | C117: General Admin | D117: =IFERROR(+D$8/D72," ") -> 1164.75 | E117: =IFERROR(+E$8/E72," ") -> 1199.25 | F117: =IFERROR(+F$8/F72," ") -> 1256 | G117: =IFERROR(+G$8/G72," ") -> 1316 | H117: =IFERROR(+H$8/H72," ") -> 2624.5 | I117: =IFERROR(+I$8/I72," ") -> 2635.35 | J117: =IFERROR(+J$8/J72," ") -> 2845.5 | K117: =IFERROR(+K$8/K72," ") -> 2849.5 | L117: =IFERROR(+L$8/L72," ") -> 2872.05
...

Sheet Dem Profile (NV Report)
A1: Group Summary Report
A2: Demographic Profile
A4: Organization Code | B4: Group | C4: Accountability Year | D4: # Enrolled | E4: # Am In/AK Native | F4: # Asian | G4: # Hispanic | H4: # Black | I4: # White | J4: # Pacific Islander | K4: # Two or More Races | M4: # Male | N4: # Female | O4: # Gender Unknown | P4: # Individual Education Program | Q4: # English Learners | R4: # Free or Reduced Price Lunch | S4: # Migrant | T4: # Homeless | U4: # Foster | V4: # Military Connected | W4: # EL Continuously Enrolled | X4: # EL Continuously Enrolled Proficient | Y4: # Pre-Kindergarten | Z4: # Kindergarten | AA4: # Grade 01 | AB4: # Grade 02 | AC4: # Grade 03 | AD4: # Grade 04 | AE4: # Grade 05 | AF4: # Grade 06 | AG4: # Grade 07 | AH4: # Grade 08 | AI4: # Grade 09 | AJ4: # Grade 10 | AK4: # Grade 11 | AL4: # Grade 12 | AM4: # Grade 13
A5: 3 | B5: Douglas | C5: 2015-2016 | D5: 6041 | E5: 204 | F5: 87 | G5: 1253 | H5: 43 | I5: 4079 | J5: 19 | K5: 356 | M5: 3170 | N5: 2871 | O5: - | P5: 879 | Q5: 336 | R5: 1855 | S5: - | T5: - | U5: - | V5: 119 | W5: 336 | X5: 214 | Y5: 57 | Z5: - | AA5: 409 | AB5: 448 | AC5: 409 | AD5: 469 | AE5: 454 | AF5: 451 | AG5: 476 | AH5: 500 | AI5: 476 | AJ5: 483 | AK5: 496 | AL5: 496 | AM5: 0
A6: 3 | B6: Douglas | C6: 2016-2017 | D6: 5932 | E6: 192 | F6: 78 | G6: 1266 | H6: 38 | I6: 3982 | J6: 19 | K6: 357 | M6: 3121 | N6: 2811 | O6: - | P6: 872 | Q6: 310 | R6: 1822 | S6: - | T6: - | U6: - | V6: 138 | W6: 317 | X6: 181 | Y6: 44 | Z6: 369 | AA6: 423 | AB6: 405 | AC6: 436 | AD6: 427 | AE6: 457 | AF6: 444 | AG6: 457 | AH6: 490 | AI6: 512 | AJ6: 474 | AK6: 514 | AL6: 472 | AM6: 0
A7: 3 | B7: Douglas | C7: 2017-2018 | D7: 5798 | E7: 184 | F7: 78 | G7: 1297 | H7: 34 | I7: 3846 | J7: 18 | K7: 341 | M7: 3080 | N7: 2718 | O7: - | P7: 820 | Q7: 357 | R7: 1753 | S7: - | T7: - | U7: - | V7: 157 | W7: 317 | X7: 169 | Y7: 39 | Z7: - | AA7: 373 | AB7: 420 | AC7: 408 | AD7: 440 | AE7: 435 | AF7: 457 | AG7: 438 | AH7: 480 | AI7: 497 | AJ7: 494 | AK7: 476 | AL7: 447 | AM7: 0
A8: 3 | B8: Douglas | C8: 2018-2019 | D8: 5834 | E8: 176 | F8: 81 | G8: 1304 | H8: 31 | I8: 3880 | J8: 16 | K8: 346 | M8: 3104 | N8: 2730 | O8: - | P8: 782 | Q8: 304 | R8: 2069 | S8: - | T8: 86 | U8: 10 | V8: 211 | W8: 317 | X8: 170 | Y8: 142 | Z8: 367 | AA8: 403 | AB8: 377 | AC8: 430 | AD8: 413 | AE8: 446 | AF8: 432 | AG8: 469 | AH8: 447 | AI8: 471 | AJ8: 497 | AK8: 484 | AL8: 446 | AM8: 10
A9: 3 | B9: Douglas | C9: 2019-2020 | D9: 5786 | E9: 178 | F9: 85 | G9: 1322 | H9: 24 | I9: 3809 | J9: 20 | K9: 348 | M9: 3075 | N9: 2711 | O9: - | P9: 802 | Q9: 287 | R9: 2043 | S9: - | T9: 60 | U9: 10 | V9: 194 | W9: 293 | X9: 127 | Y9: 138 | Z9: 386 | AA9: 366 | AB9: 400 | AC9: 386 | AD9: 435 | AE9: 425 | AF9: 452 | AG9: 443 | AH9: 452 | AI9: 470 | AJ9: 478 | AK9: 486 | AL9: 460 | AM9: 0
A10: 3 | B10: Douglas | C10: 2020-2021 | D10: 5385 | E10: 170 | F10: 72 | G10: 1264 | H10: 22 | I10: 3537 | J10: 14 | K10: 306 | M10: 2851 | N10: 2534 | O10: - | P10: 704 | Q10: 244 | R10: 1632 | S10: - | T10: 65 | U10: - | V10: 70 | W10: 252 | X10: 86 | Y10: 94 | Z10: 323 | AA10: 355 | AB10: 341 | AC10: 368 | AD10: 377 | AE10: 411 | AF10: 398 | AG10: 430 | AH10: 432 | AI10: 463 | AJ10: 458 | AK10: 455 | AL10: 470 | AM10: 10
A11: 3 | B11: Douglas | C11: 2021-2022 | D11: 5383 | E11: 166 | F11: 73 | G11: 1280 | H11: 14 | I11: 3516 | J11: 16 | K11: 318 | M11: 2876 | N11: 2506 | O11: - | P11: 743 | Q11: 237 | R11: 1484 | S11: - | T11: 29 | U11: - | V11: 53 | W11: 236 | X11: 60 | Y11: 114 | Z11: 359 | AA11: 341 | AB11: 373 | AC11: 369 | AD11: 392 | AE11: 377 | AF11: 406 | AG11: 402 | AH11: 437 | AI11: 437 | AJ11: 473 | AK11: 450 | AL11: 440 | AM11: 13
A12: 3 | B12: Douglas | C12: 2022-2023 | D12: 5312 | E12: 150 | F12: 80 | G12: 1297 | H12: 19 | I12: 3433 | J12: 15 | K12: 318 | M12: 2848 | N12: 2463 | O12: - | P12: 734 | Q12: 226 | R12: 1569 | S12: - | T12: 24 | U12: - | V12: 25 | W12: 234 | X12: 48 | Y12: 143 | Z12: 313 | AA12: 366 | AB12: 351 | AC12: 383 | AD12: 371 | AE12: 393 | AF12: 375 | AG12: 397 | AH12: 401 | AI12: 468 | AJ12: 446 | AK12: 455 | AL12: 433 | AM12: 17
A13: 3 | B13: Douglas | C13: 2023-2024 | D13: 5032 | E13: 129 | F13: 77 | G13: 1241 | H13: 16 | I13: 3269 | J13: - | K13: 292 | M13: 2676 | N13: 2354 | O13: - | P13: 734 | Q13: 217 | R13: 1681 | S13: - | T13: 29 | U13: 13 | V13: 30 | W13: 206 | X13: 23 | Y13: 115 | Z13: 273 | AA13: 307 | AB13: 344 | AC13: 344 | AD13: 382 | AE13: 370 | AF13: 380 | AG13: 380 | AH13: 391 | AI13: 400 | AJ13: 448 | AK13: 437 | AL13: 444 | AM13: 17
A14: 3 | B14: Douglas | C14: 2024-2025 | D14: 4927 | E14: 116 | F14: 68 | G14: 1255 | H14: 16 | I14: 3171 | J14: 12 | K14: 289 | M14: 2582 | N14: 2344 | O14: - | P14: 739 | Q14: 212 | R14: 1685 | S14: - | T14: 59 | U14: - | V14: 53 | W14: 198 | X14: 32 | Y14: 121 | Z14: 289 | AA14: 292 | AB14: 304 | AC14: 370 | AD14: 356 | AE14: 380 | AF14: 375 | AG14: 376 | AH14: 378 | AI14: 416 | AJ14: 402 | AK14: 439 | AL14: 416 | AM14: 13
A15: 3 | B15: Douglas | C15: 2025-2026 | D15: 4731 | E15: 100 | F15: 67 | G15: 1201 | H15: - | I15: 3057 | J15: - | K15: 289 | M15: 2488 | N15: 2243 | O15: - | P15: 691 | Q15: 192 | R15: 1777 | S15: - | T15: 53 | U15: - | V15: 63 | W15: - | X15: - | Y15: 116 | Z15: 270 | AA15: 294 | AB15: 307 | AC15: 297 | AD15: 366 | AE15: 357 | AF15: 377 | AG15: 374 | AH15: 373 | AI15: 379 | AJ15: 408 | AK15: 387 | AL15: 415 | AM15: 11
Y17: =+Y10-Y9 -> -44 | Z17: =+Z10-Z9 -> -63 | AA17: =+AA10-AA9 -> -11 | AB17: =+AB10-AB9 -> -59 | AC17: =+AC10-AC9 -> -18 | AD17: =+AD10-AD9 -> -58 | AE17: =+AE10-AE9 -> -14 | AF17: =+AF10-AF9 -> -54 | ... AM17: =+AM10-AM9 -> 10

Sheet BLS Inflation Index
A1: Consumer Price Index for All Urban Consumers (CPI-U)
A2: Original Data Value
A4: Series Id: | B4: CUUR0400SA0
A5: Not Seasonally Adjusted
A6: Series Title: | B6: All items in West urban, all urban consumers, not seasonally adjusted
A7: Area: | B7: West
A8: Item: | B8: All items
A9: Base Period: | B9: 1982-84=100
A10: Years: | B10: 2015 to 2025
A12: Year | B12: Jan | C12: Feb | D12: Mar | E12: Apr | F12: May | G12: Jun | H12: Jul | I12: Aug | J12: Sep | K12: Oct | L12: Nov | M12: Dec | N12: Annual | O12: HALF1 | P12: HALF2 | Q12: Minimum | R12: Maximum
A13: 2015 | B13: 238.318 | C13: 239.748 | D13: 241.69 | E13: 242.302 | F13: 244.227 | G13: 244.332 | H13: 245.04 | I13: 244.737 | J13: 244.257 | K13: 244.341 | L13: 243.749 | M13: 243.434 | N13: 243.015 | O13: 241.77 | P13: 244.26
A14: 2016 | B14: 244.6 | C14: 244.821 | D14: 245.404 | E14: 246.589 | F14: 247.855 | G14: 248.228 | H14: 248.375 | I14: 248.498 | J14: 249.234 | K14: 249.897 | L14: 249.448 | M14: 249.516 | N14: 247.705 | O14: 246.25 | P14: 249.161
A15: 2017 | B15: 250.814 | C15: 252.252 | D15: 252.949 | E15: 253.806 | F15: 254.38 | G15: 254.469 | H15: 254.708 | I15: 255.282 | J15: 256.504 | K15: 257.223 | L15: 257.126 | M15: 257.347 | N15: 254.738 | O15: 253.112 | P15: 256.365
A16: 2018 | B16: 258.638 | C16: 259.986 | D16: 260.994 | E16: 262.037 | F16: 263.24 | G16: 263.732 | H16: 263.971 | I16: 264.395 | J16: 265.105 | K16: 266.195 | L16: 265.658 | M16: 265.209 | N16: 263.263 | O16: 261.438 | P16: 265.089
A17: 2019 | B17: 265.624 | C17: 266.215 | D17: 267.37 | E17: 269.522 | F17: 270.88 | G17: 270.957 | H17: 271.029 | I17: 271.264 | J17: 272.102 | K17: 273.524 | L17: 273.128 | M17: 272.584 | N17: 270.35 | O17: 268.428 | P17: 272.272
A18: 2020 | B18: 273.34 | C18: 274.412 | D18: 273.995 | E18: 272.913 | F18: 273.062 | G18: 274.155 | H18: 275.597 | I18: 276.443 | J18: 276.422 | K18: 276.876 | L18: 276.875 | M18: 276.593 | N18: 275.057 | O18: 273.646 | P18: 276.468
A19: 2021 | B19: 277.238 | C19: 278.702 | D19: 280.625 | E19: 283.507 | F19: 285.793 | G19: 288.263 | H19: 289.863 | I19: 290.393 | J19: 291.053 | K19: 293.397 | L19: 294.986 | M19: 296.102 | N19: 287.494 | O19: 282.355 | P19: 292.632
A20: 2022 | B20: 298.705 | C20: 301.158 | D20: 305.082 | E20: 307.145 | F20: 309.645 | G20: 313.496 | H20: 313.951 | I20: 314.013 | J20: 315.094 | K20: 317.299 | L20: 315.919 | M20: 314.599 | N20: 310.509 | O20: 305.872 | P20: 315.146
A21: 2023 | B21: 317.477 | C21: 319.13 | D21: 320.715 | E21: 322.187 | F21: 323.525 | G21: 324.448 | H21: 324.865 | I21: 326.234 | J21: 327.491 | K21: 327.708 | L21: 326.299 | M21: 325.932 | N21: 323.834 | O21: 321.247 | P21: 326.422
A22: 2024 | B22: 328.053 | C22: 329.339 | D22: 332.202 | E22: 334.05 | F22: 334.292 | G22: 333.662 | H22: 333.174 | I22: 333.442 | J22: 334.265 | K22: 334.558 | L22: 334.218 | M22: 334.084 | N22: 332.945 | O22: 331.933 | P22: 333.957
A23: 2025 | B23: 335.989 | C23: 337.868 | D23: 339.627 | E23: 341.159 | F23: 342.343 | G23: 342.613 | H23: 343.234 | O23: 339.933
A25: 2015
A26: 2016 | B26: =B14/B13-1 -> 0.026359738 | C26: =C14/C13-1 -> 0.021159718 | D26: =D14/D13-1 -> 0.015366792 | E26: =E14/E13-1 -> 0.017692797 | F26: =F14/F13-1 -> 0.014855032 | G26: =G14/G13-1 -> 0.015945517 | H26: =H14/H13-1 -> 0.013610023 | I26: =I14/I13-1 -> 0.015367517 | ... P26: =P14/P13-1 -> 0.020064685 | Q26: =MIN(B26:N26) -> 0.013610023 | R26: =MAX(B26:N26) -> 0.026359738
A27: 2017 | B27: =B15/B14-1 -> 0.025404742 | C27: =C15/C14-1 -> 0.030352788 | D27: =D15/D14-1 -> 0.03074522 | E27: =E15/E14-1 -> 0.029267323 | F27: =F15/F14-1 -> 0.026325876 | G27: =G15/G14-1 -> 0.025142208 | H27: =H15/H14-1 -> 0.025497735 | I27: =I15/I14-1 -> 0.027300019 | ... P27: =P15/P14-1 -> 0.028913032 | Q27: =MIN(B27:N27) -> 0.025142208 | R27: =MAX(B27:N27) -> 0.031384761
A28: 2018 | B28: =B16/B15-1 -> 0.031194431 | C28: =C16/C15-1 -> 0.030659816 | D28: =D16/D15-1 -> 0.03180483 | E28: =E16/E15-1 -> 0.032430281 | F28: =F16/F15-1 -> 0.034829782 | G28: =G16/G15-1 -> 0.036401291 | H28: =H16/H15-1 -> 0.036367134 | I28: =I16/I15-1 -> 0.035697777 | ... P28: =P16/P15-1 -> 0.034029606 | Q28: =MIN(B28:N28) -> 0.030550191 | R28: =MAX(B28:N28) -> 0.036401291
A29: 2019 | B29: =B17/B16-1 -> 0.027010725 | C29: =C17/C16-1 -> 0.023958982 | D29: =D17/D16-1 -> 0.02442968 | E29: =E17/E16-1 -> 0.028564668 | F29: =F17/F16-1 -> 0.029022945 | G29: =G17/G16-1 -> 0.027395235 | H29: =H17/H16-1 -> 0.026737786 | I29: =I17/I16-1 -> 0.025980068 | ... P29: =P17/P16-1 -> 0.02709656 | Q29: =MIN(B29:N29) -> 0.023958982 | R29: =MAX(B29:N29) -> 0.029022945
A30: 2020 | B30: =B18/B17-1 -> 0.02904858 | C30: =C18/C17-1 -> 0.030790902 | D30: =D18/D17-1 -> 0.024778397 | E30: =E18/E17-1 -> 0.012581533 | F30: =F18/F17-1 -> 0.0080552274 | G30: =G18/G17-1 -> 0.011802611 | H30: =H18/H17-1 -> 0.016854285 | I30: =I18/I17-1 -> 0.019092102 | ... P30: =P18/P17-1 -> 0.01541106 | Q30: =MIN(B30:N30) -> 0.0080552274 | R30: =MAX(B30:N30) -> 0.030790902
A31: 2021 | B31: =B19/B18-1 -> 0.014260628 | C31: =C19/C18-1 -> 0.015633427 | D31: =D19/D18-1 -> 0.024197522 | E31: =E19/E18-1 -> 0.038818231 | F31: =F19/F18-1 -> 0.046623111 | G31: =G19/G18-1 -> 0.051459941 | H31: =H19/H18-1 -> 0.051763989 | I31: =I19/I18-1 -> 0.050462482 | ... P31: =P19/P18-1 -> 0.058466079 | Q31: =MIN(B31:N31) -> 0.014260628 | R31: =MAX(B31:N31) -> 0.070533238
A32: 2022 | B32: =B20/B19-1 -> 0.077431665 | C32: =C20/C19-1 -> 0.080573516 | D32: =D20/D19-1 -> 0.087151893 | E32: =E20/E19-1 -> 0.08337713 | F32: =F20/F19-1 -> 0.083459007 | G32: =G20/G19-1 -> 0.087534647 | H32: =H20/H19-1 -> 0.083101327 | I32: =I20/I19-1 -> 0.081338049 | ... P32: =P20/P19-1 -> 0.07693622 | Q32: =MIN(B32:N32) -> 0.062468339 | R32: =MAX(B32:N32) -> 0.087534647
A33: 2023 | B33: =B21/B20-1 -> 0.062844613 | C33: =C21/C20-1 -> 0.059676316 | D33: =D21/D20-1 -> 0.051241961 | E33: =E21/E20-1 -> 0.048973612 | F33: =F21/F20-1 -> 0.044825526 | G33: =G21/G20-1 -> 0.034935055 | H33: =H21/H20-1 -> 0.034763387 | I33: =I21/I20-1 -> 0.038918771 | ... P33: =P21/P20-1 -> 0.035780242 | Q33: =MIN(B33:N33) -> 0.03280502 | R33: =MAX(B33:N33) -> 0.062844613
A34: 2024 | B34: =B22/B21-1 -> 0.033312649 | C34: =C22/C21-1 -> 0.031990098 | D34: =D22/D21-1 -> 0.035816847 | E34: =E22/E21-1 -> 0.036820232 | F34: =F22/F21-1 -> 0.033280272 | G34: =G22/G21-1 -> 0.028399004 | H34: =H22/H21-1 -> 0.025576778 | I34: =I22/I21-1 -> 0.02209457 | ... P34: =P22/P21-1 -> 0.023083616 | Q34: =MIN(B34:N34) -> 0.020684538 | R34: =MAX(B34:N34) -> 0.036820232
A35: 2025 | B35: =B23/B22-1 -> 0.024191213 | C35: =C23/C22-1 -> 0.025897328 | D35: =D23/D22-1 -> 0.022350859 | E35: =E23/E22-1 -> 0.021281245 | F35: =F23/F22-1 -> 0.024083735 | G35: =G23/G22-1 -> 0.026826549 | H35: =H23/H22-1 -> 0.030194433 | Q35: =MIN(B35:N35) -> 0.021281245 | R35: =MAX(B35:N35) -> 0.030194433
B37: 2026 | C37: 2025 | D37: =C37-1 -> 2024 | E37: =D37-1 -> 2023 | F37: =E37-1 -> 2022 | G37: =F37-1 -> 2021 | H37: =G37-1 -> 2020 | I37: =H37-1 -> 2019 | J37: =I37-1 -> 2018 | K37: =J37-1 -> 2017 | L37: =K37-1 -> 2016 | M37: 2015
A38: Minimum | C38: =Q35 -> 0.021281245 | D38: =Q34 -> 0.020684538 | E38: =Q33 -> 0.03280502 | F38: =Q32 -> 0.062468339 | G38: =Q31 -> 0.014260628 | H38: =Q30 -> 0.0080552274 | I38: =Q29 -> 0.023958982 | J38: =Q28 -> 0.030550191 | K38: =Q27 -> 0.025142208 | L38: =R26 -> 0.026359738
A39: Mximum | C39: =R35 -> 0.030194433 | D39: =R34 -> 0.036820232 | E39: =R33 -> 0.062844613 | F39: =R32 -> 0.087534647 | G39: =R31 -> 0.070533238 | H39: =R30 -> 0.030790902 | I39: =R29 -> 0.029022945 | J39: =R28 -> 0.036401291 | K39: =R27 -> 0.031384761 | L39: =R26 -> 0.026359738
A41: Total Revenue | B41: 63928125 | C41: 61438092 | D41: 58404027 | E41: 55286744 | F41: 59494527 | G41: 55012149 | H41: 53300778 | I41: 54058216 | J41: 53026366 | K41: 50728902 | L41: 50917085 | M41: 50400330

Sheet Total Sources
A5: Description | B5: 2026 | C5: =+B5-1 -> 2025 | D5: =+C5-1 -> 2024 | E5: =+D5-1 -> 2023 | F5: =+E5-1 -> 2022 | G5: =+F5-1 -> 2021 | H5: =+G5-1 -> 2020 | I5: =+H5-1 -> 2019 | J5: =+I5-1 -> 2018 | ... L5: =+K5-1 -> 2016
A7: Local (GF) | C7: 614151 | D7: 731835 | E7: 755952 | F7: 582494 | G7: 46991384 | H7: 41543182 | I7: 41248262 | J7: 39206004 | K7: 37219831 | L7: 37355817
A8: Local (SpEd) | C8: 21294 | D8: 29662 | E8: 31941 | F8: 3465 | G8: 2070 | H8: 11985 | I8: 17339 | J8: 12651 | K8: 5770 | L8: 3099
A9: Local (Grants) | C9: 63819 | D9: 155471 | E9: 163348 | F9: 404612 | G9: 269429 | H9: 853910 | I9: 790949 | J9: 2402594 | K9: 571844
A10: Local (Non-major) | C10: 3079538 | D10: 4459995 | E10: 4446974 | F10: 3870663 | G10: 988326 | H10: 522824 | I10: 717823 | J10: 669487 | K10: 534243 | L10: 872610
A11: Total Local | B11: =SUM(B6:B10) -> 0 | C11: =SUM(C6:C10) -> 3778802 | D11: =SUM(D6:D10) -> 5376963 | E11: =SUM(E6:E10) -> 5398215 | F11: =SUM(F6:F10) -> 4861234 | G11: =SUM(G6:G10) -> 48251209 | H11: =SUM(H6:H10) -> 42931901 | I11: =SUM(I6:I10) -> 42774373 | ... L11: =SUM(L6:L10) -> 38231526
A13: State (GF) | C13: 58453818 | D13: 57690410 | E13: 54492791 | F13: 58888252 | G13: 7930203 | H13: 11721372 | I13: 12798551 | J13: 13802093 | K13: 13456581 | L13: 13518543
A14: State (SpEd) | C14: 4318634 | D14: 4241172 | E14: 4215423 | F14: 4062193 | G14: 3980640 | H14: 3846568 | I14: 3622802 | J14: 3473743 | K14: 3250009 | L14: 3250009
A15: State (Grants) | C15: 545219 | D15: 2435696 | E15: 155072 | F15: 185000 | G15: 1788427 | H15: 2204935 | I15: 1742732 | J15: 2211328 | K15: 4225010
A16: State (Non-major) | C16: 1125872 | D16: 1471469 | E16: 665235 | F16: 754169 | G16: 1545726 | H16: 1446296 | I16: 927846 | J16: 1554402 | K16: 2806624 | L16: 4120963
A17: Total State | B17: =SUM(B12:B16) -> 0 | C17: =SUM(C12:C16) -> 64443543 | D17: =SUM(D12:D16) -> 65838747 | E17: =SUM(E12:E16) -> 59528521 | F17: =SUM(F12:F16) -> 63889614 | G17: =SUM(G12:G16) -> 15244996 | H17: =SUM(H12:H16) -> 19219171 | I17: =SUM(I12:I16) -> 19091931 | ... L17: =SUM(L12:L16) -> 20889515
A19: Total State and Local | B19: =+B11+B17 -> 0 | C19: =+C11+C17 -> 68222345 | D19: =+D11+D17 -> 71215710 | E19: =+E11+E17 -> 64926736 | F19: =+F11+F17 -> 68750848 | G19: =+G11+G17 -> 63496205 | H19: =+H11+H17 -> 62151072 | I19: =+I11+I17 -> 61866304 | ... L19: =+L11+L17 -> 59121041
A22: Federal (GF) | H22: 20416 | K22: 29015 | L22: 43384
A23: Federal (SpEd)
A24: Federal (Grants) | C24: 5857440 | D24: 5438230 | E24: 5458733 | F24: 5888797 | G24: 3782921 | H24: 1918126 | I24: 2283297 | J24: 2161936 | K24: 2869380
A25: Federal (Non-major) | C25: 1112882 | D25: 2786531 | E25: 2916824 | F25: 2815397 | G25: 1804078 | H25: 1032370 | I25: 1061545 | J25: 962609 | K25: 997607 | L25: 4357205
A26: Total Federal | B26: =SUM(B21:B25) -> 0 | C26: =SUM(C21:C25) -> 6970322 | D26: =SUM(D21:D25) -> 8224761 | E26: =SUM(E21:E25) -> 8375557 | F26: =SUM(F21:F25) -> 8704194 | G26: =SUM(G21:G25) -> 5586999 | H26: =SUM(H21:H25) -> 2970912 | I26: =SUM(I21:I25) -> 3344842 | ... L26: =SUM(L21:L25) -> 4400589
A28: Total All Sources | B28: =+B11+B17+B26 -> 0 | C28: =+C11+C17+C26 -> 75192667 | D28: =+D11+D17+D26 -> 79440471 | E28: =+E11+E17+E26 -> 73302293 | F28: =+F11+F17+F26 -> 77455042 | G28: =+G11+G17+G26 -> 69083204 | H28: =+H11+H17+H26 -> 65121984 | I28: =+I11+I17+I26 -> 65211146 | ... L28: =+L11+L17+L26 -> 63521630
A32: Verification
A33: Local | C33: =10450989-4310185-2362002 -> 3778802 | D33: =9434880-4019223-38694 -> 5376963 | E33: =9102782-3670033-34534 -> 5398215 | F33: =8230701-3339650-29817 -> 4861234 | G33: =53719777-3213887-2243668-11013 -> 48251209 | H33: =47904259-3075997-1837556-58805 -> 42931901 | I33: =41248262+790949+717823+17339 -> 42774373 | J33: =46820062-2758949-1770377 -> 42290736 | K33: =42565279-2658414-1575177 -> 38331688 | L33: =37355817+3099+872610 -> 38231526
A34: State | C34: 64443543 | D34: 65838747 | E34: 59528521 | F34: 63889614 | G34: 15244996 | H34: 19219171 | I34: 19091931 | J34: 21041566 | K34: 23738224 | L34: =13518543+3250009+4120963 -> 20889515
A35: Federal | C35: =7066483-96161 -> 6970322 | D35: =8346935-122174 -> 8224761 | E35: =8483968-108411 -> 8375557 | F35: =8807275-103081 -> 8704194 | G35: =5694107-107108 -> 5586999 | H35: =3308177-337265 -> 2970912 | I35: =3761360-416518 -> 3344842 | J35: =3467207-342662 -> 3124545 | K35: =4239420-343418 -> 3896002 | L35: =4742214-341625 -> 4400589
A36: Total All Sources | B36: =SUM(B32:B35) -> 0 | C36: =SUM(C32:C35) -> 75192667 | D36: =SUM(D32:D35) -> 79440471 | E36: =SUM(E32:E35) -> 73302293 | F36: =SUM(F32:F35) -> 77455042 | G36: =SUM(G32:G35) -> 69083204 | H36: =SUM(H32:H35) -> 65121984 | I36: =SUM(I32:I35) -> 65211146 | ... L36: =SUM(L32:L35) -> 63521630
B38: =+B11-B33 -> 0 | C38: =+C11-C33 -> 0 | D38: =+D11-D33 -> 0 | E38: =+E11-E33 -> 0 | F38: =+F11-F33 -> 0 | G38: =+G11-G33 -> 0 | H38: =+H11-H33 -> 0 | I38: =+I11-I33 -> 0 | ... L38: =+L11-L33 -> 0
B39: =+B17-B34 -> 0 | C39: =+C17-C34 -> 0 | D39: =+D17-D34 -> 0 | E39: =+E17-E34 -> 0 | F39: =+F17-F34 -> 0 | G39: =+G17-G34 -> 0 | H39: =+H17-H34 -> 0 | I39: =+I17-I34 -> 0 | ... L39: =+L17-L34 -> 0
B40: =+B26-B35 -> 0 | C40: =+C26-C35 -> 0 | D40: =+D26-D35 -> 0 | E40: =+E26-E35 -> 0 | F40: =+F26-F35 -> 0 | G40: =+G26-G35 -> 0 | H40: =+H26-H35 -> 0 | I40: =+I26-I35 -> 0 | ... L40: =+L26-L35 -> 0

Sheet SpEd
C1: Special Education
D2: Final Budget | E2: Audited
C3: Description | D3: 2026 | E3: 2025 | F3: 2024 | G3: =F3-1 -> 2023 | H3: =G3-1 -> 2022 | I3: =H3-1 -> 2021 | J3: =I3-1 -> 2020 | K3: =J3-1 -> 2019 | L3: =K3-1 -> 2018 | M3: =L3-1 -> 2017 | N3: =M3-1 -> 2016 | O3: =N3-1 -> 2015 | P3: % Change from 2015 - 2026
C4: Revenue
C5: Local Sources | E5: 21294 | F5: 29662 | G5: 31941 | H5: 3465 | I5: 2070 | J5: 11985 | K5: 17339 | L5: 12651 | M5: 5770 | N5: 3099 | O5: 1090
C6: State Sources | E6: 4318634 | F6: 4241172 | G6: 4215423 | H6: 4062193 | I6: 3980640 | J6: 3846568 | K6: 3622802 | L6: 3473743 | M6: 3250009 | N6: 3250009 | O6: 3056268
C7: Federal Sources
C8: Transfers In | E8: 5600000 | F8: 5700000 | G8: 4200000 | H8: 400000 | I8: 4000000 | J8: 3800000 | K8: 4200000 | L8: 4300000 | M8: 4261000 | N8: 4920000 | O8: 5200000
C9: Total Revenue | D9: =SUM(D5:D8) -> 0 | E9: =SUM(E5:E8) -> 9939928 | F9: =SUM(F5:F8) -> 9970834 | G9: =SUM(G5:G8) -> 8447364 | H9: =SUM(H5:H8) -> 4465658 | I9: =SUM(I5:I8) -> 7982710 | J9: =SUM(J5:J8) -> 7658553 | K9: =SUM(K5:K8) -> 7840141 | ... O9: =SUM(O5:O8) -> 8257358
C11: Expenditures | D11: =+E8/E31 -> 0.5225085
A12: 100 | B12: 1000 | C12: Regular Programs
A13: 200 | B13: 1000 | C13: Special Programs | E13: 10586857 | F13: =8207961+1599257+414814 -> 10222032 | G13: 8528241 | H13: 4573477 | I13: 7643995 | J13: 8007118 | K13: 7573758 | L13: 7386753 | M13: 7254182 | N13: 8133290 | O13: 7800489
A14: 300 | B14: 1000 | C14: Vocational
A15: 600 | B15: 1000 | C15: Adult Education
A16: 900 | B16: 1000 | C16: Extra and Cocurricular
A17: 400 | B17: 1000 | C17: Other Instructional | E17: 130672 | F17: 326 | G17: 48 | H17: 317 | I17: 43914 | J17: 61671 | K17: 107691 | L17: 136770 | M17: 268469 | N17: 259030 | O17: 336749
B18: 3000 | C18: Community Services
B19: 2100 | C19: Student Support
B20: 2200 | C20: Instructional Staff Support
B21: 2300 | C21: General Admin
B22: 2400 | C22: School Admin
B23: 2500 | C23: Central Services
B24: 2600 | C24: Operations and Maintenance
B25: 2700 | C25: Student Transportation
B26: 2900 | C26: Other Support
B27: 4000 | C27: Facilities Capital
B28: 8000 | C28: Debt
B29: 9000 | C29: Transfers to Other Funds
C31: Total Expenditures (exc. EFB & Cont) | D31: =SUM(D11:D30) -> 0.5225085 | E31: =SUM(E11:E30) -> 10717529 | F31: =SUM(F11:F30) -> 10222358 | G31: =SUM(G11:G30) -> 8528289 | H31: =SUM(H11:H30) -> 4573794 | I31: =SUM(I11:I30) -> 7687909 | J31: =SUM(J11:J30) -> 8068789 | K31: =SUM(K11:K30) -> 7681449 | ... O31: =SUM(O11:O30) -> 8137238
C33: Net Change in Fund Balance | D33: =+D9-D31 -> -0.5225085 | E33: =+E9-E31 -> -777601 | F33: =+F9-F31 -> -251524 | G33: =+G9-G31 -> -80925 | H33: =+H9-H31 -> -108136 | I33: =+I9-I31 -> 294801 | J33: =+J9-J31 -> -410236 | K33: =+K9-K31 -> 158692 | ... O33: =+O9-O31 -> 120120
C35: Ending Fund Balance | E35: =+F35+E33 -> -476339 | F35: =+G35+F33 -> 301262 | G35: =+H35+G33 -> 552786 | H35: =+I35+H33 -> 633711 | I35: =+J35+I33 -> 741847 | J35: =+K35+J33 -> 447046 | K35: =+L35+K33 -> 857282 | L35: =+M35+L33 -> 698590 | ... N35: =+O35+N33 -> 441591 | O35: 660803
C37: Increase/-Decrease Fm Prior Year
C38: Increase/-Decrease Fm Base Year
E43: =+E35+'FY2026-FY2015'!I36 -> -1425250
E45: -3484784.8
E47: =+E43+E45 -> -4910034.8

Sheet English Learner
C1: English Learners
D2: Final Budget | E2: Final Budget
C3: Description | D3: 2026 | E3: 2025 | F3: 2024 | G3: =F3-1 -> 2023 | H3: =G3-1 -> 2022 | I3: =H3-1 -> 2021 | J3: =I3-1 -> 2020 | K3: =J3-1 -> 2019 | L3: =K3-1 -> 2018 | M3: =L3-1 -> 2017 | N3: =M3-1 -> 2016 | O3: =N3-1 -> 2015 | P3: % Change from 2015 - 2026
C4: Revenue
C5: Local Sources
C6: State Sources | D6: 687050 | E6: 715932 | F6: 681857 | G6: 371568 | H6: 371244
C7: Federal Sources
C8: Other Sources
C9: Total Revenue | D9: =SUM(D5:D8) -> 687050 | E9: =SUM(E5:E8) -> 715932 | F9: =SUM(F5:F8) -> 681857 | G9: =SUM(G5:G8) -> 371568 | H9: =SUM(H5:H8) -> 371244 | I9: =SUM(I5:I8) -> 0 | J9: =SUM(J5:J8) -> 0 | K9: =SUM(K5:K8) -> 0 | ... O9: =SUM(O5:O8) -> 0
C11: Expenditures
A12: 100 | B12: 1000 | C12: Regular Programs
A13: 200 | B13: 1000 | C13: Special Programs
A14: 300 | B14: 1000 | C14: Vocational
A15: 600 | B15: 1000 | C15: Adult Education
A16: 900 | B16: 1000 | C16: Extra and Cocurricular
A17: 400 | B17: 1000 | C17: Other Instructional | D17: 687050 | E17: 715932 | F17: 708326 | G17: 355443 | H17: 360900
B18: 3000 | C18: Community Services
B19: 2100 | C19: Student Support
B20: 2200 | C20: Instructional Staff Support
B21: 2300 | C21: General Admin
B22: 2400 | C22: School Admin
B23: 2500 | C23: Central Services
B24: 2600 | C24: Operations and Maintenance
B25: 2700 | C25: Student Transportation
B26: 2900 | C26: Other Support
B27: 4000 | C27: Facilities Capital
B28: 8000 | C28: Debt
B29: 9000 | C29: Transfers to Other Funds
C31: Total Expenditures (exc. EFB & Cont) | D31: =SUM(D11:D30) -> 687050 | E31: =SUM(E11:E30) -> 715932 | F31: =SUM(F11:F30) -> 708326 | G31: =SUM(G11:G30) -> 355443 | H31: =SUM(H11:H30) -> 360900 | I31: =SUM(I11:I30) -> 0 | J31: =SUM(J11:J30) -> 0 | K31: =SUM(K11:K30) -> 0 | ... O31: =SUM(O11:O30) -> 0
C33: Net Change in Fund Balance | D33: =+D9-D31 -> 0 | E33: =+E9-E31 -> 0 | F33: =+F9-F31 -> -26469 | G33: =+G9-G31 -> 16125 | H33: =+H9-H31 -> 10344 | I33: =+I9-I31 -> 0 | J33: =+J9-J31 -> 0 | K33: =+K9-K31 -> 0 | ... O33: =+O9-O31 -> 0
C35: Eding Fund Balance
C37: Increase/-Decrease Fm Prior Year
C38: Increase/-Decrease Fm Base Year

Sheet At-risk
C1: At-risk
D2: Final Budget | E2: Final Budget
C3: Description | D3: 2026 | E3: 2025 | F3: 2024 | G3: =F3-1 -> 2023 | H3: =G3-1 -> 2022 | I3: =H3-1 -> 2021 | J3: =I3-1 -> 2020 | K3: =J3-1 -> 2019 | L3: =K3-1 -> 2018 | M3: =L3-1 -> 2017 | N3: =M3-1 -> 2016 | O3: =N3-1 -> 2015 | P3: % Change from 2015 - 2026
C4: Revenue
C5: Local Sources
C6: State Sources | D6: 477948 | E6: 563426 | F6: 536610 | G6: 156844 | H6: 156708
C7: Federal Sources
C8: Other Sources
C9: Total Revenue | D9: =SUM(D5:D8) -> 477948 | E9: =SUM(E5:E8) -> 563426 | F9: =SUM(F5:F8) -> 536610 | G9: =SUM(G5:G8) -> 156844 | H9: =SUM(H5:H8) -> 156708 | I9: =SUM(I5:I8) -> 0 | J9: =SUM(J5:J8) -> 0 | K9: =SUM(K5:K8) -> 0 | ... O9: =SUM(O5:O8) -> 0
C11: Expenditures
A12: 100 | B12: 1000 | C12: Regular Programs
A13: 200 | B13: 1000 | C13: Special Programs
A14: 300 | B14: 1000 | C14: Vocational
A15: 600 | B15: 1000 | C15: Adult Education
A16: 900 | B16: 1000 | C16: Extra and Cocurricular
A17: 400 | B17: 1000 | C17: Other Instructional | D17: 477948 | E17: 563426 | F17: 536610 | G17: 156844 | H17: 156708
B18: 3000 | C18: Community Services
B19: 2100 | C19: Student Support
B20: 2200 | C20: Instructional Staff Support
B21: 2300 | C21: General Admin
B22: 2400 | C22: School Admin
B23: 2500 | C23: Central Services
B24: 2600 | C24: Operations and Maintenance
B25: 2700 | C25: Student Transportation
B26: 2900 | C26: Other Support
B27: 4000 | C27: Facilities Capital
B28: 8000 | C28: Debt
B29: 9000 | C29: Transfers to Other Funds
C31: Total Expenditures (exc. EFB & Cont) | D31: =SUM(D11:D30) -> 477948 | E31: =SUM(E11:E30) -> 563426 | F31: =SUM(F11:F30) -> 536610 | G31: =SUM(G11:G30) -> 156844 | H31: =SUM(H11:H30) -> 156708 | I31: =SUM(I11:I30) -> 0 | J31: =SUM(J11:J30) -> 0 | K31: =SUM(K11:K30) -> 0 | ... O31: =SUM(O11:O30) -> 0
C33: Net Change in Fund Balance | D33: =+D9-D31 -> 0 | E33: =+E9-E31 -> 0 | F33: =+F9-F31 -> 0 | G33: =+G9-G31 -> 0 | H33: =+H9-H31 -> 0 | I33: =+I9-I31 -> 0 | J33: =+J9-J31 -> 0 | K33: =+K9-K31 -> 0 | ... O33: =+O9-O31 -> 0
C35: Eding Fund Balance
C37: Increase/-Decrease Fm Prior Year
C38: Increase/-Decrease Fm Base Year

Sheet Staffing Comparisons
A2: Staffing Comparison
A3: General Fund | B3: 2022-23 | C3: Actual | D3: Vacant Budgeted | E3: Amt Budgeted | G3: 2023-24 | H3: Actual | I3: Vacant Budgeted | J3: Amt Budgeted | K3: 2024-25 | L3: Budgeted | M3: Vacant Budgeted | N3: Amt Budgeted | O3: 2025-26 | P3: Budgeted
A4: Teacher FTE | B4: 281.78 | C4: 17580315 | D4: 5.5 | E4: 273061 | G4: 275.5 | H4: 19469885 | I4: 11.6 | J4: 699892 | K4: 275 | L4: 19981713 | M4: 5 | N4: 224212 | O4: 264 | P4: 18170653
A5: Classified FTE | B5: 147.89 | C5: 6207938 | D5: 6.44 | E5: 268775 | G5: 151.2 | H5: 6877151 | I5: 4.19 | J5: 119334 | K5: 143.32 | L5: 6977234 | M5: 2.44 | N5: 107131 | O5: 135 | P5: 7056323
A6: Bus Driver FTE | B6: 32.13 | C6: 1048923 | D6: 2.5 | E6: 82596 | G6: 30.875 | H6: 1309042 | I6: 1.75 | J6: 65621 | K6: 28.13 | L6: 1337086 | M6: 0.88 | N6: 33013 | O6: 28.13 | P6: 1133662
A7: Unrepresented FTE | B7: 13 | C7: 863749 | D7: 0 | E7: 0 | G7: 13 | H7: 845725 | I7: 0 | J7: 0 | K7: 14 | L7: 1226378 | M7: 0 | N7: 0 | O7: 13 | P7: 1158536
A8: Admin FTE | B8: 26.5 | C8: 2709827 | D8: 1 | E8: 78008 | G8: 27.5 | H8: 3255903 | I8: 2 | J8: 205954 | K8: 26.9 | L8: 3318222 | M8: 1 | N8: 78008 | O8: 26.4 | P8: 3316526
A10: Special Ed
A11: Teacher FTE | B11: 51.63 | C11: 2486424 | D11: 5.5 | E11: 273061 | G11: 48.3 | H11: 3651257 | I11: 4.5 | J11: 250088 | K11: 48.8 | L11: 3813408 | M11: 2 | N11: 165088 | O11: 48.8 | P11: 4163138
A12: Classified FTE | B12: 59.94 | C12: 1735702 | D12: 6.63 | E12: 183339 | G12: 60.57 | H12: 2114402 | I12: 5.75 | J12: 206476 | K12: 58.36 | L12: 2140871 | M12: 3.31 | N12: 90670 | O12: 53.5 | P12: 1911385
A13: Bus Driver FTE | B13: 6 | C13: 274121 | D13: 0 | E13: 0 | G13: 6 | H13: 260578 | I13: 0 | J13: 0 | K13: 6 | L13: 373176 | M13: 0 | N13: 0 | O13: 6 | P13: 260063
A14: Unrepresented FTE | B14: 7 | C14: 837037 | D14: 0 | E14: 0 | G14: 6 | H14: 598739 | I14: 0 | J14: 0 | K14: 7 | L14: 728755 | M14: 0 | N14: 0 | O14: 7 | P14: 789253
A15: Admin FTE | B15: 3 | C15: 274290 | D15: 0 | E15: 0 | G15: 2.65 | H15: 302977 | I15: 0 | J15: 0 | K15: 2.35 | L15: 263128 | M15: 0 | N15: 0 | O15: 2 | P15: 250029
B17: Actuals | G17: Actual | K17: Budgeted | O17: Budgeted
A18: Insurance revenue | B18: 8862855 | G18: 8829868 | K18: 8820000 | O18: 8820000
A19: Transfer to Ins | B19: 1000000 | G19: 1000000 | K19: 1000000 | O19: 1000000
A20: Insurance expenditures | B20: -10200663 | G20: -9189061 | K20: -9364030 | O20: -9714030
A22: Opening Fund Bal | B22: 659909 | G22: 322101 | K22: 962908 | O22: 1418878
A23: Ending Fund Bal | B23: 322101 | G23: 962908 | K23: 1418878 | O23: 1524848

Sheet NRS 387.303 Staff FY2023
A1: NRS 387/388A REPORT, FOR THE FISCAL YEAR ENDED JUNE 30, 2023 | H1: SCHEDULE II: STAFF POSITIONS IN FULL TIME EQUIVALENTS
B3: Douglas
A4: SCHOOL DISTRICT/CHARTER SCHOOL: | E4: GENERAL FUND - Fund 100 | I4: English Learner - Fund 206 | M4: Gifted and Talented FUND - Fund 207 | Q4: At-Risk - Fund 208 | U4: STATE SPECIAL ED FUND - Fund 250 | Y4: OTHER GOVT FUNDS-Funds 260,270-2,290,300,400 | AC4: STATE GRANTS - Funds 230, 240 | AG4: ALL FEDERAL GRANTS - Fund 280 | AK4: TOTAL - ALL FUNDS
E5: FY | F5: FY | G5: FY | H5: FY | I5: FY | J5: FY | K5: FY | L5: FY | M5: FY | N5: FY | O5: FY | P5: FY | Q5: FY | R5: FY | S5: FY | T5: FY | U5: FY | V5: FY | W5: FY | X5: FY | Y5: FY | Z5: FY | AA5: FY | AB5: FY | AC5: FY | AD5: FY | AE5: FY | AF5: FY | AG5: FY | AH5: FY | AI5: FY | AJ5: FY | AK5: FY | AL5: FY | AM5: FY | AN5: FY
E6: 2023 | F6: 2024 | G6: 2025 | H6: 2026 | I6: 2023 | J6: 2024 | K6: 2025 | L6: 2026 | M6: 2023 | N6: 2024 | O6: 2025 | P6: 2026 | Q6: 2023 | R6: 2024 | S6: 2025 | T6: 2026 | U6: 2023 | V6: 2024 | W6: 2025 | X6: 2026 | Y6: 2023 | Z6: 2024 | AA6: 2025 | AB6: 2026 | AC6: 2023 | AD6: 2024 | AE6: 2025 | AF6: 2026 | AG6: 2023 | AH6: 2024 | AI6: 2025 | AJ6: 2026 | AK6: 2023 | AL6: 2024 | AM6: 2025 | AN6: 2026
E7: Actual | F7: Budgeted | G7: Projected | H7: Projected | I7: Actual | J7: Budgeted | K7: Projected | L7: Projected | M7: Actual | N7: Budgeted | O7: Projected | P7: Projected | Q7: Actual | R7: Budgeted | S7: Projected | T7: Projected | U7: Actual | V7: Budgeted | W7: Projected | X7: Projected | Y7: Actual | Z7: Budgeted | AA7: Projected | AB7: Projected | AC7: Actual | AD7: Budgeted | AE7: Projected | AF7: Projected | AG7: Actual | AH7: Budgeted | AI7: Projected | AJ7: Projected | AK7: Actual | AL7: Budgeted | AM7: Projected | AN7: Projected
A8: Function | B8: Description | C8: Program | D8: Description | E8: FTE | F8: FTE | G8: FTE | H8: FTE | I8: FTE | J8: FTE | K8: FTE | L8: FTE | M8: FTE | N8: FTE | O8: FTE | P8: FTE | Q8: FTE | R8: FTE | S8: FTE | T8: FTE | U8: FTE | V8: FTE | W8: FTE | X8: FTE | Y8: FTE | Z8: FTE | AA8: FTE | AB8: FTE | AC8: FTE | AD8: FTE | AE8: FTE | AF8: FTE | AG8: FTE | AH8: FTE | AI8: FTE | AJ8: FTE | AK8: FTE | AL8: FTE | AM8: FTE | AN8: FTE
A9: INSTRUCTIONAL STAFF
A10: 1000 | B10: Instruction | C10: 100 | D10: Regular Education
C11: 1100L | D11: Licensed | E11: 234.4 | F11: 233.6 | G11: 232.6 | H11: 232.6 | I11: 0 | J11: 0 | K11: 0 | L11: 0 | M11: 0 | N11: 0 | O11: 0 | P11: 0 | Q11: 0 | R11: 0 | S11: 0 | T11: 0 | U11: 0 | V11: 0 | W11: 0 | X11: 0 | Y11: 0 | Z11: 0 | AA11: 0 | AB11: 0 | AC11: 0 | AD11: 0 | AE11: 0 | AF11: 0 | AG11: 5 | AH11: 5 | AI11: 5 | AJ11: 5 | AK11: 239.4 | AL11: 238.6 | AM11: 237.6 | AN11: 237.6
C12: 1100N | D12: Non-Licensed | E12: 24.63 | F12: 28.97 | G12: 28.97 | H12: 28.97 | I12: 0 | J12: 0 | K12: 0 | L12: 0 | M12: 0 | N12: 0 | O12: 0 | P12: 0 | Q12: 0 | R12: 0 | S12: 0 | T12: 0 | U12: 0 | V12: 0 | W12: 0 | X12: 0 | Y12: 0 | Z12: 0 | AA12: 0 | AB12: 0 | AC12: 0 | AD12: 0 | AE12: 0 | AF12: 0 | AG12: 1.63 | AH12: 1.63 | AI12: 1.63 | AJ12: 1.63 | AK12: 26.26 | AL12: 30.6 | AM12: 30.6 | AN12: 30.6
D13: Total | E13: 259.03 | F13: 262.57 | G13: 261.57 | H13: 261.57 | I13: 0 | J13: 0 | K13: 0 | L13: 0 | M13: 0 | N13: 0 | O13: 0 | P13: 0 | Q13: 0 | R13: 0 | S13: 0 | T13: 0 | U13: 0 | V13: 0 | W13: 0 | X13: 0 | Y13: 0 | Z13: 0 | AA13: 0 | AB13: 0 | AC13: 0 | AD13: 0 | AE13: 0 | AF13: 0 | AG13: 6.63 | AH13: 6.63 | AI13: 6.63 | AJ13: 6.63 | AK13: 265.66 | AL13: 269.2 | AM13: 268.2 | AN13: 268.2
A14: 1000 | B14: Instruction | C14: 200 | D14: Special Education
B15: (exclude 270) | C15: 1200L | D15: Licensed | E15: 0 | F15: 0 | G15: 0 | H15: 0 | I15: 0 | J15: 0 | K15: 0 | L15: 0 | M15: 0 | N15: 0 | O15: 0 | P15: 0 | Q15: 0 | R15: 0 | S15: 0 | T15: 0 | U15: 46.5 | V15: 49.8 | W15: 49.8 | X15: 49.8 | Y15: 0 | Z15: 0 | AA15: 0 | AB15: 0 | AC15: 0 | AD15: 0 | AE15: 0 | AF15: 0 | AG15: 0 | AH15: 0 | AI15: 0 | AJ15: 0 | AK15: 46.5 | AL15: 49.8 | AM15: 49.8 | AN15: 49.8
C16: 1200N | D16: Non-Licensed | E16: 0 | F16: 0 | G16: 0 | H16: 0 | I16: 0 | J16: 0 | K16: 0 | L16: 0 | M16: 0 | N16: 0 | O16: 0 | P16: 0 | Q16: 0 | R16: 0 | S16: 0 | T16: 0 | U16: 60.82 | V16: 65.94 | W16: 65.94 | X16: 65.94 | Y16: 0 | Z16: 0 | AA16: 0 | AB16: 0 | AC16: 0 | AD16: 0 | AE16: 0 | AF16: 0 | AG16: 4.43 | AH16: 4.43 | AI16: 4.43 | AJ16: 4.43 | AK16: 65.25 | AL16: 70.37 | AM16: 70.37 | AN16: 70.37
D17: Total | E17: 0 | F17: 0 | G17: 0 | H17: 0 | I17: 0 | J17: 0 | K17: 0 | L17: 0 | M17: 0 | N17: 0 | O17: 0 | P17: 0 | Q17: 0 | R17: 0 | S17: 0 | T17: 0 | U17: 107.32 | V17: 115.74 | W17: 115.74 | X17: 115.74 | Y17: 0 | Z17: 0 | AA17: 0 | AB17: 0 | AC17: 0 | AD17: 0 | AE17: 0 | AF17: 0 | AG17: 4.43 | AH17: 4.43 | AI17: 4.43 | AJ17: 4.43 | AK17: 111.75 | AL17: 120.17 | AM17: 120.17 | AN17: 120.17
A18: 1000 | B18: Instruction | C18: 300 | D18: Vocational & Technical
C19: 1300L | D19: Licensed | E19: 6 | F19: 7 | G19: 7 | H19: 7 | I19: 0 | J19: 0 | K19: 0 | L19: 0 | M19: 0 | N19: 0 | O19: 0 | P19: 0 | Q19: 0 | R19: 0 | S19: 0 | T19: 0 | U19: 0 | V19: 0 | W19: 0 | X19: 0 | Y19: 0 | Z19: 0 | AA19: 0 | AB19: 0 | AC19: 0 | AD19: 0 | AE19: 0 | AF19: 0 | AG19: 0 | AH19: 0 | AI19: 0 | AJ19: 0 | AK19: 6 | AL19: 7 | AM19: 7 | AN19: 7
C20: 1300N | D20: Non-Licensed | E20: 0 | F20: 0 | G20: 0 | H20: 0 | I20: 0 | J20: 0 | K20: 0 | L20: 0 | M20: 0 | N20: 0 | O20: 0 | P20: 0 | Q20: 0 | R20: 0 | S20: 0 | T20: 0 | U20: 0 | V20: 0 | W20: 0 | X20: 0 | Y20: 0 | Z20: 0 | AA20: 0 | AB20: 0 | AC20: 0 | AD20: 0 | AE20: 0 | AF20: 0 | AG20: 0 | AH20: 0 | AI20: 0 | AJ20: 0 | AK20: 0 | AL20: 0 | AM20: 0 | AN20: 0
D21: Total | E21: 6 | F21: 7 | G21: 7 | H21: 7 | I21: 0 | J21: 0 | K21: 0 | L21: 0 | M21: 0 | N21: 0 | O21: 0 | P21: 0 | Q21: 0 | R21: 0 | S21: 0 | T21: 0 | U21: 0 | V21: 0 | W21: 0 | X21: 0 | Y21: 0 | Z21: 0 | AA21: 0 | AB21: 0 | AC21: 0 | AD21: 0 | AE21: 0 | AF21: 0 | AG21: 0 | AH21: 0 | AI21: 0 | AJ21: 0 | AK21: 6 | AL21: 7 | AM21: 7 | AN21: 7
A22: 1000 | B22: Instruction | C22: 400 | D22: Other Instructional
C23: 1400L | D23: Licensed | E23: 2 | F23: 2 | G23: 2 | H23: 2 | I23: 0 | J23: 0 | K23: 0 | L23: 0 | M23: 0 | N23: 0 | O23: 0 | P23: 0 | Q23: 0 | R23: 0 | S23: 0 | T23: 0 | U23: 0 | V23: 0 | W23: 0 | X23: 0 | Y23: 0 | Z23: 0 | AA23: 0 | AB23: 0 | AC23: 0 | AD23: 0 | AE23: 0 | AF23: 0 | AG23: 0.22 | AH23: 0.22 | AI23: 0.22 | AJ23: 0.22 | AK23: 2.22 | AL23: 2.22 | AM23: 2.22 | AN23: 2.22
C24: 1400N | D24: Non-Licensed | E24: 5 | F24: 5 | G24: 5 | H24: 5 | I24: 0 | J24: 0 | K24: 0 | L24: 0 | M24: 0 | N24: 0 | O24: 0 | P24: 0 | Q24: 0 | R24: 0 | S24: 0 | T24: 0 | U24: 0 | V24: 0 | W24: 0 | X24: 0 | Y24: 0 | Z24: 0 | AA24: 0 | AB24: 0 | AC24: 0 | AD24: 0 | AE24: 0 | AF24: 0 | AG24: 0 | AH24: 0 | AI24: 0 | AJ24: 0 | AK24: 5 | AL24: 5 | AM24: 5 | AN24: 5
D25: Total | E25: 7 | F25: 7 | G25: 7 | H25: 7 | I25: 0 | J25: 0 | K25: 0 | L25: 0 | M25: 0 | N25: 0 | O25: 0 | P25: 0 | Q25: 0 | R25: 0 | S25: 0 | T25: 0 | U25: 0 | V25: 0 | W25: 0 | X25: 0 | Y25: 0 | Z25: 0 | AA25: 0 | AB25: 0 | AC25: 0 | AD25: 0 | AE25: 0 | AF25: 0 | AG25: 0.22 | AH25: 0.22 | AI25: 0.22 | AJ25: 0.22 | AK25: 7.22 | AL25: 7.22 | AM25: 7.22 | AN25: 7.22
A26: 1000 | B26: Instruction | C26: 208 | D26: English Learner
C27: 1420L | D27: Licensed | E27: 1.4 | F27: 0 | G27: 0 | H27: 0 | I27: 7 | J27: 7 | K27: 7 | L27: 7 | M27: 0 | N27: 0 | O27: 0 | P27: 0 | Q27: 0 | R27: 0 | S27: 0 | T27: 0 | U27: 0 | V27: 0 | W27: 0 | X27: 0 | Y27: 0 | Z27: 0 | AA27: 0 | AB27: 0 | AC27: 0 | AD27: 0 | AE27: 0 | AF27: 0 | AG27: 0 | AH27: 0 | AI27: 0 | AJ27: 0 | AK27: 8.4 | AL27: 7 | AM27: 7 | AN27: 7
C28: 1420N | D28: Non-Licensed | E28: 0 | F28: 0 | G28: 0 | H28: 0 | I28: 0 | J28: 0 | K28: 0 | L28: 0 | M28: 0 | N28: 0 | O28: 0 | P28: 0 | Q28: 0 | R28: 0 | S28: 0 | T28: 0 | U28: 0 | V28: 0 | W28: 0 | X28: 0 | Y28: 0 | Z28: 0 | AA28: 0 | AB28: 0 | AC28: 0 | AD28: 0 | AE28: 0 | AF28: 0 | AG28: 0 | AH28: 0 | AI28: 0 | AJ28: 0 | AK28: 0 | AL28: 0 | AM28: 0 | AN28: 0
D29: Total | E29: 1.4 | F29: 0 | G29: 0 | H29: 0 | I29: 7 | J29: 7 | K29: 7 | L29: 7 | M29: 0 | N29: 0 | O29: 0 | P29: 0 | Q29: 0 | R29: 0 | S29: 0 | T29: 0 | U29: 0 | V29: 0 | W29: 0 | X29: 0 | Y29: 0 | Z29: 0 | AA29: 0 | AB29: 0 | AC29: 0 | AD29: 0 | AE29: 0 | AF29: 0 | AG29: 0 | AH29: 0 | AI29: 0 | AJ29: 0 | AK29: 8.4 | AL29: 7 | AM29: 7 | AN29: 7
A30: 1000 | B30: Instruction | C30: 207 | D30: At-Risk
C31: 1430L | D31: Licensed | E31: 1.5 | F31: 0 | G31: 0 | H31: 0 | I31: 0 | J31: 0 | K31: 0 | L31: 0 | M31: 0 | N31: 0 | O31: 0 | P31: 0 | Q31: 2 | R31: 4.5 | S31: 7.5 | T31: 7.5 | U31: 0 | V31: 0 | W31: 0 | X31: 0 | Y31: 0 | Z31: 0 | AA31: 0 | AB31: 0 | AC31: 0 | AD31: 0 | AE31: 0 | AF31: 0 | AG31: 0 | AH31: 0 | AI31: 0 | AJ31: 0 | AK31: 3.5 | AL31: 4.5 | AM31: 7.5 | AN31: 7.5
C32: 1430N | D32: Non-Licensed | E32: 0 | F32: 0 | G32: 0 | H32: 0 | I32: 0 | J32: 0 | K32: 0 | L32: 0 | M32: 0 | N32: 0 | O32: 0 | P32: 0 | Q32: 0 | R32: 0 | S32: 0 | T32: 0 | U32: 0 | V32: 0 | W32: 0 | X32: 0 | Y32: 0 | Z32: 0 | AA32: 0 | AB32: 0 | AC32: 0 | AD32: 0 | AE32: 0 | AF32: 0 | AG32: 0 | AH32: 0 | AI32: 0 | AJ32: 0 | AK32: 0 | AL32: 0 | AM32: 0 | AN32: 0
D33: Total | E33: 1.5 | F33: 0 | G33: 0 | H33: 0 | I33: 0 | J33: 0 | K33: 0 | L33: 0 | M33: 0 | N33: 0 | O33: 0 | P33: 0 | Q33: 2 | R33: 4.5 | S33: 7.5 | T33: 7.5 | U33: 0 | V33: 0 | W33: 0 | X33: 0 | Y33: 0 | Z33: 0 | AA33: 0 | AB33: 0 | AC33: 0 | AD33: 0 | AE33: 0 | AF33: 0 | AG33: 0 | AH33: 0 | AI33: 0 | AJ33: 0 | AK33: 3.5 | AL33: 4.5 | AM33: 7.5 | AN33: 7.5
A34: 1000 | B34: Instruction | C34: 208 | D34: Gifted and Talented
C35: 1450L | D35: Licensed | E35: 0 | F35: 0 | G35: 0 | H35: 0 | I35: 0 | J35: 0 | K35: 0 | L35: 0 | M35: 1 | N35: 1 | O35: 1 | P35: 1 | Q35: 0 | R35: 0 | S35: 0 | T35: 0 | U35: 0 | V35: 0 | W35: 0 | X35: 0 | Y35: 0 | Z35: 0 | AA35: 0 | AB35: 0 | AC35: 0 | AD35: 0 | AE35: 0 | AF35: 0 | AG35: 0 | AH35: 0 | AI35: 0 | AJ35: 0 | AK35: 1 | AL35: 1 | AM35: 1 | AN35: 1
C36: 1450N | D36: Non-Licensed | E36: 0 | F36: 0 | G36: 0 | H36: 0 | I36: 0 | J36: 0 | K36: 0 | L36: 0 | M36: 0 | N36: 0 | O36: 0 | P36: 0 | Q36: 0 | R36: 0 | S36: 0 | T36: 0 | U36: 0 | V36: 0 | W36: 0 | X36: 0 | Y36: 0 | Z36: 0 | AA36: 0 | AB36: 0 | AC36: 0 | AD36: 0 | AE36: 0 | AF36: 0 | AG36: 0 | AH36: 0 | AI36: 0 | AJ36: 0 | AK36: 0 | AL36: 0 | AM36: 0 | AN36: 0
D37: Total | E37: 0 | F37: 0 | G37: 0 | H37: 0 | I37: 0 | J37: 0 | K37: 0 | L37: 0 | M37: 1 | N37: 1 | O37: 1 | P37: 1 | Q37: 0 | R37: 0 | S37: 0 | T37: 0 | U37: 0 | V37: 0 | W37: 0 | X37: 0 | Y37: 0 | Z37: 0 | AA37: 0 | AB37: 0 | AC37: 0 | AD37: 0 | AE37: 0 | AF37: 0 | AG37: 0 | AH37: 0 | AI37: 0 | AJ37: 0 | AK37: 1 | AL37: 1 | AM37: 1 | AN37: 1
A38: 1000 | B38: Instruction | C38: 600 | D38: Adult Education
C39: 1600L | D39: Licensed | E39: 0 | F39: 0 | G39: 0 | H39: 0 | I39: 0 | J39: 0 | K39: 0 | L39: 0 | M39: 0 | N39: 0 | O39: 0 | P39: 0 | Q39: 0 | R39: 0 | S39: 0 | T39: 0 | U39: 0 | V39: 0 | W39: 0 | X39: 0 | Y39: 0 | Z39: 0 | AA39: 0 | AB39: 0 | AC39: 0 | AD39: 0 | AE39: 0 | AF39: 0 | AG39: 0 | AH39: 0 | AI39: 0 | AJ39: 0 | AK39: 0 | AL39: 0 | AM39: 0 | AN39: 0
C40: 1600N | D40: Non-Licensed | E40: 0 | F40: 0 | G40: 0 | H40: 0 | I40: 0 | J40: 0 | K40: 0 | L40: 0 | M40: 0 | N40: 0 | O40: 0 | P40: 0 | Q40: 0 | R40: 0 | S40: 0 | T40: 0 | U40: 0 | V40: 0 | W40: 0 | X40: 0 | Y40: 0 | Z40: 0 | AA40: 0 | AB40: 0 | AC40: 0 | AD40: 0 | AE40: 0 | AF40: 0 | AG40: 0 | AH40: 0 | AI40: 0 | AJ40: 0 | AK40: 0 | AL40: 0 | AM40: 0 | AN40: 0
D41: Total | E41: 0 | F41: 0 | G41: 0 | H41: 0 | I41: 0 | J41: 0 | K41: 0 | L41: 0 | M41: 0 | N41: 0 | O41: 0 | P41: 0 | Q41: 0 | R41: 0 | S41: 0 | T41: 0 | U41: 0 | V41: 0 | W41: 0 | X41: 0 | Y41: 0 | Z41: 0 | AA41: 0 | AB41: 0 | AC41: 0 | AD41: 0 | AE41: 0 | AF41: 0 | AG41: 0 | AH41: 0 | AI41: 0 | AJ41: 0 | AK41: 0 | AL41: 0 | AM41: 0 | AN41: 0
A42: 1000 | B42: Instruction | C42: 800 | D42: Community Services
C43: 1800L | D43: Licensed | E43: 0 | F43: 0 | G43: 0 | H43: 0 | I43: 0 | J43: 0 | K43: 0 | L43: 0 | M43: 0 | N43: 0 | O43: 0 | P43: 0 | Q43: 0 | R43: 0 | S43: 0 | T43: 0 | U43: 0 | V43: 0 | W43: 0 | X43: 0 | Y43: 0 | Z43: 0 | AA43: 0 | AB43: 0 | AC43: 0 | AD43: 0 | AE43: 0 | AF43: 0 | AG43: 0 | AH43: 0 | AI43: 0 | AJ43: 0 | AK43: 0 | AL43: 0 | AM43: 0 | AN43: 0
C44: 1800N | D44: Non-Licensed | E44: 0 | F44: 0 | G44: 0 | H44: 0 | I44: 0 | J44: 0 | K44: 0 | L44: 0 | M44: 0 | N44: 0 | O44: 0 | P44: 0 | Q44: 0 | R44: 0 | S44: 0 | T44: 0 | U44: 0 | V44: 0 | W44: 0 | X44: 0 | Y44: 0 | Z44: 0 | AA44: 0 | AB44: 0 | AC44: 0 | AD44: 0 | AE44: 0 | AF44: 0 | AG44: 0 | AH44: 0 | AI44: 0 | AJ44: 0 | AK44: 0 | AL44: 0 | AM44: 0 | AN44: 0
D45: Total | E45: 0 | F45: 0 | G45: 0 | H45: 0 | I45: 0 | J45: 0 | K45: 0 | L45: 0 | M45: 0 | N45: 0 | O45: 0 | P45: 0 | Q45: 0 | R45: 0 | S45: 0 | T45: 0 | U45: 0 | V45: 0 | W45: 0 | X45: 0 | Y45: 0 | Z45: 0 | AA45: 0 | AB45: 0 | AC45: 0 | AD45: 0 | AE45: 0 | AF45: 0 | AG45: 0 | AH45: 0 | AI45: 0 | AJ45: 0 | AK45: 0 | AL45: 0 | AM45: 0 | AN45: 0
A46: 1000 | B46: Instruction | C46: 910 | D46: Extra / Co-Curricular
C47: 1910L | D47: Licensed | E47: 0 | F47: 0 | G47: 0 | H47: 0 | I47: 0 | J47: 0 | K47: 0 | L47: 0 | M47: 0 | N47: 0 | O47: 0 | P47: 0 | Q47: 0 | R47: 0 | S47: 0 | T47: 0 | U47: 0 | V47: 0 | W47: 0 | X47: 0 | Y47: 0 | Z47: 0 | AA47: 0 | AB47: 0 | AC47: 0 | AD47: 0 | AE47: 0 | AF47: 0 | AG47: 0 | AH47: 0 | AI47: 0 | AJ47: 0 | AK47: 0 | AL47: 0 | AM47: 0 | AN47: 0
C48: 1910N | D48: Non-Licensed | E48: 0 | F48: 0 | G48: 0 | H48: 0 | I48: 0 | J48: 0 | K48: 0 | L48: 0 | M48: 0 | N48: 0 | O48: 0 | P48: 0 | Q48: 0 | R48: 0 | S48: 0 | T48: 0 | U48: 0 | V48: 0 | W48: 0 | X48: 0 | Y48: 0 | Z48: 0 | AA48: 0 | AB48: 0 | AC48: 0 | AD48: 0 | AE48: 0 | AF48: 0 | AG48: 0 | AH48: 0 | AI48: 0 | AJ48: 0 | AK48: 0 | AL48: 0 | AM48: 0 | AN48: 0
D49: Total | E49: 0 | F49: 0 | G49: 0 | H49: 0 | I49: 0 | J49: 0 | K49: 0 | L49: 0 | M49: 0 | N49: 0 | O49: 0 | P49: 0 | Q49: 0 | R49: 0 | S49: 0 | T49: 0 | U49: 0 | V49: 0 | W49: 0 | X49: 0 | Y49: 0 | Z49: 0 | AA49: 0 | AB49: 0 | AC49: 0 | AD49: 0 | AE49: 0 | AF49: 0 | AG49: 0 | AH49: 0 | AI49: 0 | AJ49: 0 | AK49: 0 | AL49: 0 | AM49: 0 | AN49: 0
A50: 1000 | B50: Instruction | C50: 920 | D50: Athletics
C51: 1920L | D51: Licensed | E51: 0 | F51: 0 | G51: 0 | H51: 0 | I51: 0 | J51: 0 | K51: 0 | L51: 0 | M51: 0 | N51: 0 | O51: 0 | P51: 0 | Q51: 0 | R51: 0 | S51: 0 | T51: 0 | U51: 0 | V51: 0 | W51: 0 | X51: 0 | Y51: 0 | Z51: 0 | AA51: 0 | AB51: 0 | AC51: 0 | AD51: 0 | AE51: 0 | AF51: 0 | AG51: 0 | AH51: 0 | AI51: 0 | AJ51: 0 | AK51: 0 | AL51: 0 | AM51: 0 | AN51: 0
C52: 1920N | D52: Non-Licensed | E52: 0 | F52: 0 | G52: 0 | H52: 0 | I52: 0 | J52: 0 | K52: 0 | L52: 0 | M52: 0 | N52: 0 | O52: 0 | P52: 0 | Q52: 0 | R52: 0 | S52: 0 | T52: 0 | U52: 0 | V52: 0 | W52: 0 | X52: 0 | Y52: 0 | Z52: 0 | AA52: 0 | AB52: 0 | AC52: 0 | AD52: 0 | AE52: 0 | AF52: 0 | AG52: 0 | AH52: 0 | AI52: 0 | AJ52: 0 | AK52: 0 | AL52: 0 | AM52: 0 | AN52: 0
D53: Total | E53: 0 | F53: 0 | G53: 0 | H53: 0 | I53: 0 | J53: 0 | K53: 0 | L53: 0 | M53: 0 | N53: 0 | O53: 0 | P53: 0 | Q53: 0 | R53: 0 | S53: 0 | T53: 0 | U53: 0 | V53: 0 | W53: 0 | X53: 0 | Y53: 0 | Z53: 0 | AA53: 0 | AB53: 0 | AC53: 0 | AD53: 0 | AE53: 0 | AF53: 0 | AG53: 0 | AH53: 0 | AI53: 0 | AJ53: 0 | AK53: 0 | AL53: 0 | AM53: 0 | AN53: 0
A54: 1000 | B54: Instruction | C54: X40 | D54: Summer School
C55: 1x40L | D55: Licensed | E55: 0 | F55: 0 | G55: 0 | H55: 0 | I55: 0 | J55: 0 | K55: 0 | L55: 0 | M55: 0 | N55: 0 | O55: 0 | P55: 0 | Q55: 0 | R55: 0 | S55: 0 | T55: 0 | U55: 0 | V55: 0 | W55: 0 | X55: 0 | Y55: 0 | Z55: 0 | AA55: 0 | AB55: 0 | AC55: 0 | AD55: 0 | AE55: 0 | AF55: 0 | AG55: 0 | AH55: 0 | AI55: 0 | AJ55: 0 | AK55: 0 | AL55: 0 | AM55: 0 | AN55: 0
C56: 1x40N | D56: Non-Licensed | E56: 0 | F56: 0 | G56: 0 | H56: 0 | I56: 0 | J56: 0 | K56: 0 | L56: 0 | M56: 0 | N56: 0 | O56: 0 | P56: 0 | Q56: 0 | R56: 0 | S56: 0 | T56: 0 | U56: 0 | V56: 0 | W56: 0 | X56: 0 | Y56: 0 | Z56: 0 | AA56: 0 | AB56: 0 | AC56: 0 | AD56: 0 | AE56: 0 | AF56: 0 | AG56: 0 | AH56: 0 | AI56: 0 | AJ56: 0 | AK56: 0 | AL56: 0 | AM56: 0 | AN56: 0
D57: Total | E57: 0 | F57: 0 | G57: 0 | H57: 0 | I57: 0 | J57: 0 | K57: 0 | L57: 0 | M57: 0 | N57: 0 | O57: 0 | P57: 0 | Q57: 0 | R57: 0 | S57: 0 | T57: 0 | U57: 0 | V57: 0 | W57: 0 | X57: 0 | Y57: 0 | Z57: 0 | AA57: 0 | AB57: 0 | AC57: 0 | AD57: 0 | AE57: 0 | AF57: 0 | AG57: 0 | AH57: 0 | AI57: 0 | AJ57: 0 | AK57: 0 | AL57: 0 | AM57: 0 | AN57: 0
A58: 1000 | B58: Instruction | C58: 0 | D58: Other/Unassigned
C59: 1000L | D59: Licensed | E59: 0 | F59: 0 | G59: 0 | H59: 0 | I59: 0 | J59: 0 | K59: 0 | L59: 0 | M59: 0 | N59: 0 | O59: 0 | P59: 0 | Q59: 0 | R59: 0 | S59: 0 | T59: 0 | U59: 0 | V59: 0 | W59: 0 | X59: 0 | Y59: 0 | Z59: 0 | AA59: 0 | AB59: 0 | AC59: 0 | AD59: 0 | AE59: 0 | AF59: 0 | AG59: 0 | AH59: 0 | AI59: 0 | AJ59: 0 | AK59: 0 | AL59: 0 | AM59: 0 | AN59: 0
C60: 1000N | D60: Non-Licensed | E60: 0 | F60: 0 | G60: 0 | H60: 0 | I60: 0 | J60: 0 | K60: 0 | L60: 0 | M60: 0 | N60: 0 | O60: 0 | P60: 0 | Q60: 0 | R60: 0 | S60: 0 | T60: 0 | U60: 0 | V60: 0 | W60: 0 | X60: 0 | Y60: 0 | Z60: 0 | AA60: 0 | AB60: 0 | AC60: 0 | AD60: 0 | AE60: 0 | AF60: 0 | AG60: 0 | AH60: 0 | AI60: 0 | AJ60: 0 | AK60: 0 | AL60: 0 | AM60: 0 | AN60: 0
D61: Total | E61: 0 | F61: 0 | G61: 0 | H61: 0 | I61: 0 | J61: 0 | K61: 0 | L61: 0 | M61: 0 | N61: 0 | O61: 0 | P61: 0 | Q61: 0 | R61: 0 | S61: 0 | T61: 0 | U61: 0 | V61: 0 | W61: 0 | X61: 0 | Y61: 0 | Z61: 0 | AA61: 0 | AB61: 0 | AC61: 0 | AD61: 0 | AE61: 0 | AF61: 0 | AG61: 0 | AH61: 0 | AI61: 0 | AJ61: 0 | AK61: 0 | AL61: 0 | AM61: 0 | AN61: 0
A62: TOTAL INSTRUCTIONAL STAFF
D63: Licensed | E63: 245.3 | F63: 242.6 | G63: 241.6 | H63: 241.6 | I63: 7 | J63: 7 | K63: 7 | L63: 7 | M63: 1 | N63: 1 | O63: 1 | P63: 1 | Q63: 2 | R63: 4.5 | S63: 7.5 | T63: 7.5 | U63: 46.5 | V63: 49.8 | W63: 49.8 | X63: 49.8 | Y63: 0 | Z63: 0 | AA63: 0 | AB63: 0 | AC63: 0 | AD63: 0 | AE63: 0 | AF63: 0 | AG63: 5.22 | AH63: 5.22 | AI63: 5.22 | AJ63: 5.22 | AK63: 307.02 | AL63: 310.12 | AM63: 312.12 | AN63: 312.12
D64: Non-Licensed | E64: 29.63 | F64: 33.97 | G64: 33.97 | H64: 33.97 | I64: 0 | J64: 0 | K64: 0 | L64: 0 | M64: 0 | N64: 0 | O64: 0 | P64: 0 | Q64: 0 | R64: 0 | S64: 0 | T64: 0 | U64: 60.82 | V64: 65.94 | W64: 65.94 | X64: 65.94 | Y64: 0 | Z64: 0 | AA64: 0 | AB64: 0 | AC64: 0 | AD64: 0 | AE64: 0 | AF64: 0 | AG64: 6.06 | AH64: 6.06 | AI64: 6.06 | AJ64: 6.06 | AK64: 96.51 | AL64: 105.97 | AM64: 105.97 | AN64: 105.97
D65: Total | E65: 274.93 | F65: 276.57 | G65: 275.57 | H65: 275.57 | I65: 7 | J65: 7 | K65: 7 | L65: 7 | M65: 1 | N65: 1 | O65: 1 | P65: 1 | Q65: 2 | R65: 4.5 | S65: 7.5 | T65: 7.5 | U65: 107.32 | V65: 115.74 | W65: 115.74 | X65: 115.74 | Y65: 0 | Z65: 0 | AA65: 0 | AB65: 0 | AC65: 0 | AD65: 0 | AE65: 0 | AF65: 0 | AG65: 11.28 | AH65: 11.28 | AI65: 11.28 | AJ65: 11.28 | AK65: 403.53 | AL65: 416.09 | AM65: 418.09 | AN65: 418.09
A67: INSTRUCTIONAL SUPPORT STAFF
A68: 2100 | B68: Student Support
C69: 2100L | D69: Licensed | E69: 22 | F69: 22 | G69: 22 | H69: 22 | I69: 0 | J69: 0 | K69: 0 | L69: 0 | M69: 0 | N69: 0 | O69: 0 | P69: 0 | Q69: 0 | R69: 0 | S69: 0 | T69: 0 | U69: 9.6 | V69: 9.6 | W69: 9.6 | X69: 9.6 | Y69: 0 | Z69: 0 | AA69: 0 | AB69: 0 | AC69: 0 | AD69: 0 | AE69: 0 | AF69: 0 | AG69: 5 | AH69: 5 | AI69: 5 | AJ69: 5 | AK69: 36.6 | AL69: 36.6 | AM69: 36.6 | AN69: 36.6
C70: 2100N | D70: Non-Licensed | E70: 13.08 | F70: 13.08 | G70: 13.08 | H70: 13.08 | I70: 0 | J70: 0 | K70: 0 | L70: 0 | M70: 0 | N70: 0 | O70: 0 | P70: 0 | Q70: 0 | R70: 0 | S70: 0 | T70: 0 | U70: 1 | V70: 1 | W70: 1 | X70: 1 | Y70: 0 | Z70: 0 | AA70: 0 | AB70: 0 | AC70: 0 | AD70: 0 | AE70: 0 | AF70: 0 | AG70: 1.3 | AH70: 1.3 | AI70: 1.3 | AJ70: 1.3 | AK70: 15.38 | AL70: 15.38 | AM70: 15.38 | AN70: 15.38
D71: Total | E71: 35.08 | F71: 35.08 | G71: 35.08 | H71: 35.08 | I71: 0 | J71: 0 | K71: 0 | L71: 0 | M71: 0 | N71: 0 | O71: 0 | P71: 0 | Q71: 0 | R71: 0 | S71: 0 | T71: 0 | U71: 10.6 | V71: 10.6 | W71: 10.6 | X71: 10.6 | Y71: 0 | Z71: 0 | AA71: 0 | AB71: 0 | AC71: 0 | AD71: 0 | AE71: 0 | AF71: 0 | AG71: 6.3 | AH71: 6.3 | AI71: 6.3 | AJ71: 6.3 | AK71: 51.98 | AL71: 51.98 | AM71: 51.98 | AN71: 51.98
A72: 2200 | B72: Instructional Staff Support
C73: 2200L | D73: Licensed | E73: 6.3 | F73: 6.3 | G73: 6.3 | H73: 6.3 | I73: 0 | J73: 0 | K73: 0 | L73: 0 | M73: 0 | N73: 0 | O73: 0 | P73: 0 | Q73: 0 | R73: 0 | S73: 0 | T73: 0 | U73: 0 | V73: 0 | W73: 0 | X73: 0 | Y73: 0 | Z73: 0 | AA73: 0 | AB73: 0 | AC73: 0 | AD73: 0 | AE73: 0 | AF73: 0 | AG73: 11.5 | AH73: 21 | AI73: 11.5 | AJ73: 2 | AK73: 17.8 | AL73: 27.3 | AM73: 17.8 | AN73: 8.3
C74: 2200N | D74: Non-Licensed | E74: 8.13 | F74: 8.13 | G74: 8.13 | H74: 8.13 | I74: 0 | J74: 0 | K74: 0 | L74: 0 | M74: 0 | N74: 0 | O74: 0 | P74: 0 | Q74: 0 | R74: 0 | S74: 0 | T74: 0 | U74: 0 | V74: 0 | W74: 0 | X74: 0 | Y74: 0 | Z74: 0 | AA74: 0 | AB74: 0 | AC74: 0 | AD74: 0 | AE74: 0 | AF74: 0 | AG74: 0.3 | AH74: 0.3 | AI74: 0.3 | AJ74: 0.3 | AK74: 8.43 | AL74: 8.43 | AM74: 8.43 | AN74: 8.43
D75: Total | E75: 14.43 | F75: 14.43 | G75: 14.43 | H75: 14.43 | I75: 0 | J75: 0 | K75: 0 | L75: 0 | M75: 0 | N75: 0 | O75: 0 | P75: 0 | Q75: 0 | R75: 0 | S75: 0 | T75: 0 | U75: 0 | V75: 0 | W75: 0 | X75: 0 | Y75: 0 | Z75: 0 | AA75: 0 | AB75: 0 | AC75: 0 | AD75: 0 | AE75: 0 | AF75: 0 | AG75: 11.8 | AH75: 21.3 | AI75: 11.8 | AJ75: 2.3 | AK75: 26.23 | AL75: 35.73 | AM75: 26.23 | AN75: 16.73
A76: TOTAL INSTRUCTIONAL STAFF SUPPORT
D77: Licensed | E77: 28.3 | F77: 28.3 | G77: 28.3 | H77: 28.3 | I77: 0 | J77: 0 | K77: 0 | L77: 0 | M77: 0 | N77: 0 | O77: 0 | P77: 0 | Q77: 0 | R77: 0 | S77: 0 | T77: 0 | U77: 9.6 | V77: 9.6 | W77: 9.6 | X77: 9.6 | Y77: 0 | Z77: 0 | AA77: 0 | AB77: 0 | AC77: 0 | AD77: 0 | AE77: 0 | AF77: 0 | AG77: 16.5 | AH77: 26 | AI77: 16.5 | AJ77: 7 | AK77: 54.4 | AL77: 63.9 | AM77: 54.4 | AN77: 44.9
D78: Non-Licensed | E78: 21.21 | F78: 21.21 | G78: 21.21 | H78: 21.21 | I78: 0 | J78: 0 | K78: 0 | L78: 0 | M78: 0 | N78: 0 | O78: 0 | P78: 0 | Q78: 0 | R78: 0 | S78: 0 | T78: 0 | U78: 1 | V78: 1 | W78: 1 | X78: 1 | Y78: 0 | Z78: 0 | AA78: 0 | AB78: 0 | AC78: 0 | AD78: 0 | AE78: 0 | AF78: 0 | AG78: 1.6 | AH78: 1.6 | AI78: 1.6 | AJ78: 1.6 | AK78: 23.81 | AL78: 23.81 | AM78: 23.81 | AN78: 23.81
D79: Total | E79: 49.51 | F79: 49.51 | G79: 49.51 | H79: 49.51 | I79: 0 | J79: 0 | K79: 0 | L79: 0 | M79: 0 | N79: 0 | O79: 0 | P79: 0 | Q79: 0 | R79: 0 | S79: 0 | T79: 0 | U79: 10.6 | V79: 10.6 | W79: 10.6 | X79: 10.6 | Y79: 0 | Z79: 0 | AA79: 0 | AB79: 0 | AC79: 0 | AD79: 0 | AE79: 0 | AF79: 0 | AG79: 18.1 | AH79: 27.6 | AI79: 18.1 | AJ79: 8.6 | AK79: 78.21 | AL79: 87.71 | AM79: 78.21 | AN79: 68.71
A80: ADMINISTRATIVE STAFF
A81: 2300 | B81: General Administration
C82: 2300L | D82: Licensed | E82: 1 | F82: 1 | G82: 1 | H82: 1 | I82: 0 | J82: 0 | K82: 0 | L82: 0 | M82: 0 | N82: 0 | O82: 0 | P82: 0 | Q82: 0 | R82: 0 | S82: 0 | T82: 0 | U82: 0 | V82: 0 | W82: 0 | X82: 0 | Y82: 0 | Z82: 0 | AA82: 0 | AB82: 0 | AC82: 0 | AD82: 0 | AE82: 0 | AF82: 0 | AG82: 0 | AH82: 0 | AI82: 0 | AJ82: 0 | AK82: 1 | AL82: 1 | AM82: 1 | AN82: 1
C83: 2300N | D83: Non-Licensed | E83: 3 | F83: 3 | G83: 3 | H83: 3 | I83: 0 | J83: 0 | K83: 0 | L83: 0 | M83: 0 | N83: 0 | O83: 0 | P83: 0 | Q83: 0 | R83: 0 | S83: 0 | T83: 0 | U83: 0 | V83: 0 | W83: 0 | X83: 0 | Y83: 0 | Z83: 0 | AA83: 0 | AB83: 0 | AC83: 0 | AD83: 0 | AE83: 0 | AF83: 0 | AG83: 0 | AH83: 0 | AI83: 0 | AJ83: 0 | AK83: 3 | AL83: 3 | AM83: 3 | AN83: 3
D84: Total | E84: 4 | F84: 4 | G84: 4 | H84: 4 | I84: 0 | J84: 0 | K84: 0 | L84: 0 | M84: 0 | N84: 0 | O84: 0 | P84: 0 | Q84: 0 | R84: 0 | S84: 0 | T84: 0 | U84: 0 | V84: 0 | W84: 0 | X84: 0 | Y84: 0 | Z84: 0 | AA84: 0 | AB84: 0 | AC84: 0 | AD84: 0 | AE84: 0 | AF84: 0 | AG84: 0 | AH84: 0 | AI84: 0 | AJ84: 0 | AK84: 4 | AL84: 4 | AM84: 4 | AN84: 4
A85: 2400 | B85: School Administration
C86: 2400L | D86: Licensed | E86: 22.5 | F86: 22.5 | G86: 22.5 | H86: 22.5 | I86: 0 | J86: 0 | K86: 0 | L86: 0 | M86: 0 | N86: 0 | O86: 0 | P86: 0 | Q86: 0 | R86: 0 | S86: 0 | T86: 0 | U86: 0 | V86: 0 | W86: 0 | X86: 0 | Y86: 0 | Z86: 0 | AA86: 0 | AB86: 0 | AC86: 0 | AD86: 0 | AE86: 0 | AF86: 0 | AG86: 0 | AH86: 0 | AI86: 0 | AJ86: 0 | AK86: 22.5 | AL86: 22.5 | AM86: 22.5 | AN86: 22.5
C87: 2400N | D87: Non-Licensed | E87: 28.3 | F87: 28.3 | G87: 28.3 | H87: 28.3 | I87: 0 | J87: 0 | K87: 0 | L87: 0 | M87: 0 | N87: 0 | O87: 0 | P87: 0 | Q87: 0 | R87: 0 | S87: 0 | T87: 0 | U87: 0 | V87: 0 | W87: 0 | X87: 0 | Y87: 0 | Z87: 0 | AA87: 0 | AB87: 0 | AC87: 0 | AD87: 0 | AE87: 0 | AF87: 0 | AG87: 0 | AH87: 0 | AI87: 0 | AJ87: 0 | AK87: 28.3 | AL87: 28.3 | AM87: 28.3 | AN87: 28.3
D88: Total | E88: 50.8 | F88: 50.8 | G88: 50.8 | H88: 50.8 | I88: 0 | J88: 0 | K88: 0 | L88: 0 | M88: 0 | N88: 0 | O88: 0 | P88: 0 | Q88: 0 | R88: 0 | S88: 0 | T88: 0 | U88: 0 | V88: 0 | W88: 0 | X88: 0 | Y88: 0 | Z88: 0 | AA88: 0 | AB88: 0 | AC88: 0 | AD88: 0 | AE88: 0 | AF88: 0 | AG88: 0 | AH88: 0 | AI88: 0 | AJ88: 0 | AK88: 50.8 | AL88: 50.8 | AM88: 50.8 | AN88: 50.8
A89: 2500 | B89: Central Services
C90: 2500L | D90: Licensed | E90: 1 | F90: 1 | G90: 1 | H90: 1 | I90: 0 | J90: 0 | K90: 0 | L90: 0 | M90: 0 | N90: 0 | O90: 0 | P90: 0 | Q90: 0 | R90: 0 | S90: 0 | T90: 0 | U90: 0 | V90: 0 | W90: 0 | X90: 0 | Y90: 0 | Z90: 0 | AA90: 0 | AB90: 0 | AC90: 0 | AD90: 0 | AE90: 0 | AF90: 0 | AG90: 0 | AH90: 0 | AI90: 0 | AJ90: 0 | AK90: 1 | AL90: 1 | AM90: 1 | AN90: 1
C91: 2500N | D91: Non-Licensed | E91: 15 | F91: 15 | G91: 15 | H91: 15 | I91: 0 | J91: 0 | K91: 0 | L91: 0 | M91: 0 | N91: 0 | O91: 0 | P91: 0 | Q91: 0 | R91: 0 | S91: 0 | T91: 0 | U91: 0 | V91: 0 | W91: 0 | X91: 0 | Y91: 0 | Z91: 0 | AA91: 0 | AB91: 0 | AC91: 0 | AD91: 0 | AE91: 0 | AF91: 0 | AG91: 0 | AH91: 0 | AI91: 0 | AJ91: 0 | AK91: 15 | AL91: 15 | AM91: 15 | AN91: 15
D92: Total | E92: 16 | F92: 16 | G92: 16 | H92: 16 | I92: 0 | J92: 0 | K92: 0 | L92: 0 | M92: 0 | N92: 0 | O92: 0 | P92: 0 | Q92: 0 | R92: 0 | S92: 0 | T92: 0 | U92: 0 | V92: 0 | W92: 0 | X92: 0 | Y92: 0 | Z92: 0 | AA92: 0 | AB92: 0 | AC92: 0 | AD92: 0 | AE92: 0 | AF92: 0 | AG92: 0 | AH92: 0 | AI92: 0 | AJ92: 0 | AK92: 16 | AL92: 16 | AM92: 16 | AN92: 16
A93: TOTAL ADMINISTRATIVE STAFF
D94: Licensed | E94: 24.5 | F94: 24.5 | G94: 24.5 | H94: 24.5 | I94: 0 | J94: 0 | K94: 0 | L94: 0 | M94: 0 | N94: 0 | O94: 0 | P94: 0 | Q94: 0 | R94: 0 | S94: 0 | T94: 0 | U94: 0 | V94: 0 | W94: 0 | X94: 0 | Y94: 0 | Z94: 0 | AA94: 0 | AB94: 0 | AC94: 0 | AD94: 0 | AE94: 0 | AF94: 0 | AG94: 0 | AH94: 0 | AI94: 0 | AJ94: 0 | AK94: 24.5 | AL94: 24.5 | AM94: 24.5 | AN94: 24.5
D95: Non-Licensed | E95: 46.3 | F95: 46.3 | G95: 46.3 | H95: 46.3 | I95: 0 | J95: 0 | K95: 0 | L95: 0 | M95: 0 | N95: 0 | O95: 0 | P95: 0 | Q95: 0 | R95: 0 | S95: 0 | T95: 0 | U95: 0 | V95: 0 | W95: 0 | X95: 0 | Y95: 0 | Z95: 0 | AA95: 0 | AB95: 0 | AC95: 0 | AD95: 0 | AE95: 0 | AF95: 0 | AG95: 0 | AH95: 0 | AI95: 0 | AJ95: 0 | AK95: 46.3 | AL95: 46.3 | AM95: 46.3 | AN95: 46.3
D96: Total | E96: 70.8 | F96: 70.8 | G96: 70.8 | H96: 70.8 | I96: 0 | J96: 0 | K96: 0 | L96: 0 | M96: 0 | N96: 0 | O96: 0 | P96: 0 | Q96: 0 | R96: 0 | S96: 0 | T96: 0 | U96: 0 | V96: 0 | W96: 0 | X96: 0 | Y96: 0 | Z96: 0 | AA96: 0 | AB96: 0 | AC96: 0 | AD96: 0 | AE96: 0 | AF96: 0 | AG96: 0 | AH96: 0 | AI96: 0 | AJ96: 0 | AK96: 70.8 | AL96: 70.8 | AM96: 70.8 | AN96: 70.8
A97: OTHER STAFF
A98: 2600 | B98: Operation and Maintenance of Plant
C99: 2600L | D99: Licensed | E99: 0 | F99: 0 | G99: 0 | H99: 0 | I99: 0 | J99: 0 | K99: 0 | L99: 0 | M99: 0 | N99: 0 | O99: 0 | P99: 0 | Q99: 0 | R99: 0 | S99: 0 | T99: 0 | U99: 0 | V99: 0 | W99: 0 | X99: 0 | Y99: 0 | Z99: 0 | AA99: 0 | AB99: 0 | AC99: 0 | AD99: 0 | AE99: 0 | AF99: 0 | AG99: 0 | AH99: 0 | AI99: 0 | AJ99: 0 | AK99: 0 | AL99: 0 | AM99: 0 | AN99: 0
C100: 2600N | D100: Non-Licensed | E100: 61.13 | F100: 61.13 | G100: 61.13 | H100: 61.13 | I100: 0 | J100: 0 | K100: 0 | L100: 0 | M100: 0 | N100: 0 | O100: 0 | P100: 0 | Q100: 0 | R100: 0 | S100: 0 | T100: 0 | U100: 0 | V100: 0 | W100: 0 | X100: 0 | Y100: 0 | Z100: 0 | AA100: 0 | AB100: 0 | AC100: 0 | AD100: 0 | AE100: 0 | AF100: 0 | AG100: 0 | AH100: 0 | AI100: 0 | AJ100: 0 | AK100: 61.13 | AL100: 61.13 | AM100: 61.13 | AN100: 61.13
D101: Total | E101: 61.13 | F101: 61.13 | G101: 61.13 | H101: 61.13 | I101: 0 | J101: 0 | K101: 0 | L101: 0 | M101: 0 | N101: 0 | O101: 0 | P101: 0 | Q101: 0 | R101: 0 | S101: 0 | T101: 0 | U101: 0 | V101: 0 | W101: 0 | X101: 0 | Y101: 0 | Z101: 0 | AA101: 0 | AB101: 0 | AC101: 0 | AD101: 0 | AE101: 0 | AF101: 0 | AG101: 0 | AH101: 0 | AI101: 0 | AJ101: 0 | AK101: 61.13 | AL101: 61.13 | AM101: 61.13 | AN101: 61.13
A102: 2700 | B102: Student Transportation
...

Sheet Negotiated Salary Increases
A2: Salary Increases by Bargaining Unit
B3: 2022-23 | C3: $ Increase to GF | D3: 2023-24 | E3: $ Increase to GF | F3: 2024-25 | G3: $ Increase to GF | H3: 2025-26 | I3: $ Increase to GF
A4: DCPEA | B4: 1.5% salary increase + 2% with retro + 3.75% PERS Increase | D4: 11% + 4.4% SB231 | F4: 4% + 4.6% SB231
A5: DCSSO | B5: 1.5% salary increase + 2% with retro | D5: 11% + 4.4% SB231 | F5: 4% + 4.6% SB231
A6: Bus Drivers | B6: 1.5% salary increase + 2% with retro | D6: 11% + 4.4% SB231 | F6: 4% + 4.6% SB231
A7: Administrators | B7: 1.5% salary increase + 2% with retro | D7: 0.11 | F7: 0.04
A8: Unrepresented | B8: 1.5% salary increase + 2% with retro | D8: 11% + 4.4% SB231 | F8: 4% + 4.6% SB231

Sheet SB 231
A2: SB 231 Matching Fund Increase | E2: Estimated
B3: 2023-24 | C3: District Matching $ | D3: 2024-25 | E3: District Matching $ | F3: 2025-26 | G3: District Matching $
A4: DCPEA | B4: 0.044 | C4: 1507622 | D4: 0.046 | E4: 1597408 | F4: 0
A5: DCSSO | B5: 0.044 | C5: 701081 | D5: 0.046 | E5: 731173 | F5: 0
A6: Bus Drivers | B6: 0.044 | D6: 0.046 | F6: 0
A7: Administrators | B7: 0 | C7: 0 | D7: 0 | E7: 0 | F7: 0 | G7: 0
C9: 2208703 | E9: 2328581
A10: Bus Drivers paid from the same account as the classified employees - No breakdown without having to look up every driver to see what was paid
A11: Total amount allocated | B11: 4531925
A12: Salaries & benefits included in total costs
B14: 2208703
B15: 2328581
B17: 4537284
A19: We budgeted to use every penny, and it looks like it will come very close to total amount allocated

Sheet Ending Fund Balance
A2: Ending Fund Balance | C2: Actual | D2: Actual | E2: Estimated | F2: Estimated
C3: 2022-23 | D3: 2023-24 | E3: 2024-25 | F3: 2025-26
A4: GF | C4: 10614028 | D4: 4164952 | E4: 1112539 | F4: 1145552
A6: Inclusive Ed | C6: 552786 | D6: 301262 | E6: 190111 | F6: 261170

Sheet Legal Liabilities
A2: Legal Liabilities
B3: 2023-24 | C3: 2024-25 | D3: 2025-26
A4: Lawsuit Settlements | B4: 110348 | C4: 242547 | D4: 0
A5: Inclusive Ed Settlements | B5: 228373 | C5: 56974 | D5: 78250
A6: Superintendent Payout | B6: 180250 | C6: 15021 | D6: 0
A7: Legal Fees | B7: 320158 | C7: 54318 | D7: 280000
B9: 839129 | C9: 368860 | D9: 358250

Sheet Health Contribution
A2: Health Contribution
B3: 2022-23 | C3: Excess $ | D3: 2023-24 | E3: Excess $ | F3: 2024-25 | G3: Excess $ | H3: 2025-26 | I3: Excess $
A4: District Total Contribution
A5: Hometown Health Employee Coverage | B5: 705 | D5: 705/825 | F5: 825 | H5: 825

Sheet NVPERS
A2: NV PERS
A3: PERS Increase | B3: 2022-23 | C3: $ Increase to GF | D3: 2023-24 | E3: $ Increase to GF | F3: 2024-25 | G3: $ Increase to GF | H3: 2025-26 | I3: $ Increase to GF
A4: Employer/Employee | B4: 15.5 | D4: 17.5 | F4: 17.5 | H4: 19.25
A5: Employer | B5: 29.75 | C5: -407028 | D5: 33.5 | E5: 1761361 | F5: 33.5 | G5: 299348 | H5: 36.75 | I5: 472056
A8: Special Ed | B8: 15.5 | D8: 17.5 | F8: 17.5 | H8: 19.25
B9: 29.75 | C9: 671114 | D9: 33.5 | E9: 437294 | F9: 33.5 | G9: 86461 | H9: 36.75 | I9: 63
A12: All PERS is employer paid costs - Employee pays directly for their portion if Employee/Employer paid
A13: Just showed increase to each fund from year to year for all of PERS
